Workbook
Name B0: 'Données environnement'!$E$21
Name Fosse_non_couvertePré_stockage_lisier_sous_caillebotis: 'OAD coût CO2 épargné'!$BJ$51:$BJ$53
Name Pré_stockage_lisier_sous_caillebotis: 'OAD coût CO2 épargné'!$BJ$51:$BJ$53
Name Raclage_à_plat_quotidien: 'OAD coût CO2 épargné'!$BJ$52:$BJ$53

Sheet OAD coût CO2 épargné
B1: Coût de l'épargne des émissions directes de GES(*) en élevage
B2: par une adaptation des pratiques de gestion des déjections animales
D5: Nature des productions animales sur le site d'élevage | J5: V 1.0 | BD5: ZONE A MASQUER
D7: Gestion des déjections CONDUITES STANDARD | G7: Emissions t Eq. CO2/an | J7: Gestion des déjections CONDUITES ALTERNATIVES | M7: Suggestion paramètres économiques | BI7: A conserver ci-dessous pour les menus déroulants
C8: Catégorie d'animal | D8: en bâtiment | E8: Animaux présents ou places | G8: Conduite standard | H8: Conduites alternatives | J8: En bâtiment (menus déroulants hors situations uniques) | K8: Mode de gestion/valorisation des effluents en sortie de bâtiment | M8: Méthanisation psychrophile + chaudière | BD8: Qté de déjection (en t/an) | BE8: MO/MB | BF8: BMP | BG8: Production énergie (kWh/an) | BI8: Menus déroulants
B9: BOVINS | C9: Vaches laitières | D9: Logette lisier raclage 6 à 8 fois/j | G9: ='Calcul simpl bovin'!AV12/1000*'OAD coût CO2 épargné'!E9 -> 0 | H9: =IF(K9="Métha. psychrophile + chaudière", 'Calcul simpl bovin'!AV13/1000*'OAD coût CO2 épargné'!E9, IF(K9="Métha. mésophile + cogé.", 'Calcul simpl bovin'!AV14/1000*'OAD coût CO2 épargné'!E9, "")) -> 0 | J9: Logette raclage > 12 fois/j | K9: Métha. psychrophile + chaudière | M9: Investissement | N9: =-0.0002*(BD28)^2+8.7*BD28+67875 -> 112992.11 | O9: € | BD9: =0.06*365*E9 -> 0 | BE9: 0.078 | BF9: 234 | BG9: =BD9*BE9*BF9*9.95*'Données Production '!$B$30 -> 0 | BI9: BOVINS | BJ9: Catégorie | BK9: Bâtiment | BL9: Extérieur | BM9: Code
C10: Vaches laitières | D10: Logette fumier raclé | G10: ='Calcul simpl bovin'!AV15/1000*'OAD coût CO2 épargné'!E10 -> 0 | H10: =IF(K10="Métha. mésophile + cogé.", 'Calcul simpl bovin'!AV16/1000*'OAD coût CO2 épargné'!E10, IF(K10="Méthanisation collective", 'Calcul simpl bovin'!AV17/1000*'OAD coût CO2 épargné'!E10, "")) -> 0 | K10: Méthanisation collective | M10: Fonctionnement | N10: =0.125*BD28+2250 -> 3002.325 | O10: €/an | BE10: 0.144 | BF10: 273 | BG10: =BD10*BE10*BF10*9.95*'Données Production '!$B$30 -> 0 | BJ10: VL | BK10: Logette lisier raclage 6 à 8 fois/j | BL10: Fosse non couverte | BM10: VL1
C11: Vaches laitières | D11: Litière accumulé (1 curage/3 sem.) | G11: ='Calcul simpl bovin'!AV18/1000*'OAD coût CO2 épargné'!E11 -> 0 | H11: ='Calcul simpl bovin'!AV19/1000*'OAD coût CO2 épargné'!E11 -> 0 | J11: Litière accumulée (1 curage/semaine) | K11: Méthanisation collective | M11: Méthanisation mésophile + cogénération | BD11: =0.037*365*E11 -> 0 | BE11: 0.212 | BF11: 151 | BG11: =BD11*BE11*BF11*9.95*'Données Production '!$B$30 -> 0 | BJ11: VL | BK11: Logette lisier raclage > 12 fois/j | BL11: Métha. psychrophile + chaudière | BM11: VL2
C12: Génisses | D12: Logette lisier raclage 6 à 8 fois/j | G12: ='Calcul simpl bovin'!AV25/1000*'OAD coût CO2 épargné'!E12 -> 0 | H12: =IF(K12="Métha. psychrophile + chaudière", 'Calcul simpl bovin'!AV26/1000*'OAD coût CO2 épargné'!E12, IF(K12="Métha. mésophile + cogé.", 'Calcul simpl bovin'!AV27/1000*'OAD coût CO2 épargné'!E12, "")) -> 0 | J12: Logette lisier raclage > 12 fois/j | K12: Métha. mésophile + cogé. | M12: Puissance installée | N12: =BG29/8000*N16/100 -> 27.064672 | O12: kWe | BD12: =0.06*0.75*365*E12 -> 0 | BE12: 0.251 | BF12: 234 | BG12: =BD12*BE12*BF12*9.95*'Données Production '!$B$30 -> 0 | BJ12: VL | BK12: Logette lisier raclage > 12 fois/j | BL12: Métha. mésophile + cogé. | BM12: VL3
C13: Génisses | D13: Logette fumier raclé | G13: ='Calcul simpl bovin'!AV28/1000*'OAD coût CO2 épargné'!E13 -> 0 | H13: =IF(K13="Métha. mésophile + cogé.", 'Calcul simpl bovin'!AV29/1000*'OAD coût CO2 épargné'!E13, IF(K13="Méthanisation collective", 'Calcul simpl bovin'!AV30/1000*'OAD coût CO2 épargné'!E13, "")) -> 0 | J13: Logette fumier raclée | K13: Méthanisation collective | M13: Investissement | N13: =(0.7319*N12^2-156.72*N12+16957)*N12 -> 358648.55 | O13: € | BD13: =0.046*0.75*365*E13 -> 0 | BE13: 0.251 | BF13: 273 | BG13: =BD13*BE13*BF13*9.95*'Données Production '!$B$30 -> 0 | BJ13: VL | BK13: Logette fumier raclée | BL13: fumière | BM13: VL4
C14: Génisses | D14: Litière accumulé (1 curage/3 à 6 mois) | G14: ='Calcul simpl bovin'!AV31/1000*'OAD coût CO2 épargné'!E14 -> 0 | H14: ='Calcul simpl bovin'!AV32/1000*'OAD coût CO2 épargné'!E14 -> 0 | J14: Litière accumulée (1 curage/semaine) | K14: Méthanisation collective | M14: Fonctionnement | N14: =BG29*N16/100*0.11 -> 23816.912 | O14: €/an | BF14: 163 | BG14: =BD14*BE14*BF14*9.95*'Données Production '!$B$30 -> 0 | BJ14: VL | BK14: Logette fumier raclée | BL14: Métha. mésophile + cogé. | BM14: VL5
C15: Vaches allaitantes | D15: Litière accumulé (1 curage/3 à 6 mois) | G15: ='Calcul simpl bovin'!AV20/1000*'OAD coût CO2 épargné'!E15 -> 0 | H15: ='Calcul simpl bovin'!AV21/1000*'OAD coût CO2 épargné'!E15 -> 0 | M15: Valorisation kWh produit/épargné | N15: 21 | O15: ct€/kWh | BD15: =0.037*0.8*365*E15 -> 0 | BE15: 0.208 | BF15: 189 | BG15: =BD15*BE15*BF15*9.95*'Données Production '!$B$30 -> 0 | BJ15: VL | BK15: Logette fumier raclée | BL15: Méthanisation collective | BM15: VL6
C16: Taurillons | D16: Litière accumulé (1 curage/3 à 6 mois) | G16: ='Calcul simpl bovin'!AV33/1000*'OAD coût CO2 épargné'!E16 -> 0 | H16: ='Calcul simpl bovin'!AV34/1000*'OAD coût CO2 épargné'!E16 -> 0 | M16: Rendement cogénérateur | N16: 33 | O16: % | BD16: =0.037*0.7*365*E16 -> 0 | BE16: 0.217 | BF16: 264 | BG16: =BD16*BE16*BF16*9.95*'Données Production '!$B$30 -> 0 | BJ16: VL | BK16: Litière accumulée (1 curage/3 sem.) | BL16: fumière/au champs | BM16: VL7
C17: Veaux de boucherie | D17: Lisier préfosse | G17: ='Calcul simpl bovin'!AV22/1000*'OAD coût CO2 épargné'!E17 -> 0 | H17: =IF(K17="Métha. psychrophile + chaudière", 'Calcul simpl bovin'!AV23/1000*'OAD coût CO2 épargné'!E17, IF(K17="Métha. mésophile + cogé.", 'Calcul simpl bovin'!AV24/1000*'OAD coût CO2 épargné'!E17, "")) -> 0 | J17: Pompage quotidien | K17: Métha. mésophile + cogé. | M17: Recettes ou épargne | N17: =BG29*N16/100*N15/100 -> 45468.649 | O17: €/an | BD17: =0.001*365*E17 -> 0 | BE17: 0.66 | BF17: 463 | BG17: =BD17*BE17*BF17*9.95*'Données Production '!$B$30 -> 0 | BJ17: VL | BK17: Litière accumulée (1 curage/sem.) | BL17: Méthanisation collective | BM17: VL8
M18: Compostage fumiers volailles | BJ18: Génisses | BK18: Logette lisier raclage 6 à 8 fois/j | BL18: Fosse non couverte | BM18: G1
B19: PORCINS | C19: Porcs charcutiers | D19: Lisier stocké en préfosse | E19: 2500 | G19: =' Calcul simpl porc'!AN8/1000*E19 -> 859.27371 | H19: =IF(J19="Pré_stockage_lisier_sous_caillebotis",IF(K19="Fosse non couverte", ' Calcul simpl porc'!AN8/1000*'OAD coût CO2 épargné'!E19, 0),0)+IF(J19="Pré_stockage_lisier_sous_caillebotis",IF(K19="Métha. psychrophile + chaudière", ' Calcul simpl porc'!AN9/1000*'OAD coût CO2 épargné'!E19, 0),0)+IF(J19="Pré_stockage_lisier_sous_caillebotis",IF(K19="Métha. mésophile + cogé.", ' Calcul simpl porc'!AN10/1000*'OAD coût CO2 épargné'!E19, 0),0) + IF(J19="Raclage_à_plat_quotidien",IF(K19="Métha. mésophile + cogé.", ' Calcul simpl porc'!AN11/1000*'OAD coût CO2 épargné'!E19, 0),0)+ IF(J19="Raclage_à_plat_quotidien",IF(K19="Métha. psychrophile + chaudière", ' Calcul simpl porc'!AN12/1000*'OAD coût CO2 épargné'!E19, 0),0) -> 269.36296 | J19: Raclage_à_plat_quotidien | K19: Métha. psychrophile + chaudière | M19: Investissement | N19: =(E23/'Données Production '!H7+E24/'Données Production '!I7)*24.5 -> 0 | O19: € | BD19: =E19*0.48*2.9 -> 3480 | BE19: 0.0459 | BF19: 333 | BG19: =BD19*BE19*BF19*9.95*'Données Production '!$B$30 -> 529248.02 | BJ19: Génisses | BK19: Logette lisier raclage > 12 fois/j | BL19: Métha. psychrophile + chaudière | BM19: G2
C20: Truies | D20: Lisier stocké en préfosse | E20: 300 | G20: =' Calcul simpl porc'!AN13/1000*E20 -> 138.08558 | H20: =IF(J20="Pré_stockage_lisier_sous_caillebotis",IF(K20="Fosse non couverte", ' Calcul simpl porc'!AN13/1000*'OAD coût CO2 épargné'!E20, 0),0)+IF(J20="Pré_stockage_lisier_sous_caillebotis",IF(K20="Métha. psychrophile + chaudière", ' Calcul simpl porc'!AN14/1000*'OAD coût CO2 épargné'!E20, 0),0)+IF(J20="Pré_stockage_lisier_sous_caillebotis",IF(K20="Métha. mésophile + cogé.", ' Calcul simpl porc'!AN15/1000*'OAD coût CO2 épargné'!E20, 0),0) + IF(J20="Raclage_à_plat_quotidien",IF(K20="Métha. mésophile + cogé.", ' Calcul simpl porc'!AN17/1000*'OAD coût CO2 épargné'!E20, 0),0)+ IF(J20="Raclage_à_plat_quotidien",IF(K20="Métha. psychrophile + chaudière", ' Calcul simpl porc'!AN16/1000*'OAD coût CO2 épargné'!E20, 0),0) -> 110.71182 | J20: Pré_stockage_lisier_sous_caillebotis | K20: Métha. psychrophile + chaudière | BD20: =E20*6.2 -> 1860 | BE20: 0.0117 | BF20: 151 | BG20: =BD20*BE20*BF20*9.95*'Données Production '!$B$30 -> 32696.317 | BJ20: Génisses | BK20: Logette lisier raclage > 12 fois/j | BL20: Métha. mésophile + cogé. | BM20: G3
C21: Post-sevrage | D21: Lisier stocké en préfosse | E21: 1160 | G21: =' Calcul simpl porc'!AN18/1000*E21 -> 146.07287 | H21: =IF(J21="Pré_stockage_lisier_sous_caillebotis",IF(K21="Fosse non couverte", ' Calcul simpl porc'!AN18/1000*'OAD coût CO2 épargné'!E21, 0),0)+IF(J21="Pré_stockage_lisier_sous_caillebotis",IF(K21="Métha. psychrophile + chaudière", ' Calcul simpl porc'!AN19/1000*'OAD coût CO2 épargné'!E21, 0),0)+IF(J21="Pré_stockage_lisier_sous_caillebotis",IF(K21="Métha. mésophile + cogé.", ' Calcul simpl porc'!AN20/1000*'OAD coût CO2 épargné'!E21, 0),0) + IF(J21="Raclage_à_plat_quotidien",IF(K21="Métha. mésophile + cogé.", ' Calcul simpl porc'!AN22/1000*'OAD coût CO2 épargné'!E21, 0),0)+ IF(J21="Raclage_à_plat_quotidien",IF(K21="Métha. psychrophile + chaudière", ' Calcul simpl porc'!AN21/1000*'OAD coût CO2 épargné'!E21, 0),0) -> 91.78977 | J21: Pré_stockage_lisier_sous_caillebotis | K21: Métha. psychrophile + chaudière | M21: Paramètres économiques à retenir | BD21: =E21*6.5*0.09 -> 678.6 | BE21: 0.049 | BF21: 389 | BG21: =BD21*BE21*BF21*9.95*'Données Production '!$B$30 -> 128701.21 | BJ21: Génisses | BK21: Logette fumier raclée | BL21: fumière | BM21: G4
M22: Coûts étape de méthanisation et valorisation du biogaz | BJ22: Génisses | BK22: Logette fumier raclée | BL22: Métha. mésophile + cogé. | BM22: G5
B23: VOLAILLES | C23: Poulets de chair | D23: Fumier accumulé | G23: ='Calcul simpl volaille'!BD11/1000*'OAD coût CO2 épargné'!E23 -> 0 | H23: =IF(K23="Compostage", 'Calcul simpl volaille'!BD12/1000*'OAD coût CO2 épargné'!E23, IF(K23="Méthanisation collective", 'Calcul simpl volaille'!BD13/1000*'OAD coût CO2 épargné'!E23, "")) -> 0 | J23: Fumier accumulé | K23: Compostage | M23: Investissement | N23: 113000 | O23: € | BD23: =0.385*7.1*E23/21.3 -> 0 | BE23: 0.518 | BF23: 316 | BG23: =BD23*BE23*BF23*9.95*'Données Production '!$B$30 -> 0 | BJ23: Génisses | BK23: Logette fumier raclée | BL23: Méthanisation collective | BM23: G6
C24: Canards PAG | D24: Fumier accumulé | G24: ='Calcul simpl volaille'!BD14/1000*'OAD coût CO2 épargné'!E24 -> 0 | H24: =IF(K24="Compostage", 'Calcul simpl volaille'!BD15/1000*'OAD coût CO2 épargné'!E24, IF(K24="Méthanisation collective", 'Calcul simpl volaille'!BD16/1000*'OAD coût CO2 épargné'!E24, "")) -> 0 | K24: Compostage | M24: Taux de subvention | N24: 40 | O24: % | BD24: =E24*0.02*'Données Production '!I8 -> 0 | BE24: 0.247 | BF24: 245 | BG24: =BD24*BE24*BF24*9.95*'Données Production '!$B$30 -> 0 | BJ24: Génisses | BK24: Litière accumulée (1 curage/3 à 6 mois) | BL24: fumière/au champs | BM24: G7
C25: Canards au gavage | D25: Lisier stocké en préfosse | G25: ='Calcul simpl volaille'!BD9/1000*'OAD coût CO2 épargné'!E25 -> 0 | H25: ='Calcul simpl volaille'!BD10/1000*'OAD coût CO2 épargné'!E25 -> 0 | J25: Raclage quotidien | K25: Métha. psychrophile + chaudière | M25: Fonctionnement | N25: 3000 | O25: €/an | BD25: =0.0265*E25*'Données Production '!J8 -> 0 | BE25: 0.0611 | BF25: 380 | BG25: =BD25*BE25*BF25*9.95*'Données Production '!$B$30 -> 0 | BJ25: Génisses | BK25: Litière accumulée (1 curage/sem.) | BL25: Méthanisation collective | BM25: G8
C26: Canard à rôtir | D26: Lisier stocké en préfosse | G26: ='Calcul simpl volaille'!BD7/1000*'OAD coût CO2 épargné'!E26 -> 0 | H26: ='Calcul simpl volaille'!BD8/1000*'OAD coût CO2 épargné'!E26 -> 0 | M26: Recettes ou épargne | N26: 10000 | O26: €/an | BD26: =(0.0172+0.009)*E26*'Données Production '!K8 -> 0 | BE26: 0.0884 | BF26: 400 | BG26: =BD26*BE26*BF26*9.95*'Données Production '!$B$30 -> 0 | BJ26: Vache All. | BK26: Litière accumulée (1 curage/3 à 6 mois) | BL26: fumière/au champs | BM26: VA1
M27: Surcoût d'investissement raclage à plat bâtiment porc | BJ27: Vache All. | BK27: Litière accumulée (1 curage/sem.) | BL27: Méthanisation collective | BM27: VA2
D28: RESULTATS | M28: Engraissement | N28: 60 | O28: €/place | BD28: =SUM(BD9:BD26) -> 6018.6 | BE28: t/an | BG28: =SUM(BG9:BG26) -> 690645.55 | BH28: kWe brut produit | BJ28: Taurillon | BK28: Litière accumulée (1 curage/3 à 6 mois) | BL28: fumière/au champs | BM28: Ta1
M29: Gestante | O29: €/place | BG29: =BG28*(1-N40/100)*N42/100 -> 656113.27 | BH29: KWe collecté et vendu | BJ29: Taurillon | BK29: Litière accumulée (1 curage/sem.) | BL29: Méthanisation collective | BM29: Ta2
E30: TOTAUX | G30: =SUM(G9:G26) -> 1143.4322 | H30: =SUM(H9:H26)+(G30-SUM(H9:H26))*(1-N42/100) -> 471.86455 | J30: t Eq. CO2/an | M30: Post-sevrage | O30: €/place | BJ30: Veau bouch. | BK30: Lisier préfosse | BL30: Fosse non couverte | BM30: VB1
E31: Différence | H31: =(H30-G30)/G30*100 -> -58.732615 | J31: % | M31: Total raclage | N31: =E19*N28+E20*N29+E21*N30 -> 150000 | O31: € | BJ31: Veau bouch. | BK31: Pompage quotidien | BL31: Métha. psychrophile + chaudière | BM31: VB2
E32: Estimation coût à la t Eq. CO2 épargné | H32: =(-PMT(N37/100,N36,(N23*(1-N24/100)+N31+N33))+N25-N26+N34)/(G30-H30) -> 20.2438 | J32: €/t Eq. CO2 | M32: Autres coûts | BJ32: Veau bouch. | BK32: Pompage quotidien | BL32: Métha. mésophile + cogé. | BM32: VB3
M33: Investissement | O33: €
B34: (*) Emissions directes de GES: Gaz à Effet de Serre issues des fermentations entériques et des déjections animales, émissions de CH4 et N2O traduites en équivalent CO2 | M34: Fonctionnement | O34: €/an | BI34: VOLAILLES | BJ34: Catégorie | BK34: Bâtiment | BL34: Extérieur | BM34: Code
B35: Version 1.0 - Projet ABILE2 (Améliorer le Bilan Environnemental d'une Exploitation par la méthanisation des déjections animales - Impact des pratiques d'élevage) | M35: Indicateurs financiers | BJ35: Canard PAG | BK35: Fumier accumulé | BL35: fumière/au champs | BM35: CPAG1
B36: Etude menée avec le soutien financier du Casdar. La responsabilité du ministère chargé de l'agriculture ne saurait être engagée. | M36: Durée d'amortissement | N36: 12 | O36: ans | BJ36: Canard PAG | BK36: Fumier accumulé | BL36: Compostage | BM36: CPAG2
M37: taux d'emprunt | N37: 2 | O37: % | BJ37: Canard PAG | BK37: Fumier accumulé | BL37: Méthanisation collective | BM37: CPAG3
BJ38: Volaille chair | BK38: Fumier accumulé | BL38: fumière/au champs | BM38: VC1
M39: Paramètres techniques à retenir | BJ39: Volaille chair | BK39: Fumier accumulé | BL39: Compostage | BM39: VC2
M40: Fuites biogaz lors de la méthanisation | N40: 5 | O40: % | BJ40: Volaille chair | BK40: Fumier accumulé | BL40: Méthanisation collective | BM40: VC3
M41: Taux de couverture métha. psychrophile | N41: 90 | O41: % | BJ41: Canard gavage | BK41: Lisier préfosse | BL41: Fosse non couverte | BM41: CG1
M42: Taux de combustion du biogaz collectable | N42: 100 | O42: % | BJ42: Canard gavage | BK42: Raclage quotidien | BL42: Méthanisation psy + chaudière | BM42: CG2
M43: Taux d'expression BMP métha. psychrophile | N43: 29 | O43: % | BJ43: Canard à rôtir | BK43: Lisier préfosse | BL43: Fosse non couverte | BM43: CR1
M44: Taux d'expression BMP métha. mésophile | N44: 100 | O44: % | BJ44: Canard à rôtir | BK44: Raclage quotidien | BL44: Méthanisation psy + chaudière | BM44: CR2
BI46: Listes déroulantes porc :
BJ48: Pré_stockage_lisier_sous_caillebotis
BJ49: Raclage_à_plat_quotidien
BJ51: Fosse non couverte
BJ52: Métha. psychrophile + chaudière
BJ53: Métha. mésophile + cogé.

Sheet Calcul simpl volaille
B1: Volaille | C1: Conduite d'élevage | P1: Stockage/ Traitement | AI1: Valorisation du biométhane | AS1: Epandage
D4: Matière excrétée en kg/animal/an dans le bâtiment | H4: Emissions kg/place/an batiment (et stockage pour N2O et CH4 pour les effluents bruts) | L4: Bilan entrée (scénario méthanisation) ou fin de stockage (autres scénarios) | Q4: Emissions au stockage kg/animal/an | V4: Bilan "Entrée effluents" | Z4: Emissions due au processus de méthanisation kg/animal/an | AE4: Due au transport des effluents kg | AF4: Production brute gaz lors de la méthanisation | AJ4: Emissions lors de la valorisation du biométhane en kg/animal/an | AO4: Bilan de matière sortie de traitement | AS4: Emissions au stockage en kg/animal/an | AW4: Emissions épandage du digestat kg/animal/an | BA4: Equivalent CO2 (en kg/emplacement/an)
R5: (uniquement effluents bruts) | AW5: R1 | AX5: R2 | AY5: R3 | BA5: Issu | BB5: issu | BC5: issu | BD5: Soit Eq.
D6: MO | E6: N | F6: BMP m3/kg de SV | G6: TAN | H6: N2O | I6: CH4 | J6: NH3 | K6: CO2 | L6: MO | M6: N | N6: BMP m3/kg de SV | O6: TAN | Q6: N2O | R6: CH4 | S6: NH3 | T6: CO2 | V6: MO | W6: BMP m3 de CH4/kg de SV | X6: N stocké | Y6: TAN | Z6: N2O | AA6: CH4 | AB6: NH3 | AC6: CO2 | AD6: eqCO2 | AE6: eq CO2 | AF6: biométhane m3/animal/an | AG6: CO2 m3/animal/an | AH6: Biogaz m3/animal/an | AJ6: N2O | AK6: CH4 | AL6: NH3 | AM6: CO2 | AN6: eqCO2 | AO6: MO kg/animal/an | AP6: BMP m3/kg de SV | AQ6: N stocké | AR6: TAN | AS6: N2O | AT6: CH4 | AU6: NH3 | AV6: CO2 | AW6: NH3 | AX6: NH3 | AY6: NH3 | BA6: CH4 | BB6: N2O dir | BC6: N2O ind | BD6: CO2
A7: CR 1 - Pas de couverture - Pas de racleur - Pas de métha | B7: Production canards à rôtir | C7: Fosse sous caillebotis | D7: ='Données environnement'!E$119*'Données Production '!K$5*'Données Production '!K$8 -> 4.865536 | E7: ='Données environnement'!E$125*'Données Production '!K$5*'Données Production '!K$8/365 -> 0.097450082 | F7: ='Données environnement'!E$153 -> 0.4 | G7: ='Données environnement'!E$130*'Données Production '!K$5*'Données Production '!K$8/365 -> 0.068215058 | H7: ='Données environnement'!E$181*'Calcul simpl volaille'!E7*'Données environnement'!$J$36 -> 0.00030599326 | I7: ='Données environnement'!E$169*'Données Production '!K$5*'Données Production '!K$8/365 -> 0.18005416 | J7: ='Données environnement'!$E$135*'Calcul simpl volaille'!G7*'Données environnement'!$J$31 -> 0.019809653 | K7: =I7/'Données environnement'!$E$96*'Données environnement'!$E$97/'Données environnement'!J$28*'Données environnement'!J$29 -> 0.33502615 | L7: =D7-(I7+K7) -> 4.3504557 | M7: =E7-(H7/'Données environnement'!J$36 + J7/'Données environnement'!J$31) -> 0.080883568 | N7: =F7 -> 0.4 | O7: ='Données environnement'!$E$140*'Données Production '!$K$5*'Données Production '!$K$8/365 -> 0.053889895 | P7: Fosse extérieure non couverte | S7: ='Données environnement'!E145*'Calcul simpl volaille'!O7*'Données environnement'!$J$31 -> 0.015649626 | T7: =R7/'Données environnement'!$E$96*'Données environnement'!$E$97 -> 0 | U7: Pas de valorisation | V7: =L7-(R7/'Données environnement'!J$33 + 'Calcul simpl volaille'!T7/'Données environnement'!J$32)*'Données environnement'!J$37 - R7/'Données environnement'!J$34 - 'Calcul simpl volaille'!T7/'Données environnement'!J$35 -> 4.3504557 | W7: =N7 -> 0.4 | X7: =M7-(Q7/'Données environnement'!J$36 + S7/'Données environnement'!J$31) -> 0.067949993 | Y7: =O7-S7/'Données environnement'!J$31 -> 0.040956321 | AI7: Pas de valorisation | AO7: =V7-(AA7 + 'Calcul simpl volaille'!AC7)*'Données environnement'!J$37 -> 4.3504557 | AP7: =N7 -> 0.4 | AQ7: =X7-Z7/'Données environnement'!J$36-'Calcul simpl volaille'!AB7/'Données environnement'!J$31 -> 0.067949993 | AR7: =Y7-AB7/'Données environnement'!J$31 -> 0.040956321 | AU7: =AR7*0.24*'Données environnement'!$J$31 -> 0.011893715 | AV7: =AT7/'Données environnement'!J$28/'Données environnement'!E$96*'Données environnement'!E$97*'Données environnement'!J$29 -> 0 | AW7: =$AQ7*'Données environnement'!BC$251*'Données environnement'!J$31 -> 0.016443898 | AX7: =(AR7-AU7/'Données environnement'!$J$31)*0.54*0.525*'Données environnement'!J$31 -> 0.010677583 | AY7: =AQ7*'Données environnement'!BC$253*'Données environnement'!J$31 -> 0.0041109746 | BA7: =(I7+R7+AA7+AK7+AT7)*'Données environnement'!$J$12 -> 4.8974731 | BB7: =(H7+Q7+Z7+AJ7+AS7)*'Données environnement'!$J$14 -> 0.083536159 | BC7: =(J7+S7+AB7+AL7+AU7+AX7)*14/17*'Données environnement'!$J$15*44/28*'Données environnement'!$J$14 -> 0.20501861 | BD7: =BA7+BB7+BC7 -> 5.1860279
A8: CR 2 - Racleur + métha psychro + chaudière | D8: ='Données environnement'!E$119*'Données Production '!K$5*'Données Production '!K$8 -> 4.865536 | E8: ='Données environnement'!E$125*'Données Production '!K$5*'Données Production '!K$8/365 -> 0.097450082 | F8: ='Données environnement'!E$153 -> 0.4 | G8: ='Données environnement'!E$130*'Données Production '!K$5*'Données Production '!K$8/365 -> 0.068215058 | H8: =0.35*'Données environnement'!E$181*'Calcul simpl volaille'!E8*'Données environnement'!$J$36 -> 0.00010709764 | I8: =0.021*'Données Production '!K$5*'Données Production '!K$8/365 -> 0.013734575 | J8: =J7*'Données environnement'!D$173 -> 0.013866757 | K8: =I8/'Données environnement'!$E$96*'Données environnement'!$E$97/'Données environnement'!J$28*'Données environnement'!J$29 -> 0.025555877 | L8: =D8-(I8+K8) -> 4.8262455 | M8: =E8-(H8/'Données environnement'!J$36 + J8/'Données environnement'!J$31) -> 0.085921737 | N8: =F8 -> 0.4 | O8: ='Données environnement'!$E$140*'Données Production '!$K$5*'Données Production '!$K$8/365 -> 0.053889895 | P8: Fosse ext couverte | U8: Métha psy + chaudière | V8: =L8-(R8/'Données environnement'!J$33 + 'Calcul simpl volaille'!T8/'Données environnement'!J$32)*'Données environnement'!J$37 - R8/'Données environnement'!J$34 - 'Calcul simpl volaille'!T8/'Données environnement'!J$35 -> 4.8262455 | W8: =N8 -> 0.4 | X8: =M8-(Q8/'Données environnement'!J$36 + S8/'Données environnement'!J$31) -> 0.085921737 | Y8: =O8-S8/'Données environnement'!J$31 -> 0.053889895 | Z8: =M8*'Données environnement'!$J$49*44/28*('Données environnement'!$J$47+(1-'Données environnement'!$J$48)) -> 0.0001012649 | AA8: =('Données environnement'!$J$47+(1-'Données environnement'!J48))*AF8*'Données environnement'!$J$28 + 'Données environnement'!$AF$254*AH8*'Données environnement'!J$58 -> 0.056317929 | AB8: ='Données environnement'!J$47*AH8*'Données environnement'!J$50*'Données environnement'!J$52 -> 3.4057206e-06 | AC8: =AA8/'Données environnement'!J$28/'Données environnement'!E$96*'Données environnement'!E$97*'Données environnement'!J$29 -> 0.10479057 | AD8: =(V8)/'Données environnement'!E$113/1000*'Données environnement'!J$45*'Données environnement'!AJ$254 -> 0.025616226 | AF8: =W8*V8*'Données Production '!B$29 -> 0.55984448 | AG8: =AF8/'Données environnement'!E$96*'Données environnement'!E$97 -> 0.37322966 | AH8: =AF8+AG8 -> 0.93307414 | AI8: chaudière | AJ8: =AH8*(1-'Données environnement'!J$58-'Données environnement'!J$47)*'Données environnement'!AM$252 -> 0 | AK8: =(AH8)*(1-'Données environnement'!J$58-'Données environnement'!J$47-(1-'Données environnement'!J48))*'Données environnement'!AQ$252 -> 0.0031982049 | AL8: 0 | AM8: =AK8/'Données environnement'!J$28/'Données environnement'!E$96*'Données environnement'!E$97*'Données environnement'!J$32 -> 0.011668409 | AO8: =V8-('Calcul simpl volaille'!AF8*'Données environnement'!J28+ 'Calcul simpl volaille'!AG8*'Données environnement'!J29+AK8+AM8) -> 3.7383437 | AP8: =N8 -> 0.4 | AQ8: =X8-Z8/'Données environnement'!J$36-'Calcul simpl volaille'!AB8/'Données environnement'!J$31 -> 0.085854423 | AR8: =Y8-AB8/'Données environnement'!J$31 -> 0.053887081 | AS8: =AQ8*'Données environnement'!AV$251*'Données environnement'!J$36 -> 0 | AT8: =AP8*AO8*'Données environnement'!J28*'Données environnement'!J74 -> 0.020839023 | AU8: =AR8*0.24*'Données environnement'!$J$31 -> 0.015648808 | AV8: =AT8/'Données environnement'!J$28/'Données environnement'!E$96*'Données environnement'!E$97*'Données environnement'!J$29 -> 0.038775097 | AW8: =AQ8*'Données environnement'!BC$251*'Données environnement'!J$31 -> 0.02077677 | AX8: =(AR8-AU8/'Données environnement'!$J$31)*0.54*0.525*'Données environnement'!J$31 -> 0.014048718 | AY8: =AQ8*'Données environnement'!BC$253*'Données environnement'!J$31 -> 0.0051941926 | BA8: =(I8+R8+AA8+AK8+AT8)*'Données environnement'!$J$12 -> 2.5592407 | BB8: =(H8+Q8+Z8+AJ8+AS8)*'Données environnement'!$J$14 -> 0.056882975 | BC8: =(J8+S8+AB8+AL8+AU8+AX8)*14/17*'Données environnement'!$J$15*44/28*'Données environnement'!$J$14 -> 0.15392208 | BD8: =BA8+BB8+BC8 -> 2.7700458
A9: CG 1 - Pas de racleur Pas de couverture-Pas de Métha | B9: Production canards gras au gavage | C9: Fosse sous caillebotis | D9: ='Données environnement'!E$118*'Données Production '!J$5*'Données Production '!J$8 -> 3.3598 | E9: ='Données environnement'!E$124*'Données Production '!J$5*'Données Production '!J$8/365 -> 0.017029123 | F9: ='Données environnement'!E$152 -> 0.38 | G9: ='Données environnement'!E$129*'Données Production '!J$5*'Données Production '!J$8/365 -> 0.011920386 | H9: ='Données environnement'!E$181*'Calcul simpl volaille'!E9*'Données environnement'!$J$36 -> 5.3471447e-05 | I9: ='Données environnement'!E$168*'Données Production '!J$5*'Données Production '!J$8/365 -> 0.11811621 | J9: ='Données environnement'!E$134*'Calcul simpl volaille'!G$9*'Données environnement'!$J$31 -> 0.0034616802 | K9: =I9/'Données environnement'!$E$96*'Données environnement'!$E$97/'Données environnement'!J$28*'Données environnement'!J$29 -> 0.21977842 | L9: =D9-(I9+K9) -> 3.0219054 | M9: =E9-(H9/'Données environnement'!J$36 + J9/'Données environnement'!J$31) -> 0.014134172 | N9: =F9 -> 0.38 | O9: ='Données environnement'!$E$139*'Données Production '!$J$5*'Données Production '!$J$8/365 -> 0.0094171052 | P9: Fosse extérieure non couverte | S9: ='Données environnement'!E144*O9*'Données environnement'!J31 -> 0.0027347273 | T9: =R9/'Données environnement'!$E$96*'Données environnement'!$E$97 -> 0 | U9: Pas de valorisation | V9: =L9-(R9/'Données environnement'!J$33 + 'Calcul simpl volaille'!T9/'Données environnement'!J$32)*'Données environnement'!J$37 - R9/'Données environnement'!J$34 - 'Calcul simpl volaille'!T9/'Données environnement'!J$35 -> 3.0219054 | W9: =N9 -> 0.38 | X9: =M9-(Q9/'Données environnement'!J$36 + S9/'Données environnement'!J$31) -> 0.011874067 | Y9: =O9-S9/'Données environnement'!J$31 -> 0.0071569999 | AI9: Pas de valorisation | AO9: =V9-(AA9 + 'Calcul simpl volaille'!AC9)*'Données environnement'!J$37 -> 3.0219054 | AP9: =N9 -> 0.38 | AQ9: =X9-Z9/'Données environnement'!J$36-'Calcul simpl volaille'!AB9/'Données environnement'!J$31 -> 0.011874067 | AR9: =Y9-AB9/'Données environnement'!J$31 -> 0.0071569999 | AU9: =AR9*0.24*'Données environnement'!$J$31 -> 0.0020783928 | AV9: =AT9/'Données environnement'!J$28/'Données environnement'!E$96*'Données environnement'!E$97*'Données environnement'!J$29 -> 0 | AW9: =AQ9*'Données environnement'!BC$251*'Données environnement'!J$31 -> 0.0028735242 | AX9: =(AR9-AU9/'Données environnement'!$J$31)*0.54*0.525*'Données environnement'!J$31 -> 0.0018658771 | AY9: =AQ9*'Données environnement'!BC$253*'Données environnement'!J$31 -> 0.00071838106 | BA9: =(I9+R9+AA9+AK9+AT9)*'Données environnement'!$J$12 -> 3.2127609 | BB9: =(H9+Q9+Z9+AJ9+AS9)*'Données environnement'!$J$14 -> 0.014597705 | BC9: =(J9+S9+AB9+AL9+AU9+AX9)*14/17*'Données environnement'!$J$15*44/28*'Données environnement'!$J$14 -> 0.035826417 | BD9: =BA9+BB9+BC9 -> 3.263185
A10: CG 2 - racleur + métha psy + chaudière | D10: ='Données environnement'!E$118*'Données Production '!J$5*'Données Production '!J$8 -> 3.3598 | E10: ='Données environnement'!E$124*'Données Production '!J$5*'Données Production '!J$8/365 -> 0.017029123 | F10: ='Données environnement'!E$152 -> 0.38 | G10: ='Données environnement'!E$129*'Données Production '!J$5*'Données Production '!J$8/365 -> 0.011920386 | H10: =0.2*'Données environnement'!E$181*'Calcul simpl volaille'!E10*'Données environnement'!$J$36 -> 1.0694289e-05 | I10: =0.01*'Données Production '!J$5*'Données Production '!J$8/365 -> 0.0046024658 | J10: =J9*'Données environnement'!D$173 -> 0.0024231761 | K10: =I10/'Données environnement'!$E$96*'Données environnement'!$E$97/'Données environnement'!J$28*'Données environnement'!J$29 -> 0.008563792 | L10: =D10-(I10+K10) -> 3.3466337 | M10: =E10-(H10/'Données environnement'!J$36 + J10/'Données environnement'!J$31) -> 0.015019687 | N10: =F10 -> 0.38 | O10: ='Données environnement'!$E$139*'Données Production '!$J$5*'Données Production '!$J$8/365 -> 0.0094171052 | P10: Fosse ext couverte | U10: Métha psy + chaudière | V10: =L10-(R10/'Données environnement'!J$33 + 'Calcul simpl volaille'!T10/'Données environnement'!J$32)*'Données environnement'!J$37 - R10/'Données environnement'!J$34 - 'Calcul simpl volaille'!T10/'Données environnement'!J$35 -> 3.3466337 | W10: =N10 -> 0.38 | X10: =M10-(Q10/'Données environnement'!J$36 + S10/'Données environnement'!J$31) -> 0.015019687 | Y10: =O10-S10/'Données environnement'!J$31 -> 0.0094171052 | Z10: =M10*'Données environnement'!$J$49*44/28*('Données environnement'!$J$47+(1-'Données environnement'!$J$48)) -> 1.7701774e-05 | AA10: =('Données environnement'!$J$47+(1-'Données environnement'!J48))*AF10*'Données environnement'!$J$28 + 'Données environnement'!$AF$254*AH10*'Données environnement'!J$58 -> 0.037099585 | AB10: ='Données environnement'!J$47*AH10*'Données environnement'!J$50*'Données environnement'!J$52 -> 2.2435275e-06 | AC10: =AA10/'Données environnement'!J$28/'Données environnement'!E$96*'Données environnement'!E$97*'Données environnement'!J$29 -> 0.069031069 | AD10: =(V10)/'Données environnement'!E$113/1000*'Données environnement'!J$45*'Données environnement'!AJ$254 -> 0.017762902 | AF10: =W10*V10*'Données Production '!B$29 -> 0.36879904 | AG10: =AF10/'Données environnement'!E$96*'Données environnement'!E$97 -> 0.24586603 | AH10: =AF10+AG10 -> 0.61466506 | AI10: chaudière | AJ10: =AH10*(1-'Données environnement'!J$58-'Données environnement'!J$47)*'Données environnement'!AM$252 -> 0 | AK10: =(AH10)*(1-'Données environnement'!J$58-'Données environnement'!J$47-(1-'Données environnement'!$J$48))*'Données environnement'!AQ$252 -> 0.002106826 | AL10: 0 | AM10: =AK10/'Données environnement'!J$28/'Données environnement'!E$96*'Données environnement'!E$97*'Données environnement'!J$32 -> 0.0076865956 | AO10: =V10-('Calcul simpl volaille'!AF10*'Données environnement'!J28 + 'Calcul simpl volaille'!AG10*'Données environnement'!J29+AK10+AM10) -> 2.6299755 | AP10: =N10 -> 0.38 | AQ10: =X10-Z10/'Données environnement'!J$36-'Calcul simpl volaille'!AB10/'Données environnement'!J$31 -> 0.015006558 | AR10: =Y10-AB10/'Données environnement'!J$31 -> 0.009415251 | AS10: =AQ10*'Données environnement'!AV$251*'Données environnement'!J$36 -> 0 | AT10: =AP10*AO10*'Données environnement'!J74*'Données environnement'!J28 -> 0.013927509 | AU10: =AR10*0.24*'Données environnement'!$J$31 -> 0.0027341889 | AV10: =AT10/'Données environnement'!J$28/'Données environnement'!E$96*'Données environnement'!E$97*'Données environnement'!J$29 -> 0.025914867 | AW10: =AQ10*'Données environnement'!BC$251*'Données environnement'!J$31 -> 0.0036315869 | AX10: =(AR10-AU10/'Données environnement'!$J$31)*0.54*0.525*'Données environnement'!J$31 -> 0.0024546181 | AY10: =AQ10*'Données environnement'!BC$253*'Données environnement'!J$31 -> 0.00090789673 | BA10: =(I10+R10+AA10+AK10+AT10)*'Données environnement'!$J$12 -> 1.5704297 | BB10: =(H10+Q10+Z10+AJ10+AS10)*'Données environnement'!$J$14 -> 0.0077521252 | BC10: =(J10+S10+AB10+AL10+AU10+AX10)*14/17*'Données environnement'!$J$15*44/28*'Données environnement'!$J$14 -> 0.026900615 | BD10: =BA10+BB10+BC10 -> 1.6050824
A11: VC1- sol B- Lit NonOptimisé- Pas de traitement | B11: Poulet de chair standard sur litière | C11: Pas de valorisation | D11: ='Données environnement'!E$116*'Données Production '!H$5*'Données Production '!H$8 -> 2.556 | E11: ='Données environnement'!E$122*'Données Production '!H$5*'Données Production '!H$8/365 -> 0.034313425 | F11: ='Données environnement'!E$150 -> 0.36 | G11: ='Données environnement'!E$127*'Données Production '!H$5*'Données Production '!H$8/365 -> 0.024019397 | H11: ='Données environnement'!E$181*'Calcul simpl volaille'!E11*'Données environnement'!$J$36 -> 0.00010774415 | I11: ='Données environnement'!E$162*'Données Production '!H$5*'Données Production '!H$8/365 -> 0.0091209284 | J11: ='Données environnement'!E$132*G11*'Données environnement'!J$31 -> 0.0081377718 | K11: =I11/'Données environnement'!$E$96*'Données environnement'!$E$97/'Données environnement'!J$28*'Données environnement'!J$29 -> 0.01697128 | L11: =D11-(I11+K11) -> 2.5299078 | M11: =E11-(H11/'Données environnement'!J$36 + J11/'Données environnement'!J$31) -> 0.027519367 | N11: =F11 -> 0.36 | O11: ='Données environnement'!$E$137*'Données Production '!$H$5*'Données Production '!$H$8/365 -> 0.01633319 | P11: Litière non optimisée | S11: ='Données environnement'!E$142*'Calcul simpl volaille'!O11*'Données environnement'!J$31 -> 0.0033597372 | T11: =R11/'Données environnement'!$E$96*'Données environnement'!$E$97 -> 0 | U11: Pas de valorisation | V11: =L11-(R11/'Données environnement'!J$33 + 'Calcul simpl volaille'!T11/'Données environnement'!J$32)*'Données environnement'!J$37 - R11/'Données environnement'!J$34 - 'Calcul simpl volaille'!T11/'Données environnement'!J$35 -> 2.5299078 | W11: =N11 -> 0.36 | X11: =M11-(Q11/'Données environnement'!J$36 + S11/'Données environnement'!J$31) -> 0.024742724 | Y11: =O11-S11/'Données environnement'!J$31 -> 0.013556548 | AI11: Pas de valorisation | AO11: =V11-(AA11 + 'Calcul simpl volaille'!AC11)*'Données environnement'!J$37 -> 2.5299078 | AP11: =N11 -> 0.36 | AQ11: =X11-Z11/'Données environnement'!J$36-'Calcul simpl volaille'!AB11/'Données environnement'!J$31 -> 0.024742724 | AR11: =Y11-AB11/'Données environnement'!J$31 -> 0.013556548 | AU11: =AR11*0.28*'Données environnement'!$J$31 -> 0.0045929584 | AV11: =AT11/'Données environnement'!J$28/'Données environnement'!E$96*'Données environnement'!E$97*'Données environnement'!J$29 -> 0 | AW11: =#REF!*'Données environnement'!BC$251*'Données environnement'!J$31 -> #REF! | AX11: =(AR11-AU11/'Données environnement'!$J$31)*0.38*0.75*'Données environnement'!J$31 -> 0.0033659824 | AY11: =AQ11*'Données environnement'!BC$253*'Données environnement'!J$31 -> 0.0014969348 | BA11: =(I11+R11+AA11+AK11+AT11)*'Données environnement'!$J$12 -> 0.24808925 | BB11: =(H11+Q11+Z11+AJ11+AS11)*'Données environnement'!$J$14 -> 0.029414154 | BC11: =(J11+S11+AB11+AL11+AU11+AX11)*14/17*'Données environnement'!$J$15*44/28*'Données environnement'!$J$14 -> 0.068738493 | BD11: =BA11+BB11+BC11 -> 0.3462419
A12: VC2- sol B- Lit NonOptimisé- Compostage | C12: Compostage | D12: ='Données environnement'!E$116*'Données Production '!H$5*'Données Production '!H$8 -> 2.556 | E12: ='Données environnement'!E$122*'Données Production '!H$5*'Données Production '!H$8/365 -> 0.034313425 | F12: ='Données environnement'!E$150 -> 0.36 | G12: ='Données environnement'!E$127*'Données Production '!H$5*'Données Production '!H$8/365 -> 0.024019397 | H12: =0.333*'Données environnement'!E$181*'Calcul simpl volaille'!E12*'Données environnement'!$J$36 -> 3.5878803e-05 | I12: ='Données environnement'!E$164*'Données Production '!H$5*'Données Production '!H$8/365 -> 0.0030403095 | J12: ='Données environnement'!E$132*G12*'Données environnement'!J$31 -> 0.0081377718 | K12: =I12/'Données environnement'!$E$96*'Données environnement'!$E$97/'Données environnement'!J$28*'Données environnement'!J$29 -> 0.0056570933 | L12: =D12-(I12+K12) -> 2.5473026 | M12: =E12-(H12/'Données environnement'!J$36 + J12/'Données environnement'!J$31) -> 0.027565141 | N12: =F12 -> 0.36 | O12: ='Données environnement'!$E$137*'Données Production '!$H$5*'Données Production '!$H$8/365 -> 0.01633319 | S12: ='Données environnement'!E$142*'Calcul simpl volaille'!O12*'Données environnement'!J$31 -> 0.0033597372 | T12: =R12/'Données environnement'!$E$96*'Données environnement'!$E$97 -> 0 | U12: Compostage | V12: =L12-(R12/'Données environnement'!J$33 + 'Calcul simpl volaille'!T12/'Données environnement'!J$32)*'Données environnement'!J$37 - R12/'Données environnement'!J$34 - 'Calcul simpl volaille'!T12/'Données environnement'!J$35 -> 2.5473026 | W12: =N12 -> 0.36 | X12: =M12*0.75 -> 0.020673856 | Y12: =O12*0.75 -> 0.012249893 | AI12: Pas de valorisation | AO12: =V12-(AA12 + 'Calcul simpl volaille'!AC12)*'Données environnement'!J$37 -> 2.5473026 | AP12: =N12 -> 0.36 | AQ12: =X12-Z12/'Données environnement'!J$36-'Calcul simpl volaille'!AB12/'Données environnement'!J$31 -> 0.020673856 | AR12: =Y12-AB12/'Données environnement'!J$31 -> 0.012249893 | AU12: 0 | AV12: =AT12/'Données environnement'!J$28/'Données environnement'!E$96*'Données environnement'!E$97*'Données environnement'!J$29 -> 0 | AW12: =#REF!*'Données environnement'!BC$251*'Données environnement'!J$31 -> #REF! | AX12: 0 | AY12: =AQ12*'Données environnement'!BC$253*'Données environnement'!J$31 -> 0.0012507683 | BA12: =(I12+R12+AA12+AK12+AT12)*'Données environnement'!$J$12 -> 0.082696418 | BB12: =(H12+Q12+Z12+AJ12+AS12)*'Données environnement'!$J$14 -> 0.0097949132 | BC12: =(J12+S12+AB12+AL12+AU12+AX12)*14/17*'Données environnement'!$J$15*44/28*'Données environnement'!$J$14 -> 0.040620023 | BD12: =BA12+BB12+BC12 -> 0.13311135
A13: VC3- sol B-Non optimisé-Métha collective-Biométhane | D13: ='Données environnement'!E$116*'Données Production '!H$5*'Données Production '!H$8 -> 2.556 | E13: ='Données environnement'!E$122*'Données Production '!H$5*'Données Production '!H$8/365 -> 0.034313425 | F13: ='Données environnement'!E$150 -> 0.36 | G13: ='Données environnement'!E$127*'Données Production '!H$5*'Données Production '!H$8/365 -> 0.024019397 | H13: =0.333*'Données environnement'!E$181*'Calcul simpl volaille'!E13*'Données environnement'!$J$36 -> 3.5878803e-05 | I13: =0.004*'Données Production '!H$5*'Données Production '!H$8/365 -> 0.0028010959 | J13: ='Données environnement'!E$132*G13*'Données environnement'!J$31 -> 0.0081377718 | K13: =I13/'Données environnement'!$E$96*'Données environnement'!$E$97/'Données environnement'!J$28*'Données environnement'!J$29 -> 0.0052119894 | L13: =D13-(I13+K13) -> 2.5479869 | M13: =E13-(H13/'Données environnement'!J$36 + J13/'Données environnement'!J$31) -> 0.027565141 | N13: =F13 -> 0.36 | O13: ='Données environnement'!$E$137*'Données Production '!$H$5*'Données Production '!$H$8/365 -> 0.01633319 | U13: M collective | V13: =L13-(R13/'Données environnement'!J$33 + 'Calcul simpl volaille'!T13/'Données environnement'!J$32)*'Données environnement'!J$37 - R13/'Données environnement'!J$34 - 'Calcul simpl volaille'!T13/'Données environnement'!J$35 -> 2.5479869 | W13: =N13 -> 0.36 | X13: =M13-(Q13/'Données environnement'!J$36 + S13/'Données environnement'!J$31) -> 0.027565141 | Y13: =O13-S13/'Données environnement'!J$31 -> 0.01633319 | Z13: =M13*'Données environnement'!$J$49*44/28*('Données environnement'!$J$47) -> 1.0829162e-05 | AA13: ='Données environnement'!$J$47*AF13*'Données environnement'!$J$28 + 'Données environnement'!$AF$254*AH13*'Données environnement'!J$58 -> 0.030816475 | AB13: ='Données environnement'!J$47*AH13*'Données environnement'!J$50*'Données environnement'!J$52 -> 5.5800913e-06 | AC13: =AA13/'Données environnement'!J$28/'Données environnement'!E$96*'Données environnement'!E$97*'Données environnement'!J$29 -> 0.057340107 | AD13: =(V13)/'Données environnement'!E$113/1000*'Données environnement'!J$45*'Données environnement'!AJ$254 -> 0.013523931 | AE13: =V13/'Données environnement'!E110/1000*'Données environnement'!J$22*'Données environnement'!J$24 -> 0.012257883 | AF13: =W13*V13*'Données Production '!B$30 -> 0.91727529 | AG13: =AF13/'Données environnement'!E$96*'Données environnement'!E$97 -> 0.61151686 | AH13: =AF13+AG13 -> 1.5287921 | AI13: Biométhane | AJ13: 0 | AK13: =(AH13)*(1-'Données environnement'!J$58-'Données environnement'!J$47)*'Données environnement'!$AQ$253*'Données environnement'!$J$28 -> 0.00071329968 | AL13: 0 | AM13: =AK13/'Données environnement'!J$28/'Données environnement'!E$96*'Données environnement'!E$97*'Données environnement'!J$32 -> 0.0026024201 | AN13: =AH13*(1-'Données environnement'!J$58-'Données environnement'!J$47)*('Données environnement'!J$63*('Données environnement'!J$64*'Données environnement'!J$66 + 'Données environnement'!J$65*'Données environnement'!J$27) + 'Données environnement'!J$27*('Données environnement'!J$67 + 'Données environnement'!J$69) + 'Données environnement'!J$70*'Données environnement'!J$71) -> 0.7860246 | AO13: =V13-('Calcul simpl volaille'!AF13*'Données environnement'!J28 + 'Calcul simpl volaille'!AG13*'Données environnement'!J29+AK13+AM13) -> 0.78656022 | AP13: =N13 -> 0.36 | AQ13: =X13-Z13/'Données environnement'!J$36-'Calcul simpl volaille'!AB13/'Données environnement'!J$31 -> 0.027553631 | AR13: =Y13-AB13/'Données environnement'!J$31 -> 0.016328578 | AS13: =AQ13*'Données environnement'!AV$251*'Données environnement'!J$36 -> 0 | AT13: =AP13*AO13*'Données environnement'!J28*'Données environnement'!J74 -> 0.0039461412 | AU13: =AR13*0.28*'Données environnement'!$J$31 -> 0.0055321224 | AV13: =AT13/'Données environnement'!J$28/'Données environnement'!E$96*'Données environnement'!E$97*'Données environnement'!J$29 -> 0.0073425712 | AW13: =AQ13*'Données environnement'!BC$251*'Données environnement'!J$31 -> 0.0066679788 | AX13: =(AR13-AU13/'Données environnement'!$J$31)*0.38*0.75*'Données environnement'!J$31 -> 0.0040542554 | AY13: =AQ13*'Données environnement'!BC$253*'Données environnement'!J$31 -> 0.0016669947 | BA13: =(I13+R13+AA13+AK13+AT13)*'Données environnement'!$J$12 -> 1.0411347 | BB13: =(H13+Q13+Z13+AJ13+AS13)*'Données environnement'!$J$14 -> 0.012751275 | BC13: =(J13+S13+AB13+AL13+AU13+AX13)*14/17*'Données environnement'!$J$15*44/28*'Données environnement'!$J$14 -> 0.062638092 | BD13: =BA13+BB13+BC13+AE13 -> 1.128782
A14: CPAG 1 | B14: Canard gras prêt à gaver | C14: Pas de valorisation | D14: ='Données environnement'!E$117*'Données Production '!I$5*'Données Production '!I$8 -> 23.68 | E14: ='Données environnement'!E$123*'Données Production '!I$5*'Données Production '!I$8/365 -> 0.04460274 | F14: ='Données environnement'!E$151 -> 0.36 | G14: ='Données environnement'!E$128*'Données Production '!I$5*'Données Production '!I$8/365 -> 0.031221918 | H14: ='Données environnement'!E$181*'Calcul simpl volaille'!E14*'Données environnement'!$J$36 -> 0.0001400526 | I14: ='Données environnement'!E$163*'Données Production '!I$5*'Données Production '!I$8/365 -> 0.08450062 | J14: ='Données environnement'!E$133*'Calcul simpl volaille'!G14*'Données environnement'!J$31 -> 0.0090668449 | K14: =I14/'Données environnement'!$E$96*'Données environnement'!$E$97/'Données environnement'!J$28*'Données environnement'!J$29 -> 0.15723001 | L14: =D14-(I14+K14) -> 23.438269 | M14: =E14-(H14/'Données environnement'!J$36 + J14/'Données environnement'!J$31) -> 0.037020274 | N14: =F14 -> 0.36 | O14: ='Données environnement'!$E$138*'Données Production '!$I$5*'Données Production '!$I$8/365 -> 0.016859836 | P14: Litière non optimisée | S14: ='Données environnement'!E$142*'Calcul simpl volaille'!O14*'Données environnement'!J$31 -> 0.0034680682 | T14: =R14/'Données environnement'!$E$96*'Données environnement'!$E$97 -> 0 | U14: Pas de valorisation | V14: =L14-(R14/'Données environnement'!J$33 + 'Calcul simpl volaille'!T14/'Données environnement'!J$32)*'Données environnement'!J$37 - R14/'Données environnement'!J$34 - 'Calcul simpl volaille'!T14/'Données environnement'!J$35 -> 23.438269 | W14: =N14 -> 0.36 | X14: =M14-(Q14/'Données environnement'!J$36 + S14/'Données environnement'!J$31) -> 0.034154102 | Y14: =O14-S14/'Données environnement'!J$31 -> 0.013993664 | AI14: Pas de valorisation | AO14: =V14-(AA14 + 'Calcul simpl volaille'!AC14)*'Données environnement'!J$37 -> 23.438269 | AP14: =N14 -> 0.36 | AQ14: =X14-Z14/'Données environnement'!J$36-'Calcul simpl volaille'!AB14/'Données environnement'!J$31 -> 0.034154102 | AR14: =Y14-AB14/'Données environnement'!J$31 -> 0.013993664 | AU14: =AR14*0.24*'Données environnement'!$J$31 -> 0.0040637599 | AV14: =AT14/'Données environnement'!J$28/'Données environnement'!E$96*'Données environnement'!E$97*'Données environnement'!J$29 -> 0 | AW14: =#REF!*'Données environnement'!BC$251*'Données environnement'!J$31 -> #REF! | AX14: =(AR14-AU14/'Données environnement'!$J$31)*0.54*0.525*'Données environnement'!J$31 -> 0.0036482404 | AY14: =AQ14*'Données environnement'!BC$253*'Données environnement'!J$31 -> 0.0020663232 | BA14: =(I14+R14+AA14+AK14+AT14)*'Données environnement'!$J$12 -> 2.2984169 | BB14: =(H14+Q14+Z14+AJ14+AS14)*'Données environnement'!$J$14 -> 0.038234361 | BC14: =(J14+S14+AB14+AL14+AU14+AX14)*14/17*'Données environnement'!$J$15*44/28*'Données environnement'!$J$14 -> 0.071531154 | BD14: =BA14+BB14+BC14 -> 2.4081824
A15: CPAG 2 | C15: Compostage | D15: ='Données environnement'!E$117*'Données Production '!I$5*'Données Production '!I$8 -> 23.68 | E15: ='Données environnement'!E$123*'Données Production '!I$5*'Données Production '!I$8/365 -> 0.04460274 | F15: ='Données environnement'!E$151 -> 0.36 | G15: ='Données environnement'!E$128*'Données Production '!I$5*'Données Production '!I$8/365 -> 0.031221918 | H15: =0.333*'Données environnement'!E$181*'Calcul simpl volaille'!E15*'Données environnement'!$J$36 -> 4.6637517e-05 | I15: ='Données environnement'!E$165*'Données Production '!I$5*'Données Production '!I$8/365 -> 0.028166873 | J15: ='Données environnement'!E$133*'Calcul simpl volaille'!G15*'Données environnement'!J$31 -> 0.0090668449 | K15: =I15/'Données environnement'!$E$96*'Données environnement'!$E$97/'Données environnement'!J$28*'Données environnement'!J$29 -> 0.052410003 | L15: =D15-(I15+K15) -> 23.599423 | M15: =E15-(H15/'Données environnement'!J$36 + J15/'Données environnement'!J$31) -> 0.037079774 | N15: =F15 -> 0.36 | O15: ='Données environnement'!$E$138*'Données Production '!$I$5*'Données Production '!$I$8/365 -> 0.016859836 | S15: ='Données environnement'!E$142*'Calcul simpl volaille'!O15*'Données environnement'!J$31 -> 0.0034680682 | T15: =R15/'Données environnement'!$E$96*'Données environnement'!$E$97 -> 0 | U15: Compostage | V15: =L15-(R15/'Données environnement'!J$33 + 'Calcul simpl volaille'!T15/'Données environnement'!J$32)*'Données environnement'!J$37 - R15/'Données environnement'!J$34 - 'Calcul simpl volaille'!T15/'Données environnement'!J$35 -> 23.599423 | W15: =N15 -> 0.36 | X15: =M15*0.75 -> 0.027809831 | Y15: =O15*0.75 -> 0.012644877 | AI15: Pas de valorisation | AO15: =V15-(AA15 + 'Calcul simpl volaille'!AC15)*'Données environnement'!J$37 -> 23.599423 | AP15: =N15 -> 0.36 | AQ15: =X15-Z15/'Données environnement'!J$36-'Calcul simpl volaille'!AB15/'Données environnement'!J$31 -> 0.027809831 | AR15: =Y15-AB15/'Données environnement'!J$31 -> 0.012644877 | AU15: 0 | AV15: =AT15/'Données environnement'!J$28/'Données environnement'!E$96*'Données environnement'!E$97*'Données environnement'!J$29 -> 0 | AW15: =#REF!*'Données environnement'!BC$251*'Données environnement'!J$31 -> #REF! | AX15: 0 | AY15: =AQ15*'Données environnement'!BC$253*'Données environnement'!J$31 -> 0.0016824947 | BA15: =(I15+R15+AA15+AK15+AT15)*'Données environnement'!$J$12 -> 0.76613896 | BB15: =(H15+Q15+Z15+AJ15+AS15)*'Données environnement'!$J$14 -> 0.012732042 | BC15: =(J15+S15+AB15+AL15+AU15+AX15)*14/17*'Données environnement'!$J$15*44/28*'Données environnement'!$J$14 -> 0.044285111 | BD15: =BA15+BB15+BC15 -> 0.82315611
A16: CPAG 3 | B16: Métha collective | D16: ='Données environnement'!E$117*'Données Production '!I$5*'Données Production '!I$8 -> 23.68 | E16: ='Données environnement'!E$123*'Données Production '!I$5*'Données Production '!I$8/365 -> 0.04460274 | F16: ='Données environnement'!E$151 -> 0.36 | G16: ='Données environnement'!E$128*'Données Production '!I$5*'Données Production '!I$8/365 -> 0.031221918 | H16: =0.333*'Données environnement'!E$181*'Calcul simpl volaille'!E16*'Données environnement'!$J$36 -> 4.6637517e-05 | I16: =0.035*'Données Production '!I$5*'Données Production '!I$8/365 -> 0.028383562 | J16: ='Données environnement'!E$133*'Calcul simpl volaille'!G16*'Données environnement'!J$31 -> 0.0090668449 | K16: =I16/'Données environnement'!$E$96*'Données environnement'!$E$97/'Données environnement'!J$28*'Données environnement'!J$29 -> 0.052813194 | L16: =D16-(I16+K16) -> 23.598803 | M16: =E16-(H16/'Données environnement'!J$36 + J16/'Données environnement'!J$31) -> 0.037079774 | N16: =F16 -> 0.36 | O16: ='Données environnement'!$E$138*'Données Production '!$I$5*'Données Production '!$I$8/365 -> 0.016859836 | U16: M collective | V16: =L16-(R16/'Données environnement'!J$33 + 'Calcul simpl volaille'!T16/'Données environnement'!J$32)*'Données environnement'!J$37 - R16/'Données environnement'!J$34 - 'Calcul simpl volaille'!T16/'Données environnement'!J$35 -> 23.598803 | W16: =N16 -> 0.36 | X16: =M16-(Q16/'Données environnement'!J$36 + S16/'Données environnement'!J$31) -> 0.037079774 | Y16: =O16-S16/'Données environnement'!J$31 -> 0.016859836 | Z16: =M16*'Données environnement'!$J$49*44/28*('Données environnement'!$J$47) -> 1.4567054e-05 | AA16: ='Données environnement'!$J$47*AF16*'Données environnement'!$J$28 + 'Données environnement'!$AF$254*AH16*'Données environnement'!J$58 -> 0.28541431 | AB16: ='Données environnement'!J$47*AH16*'Données environnement'!J$50*'Données environnement'!J$52 -> 5.1681379e-05 | AC16: =AA16/'Données environnement'!J$28/'Données environnement'!E$96*'Données environnement'!E$97*'Données environnement'!J$29 -> 0.53106941 | AD16: =(V16)/'Données environnement'!E$113/1000*'Données environnement'!J$45*'Données environnement'!AJ$254 -> 0.12525519 | AE16: =V16/'Données environnement'!E$111/1000*'Données environnement'!J$22*'Données environnement'!J$24 -> 0.23837948 | AF16: =W16*V16*'Données Production '!B$30 -> 8.4955692 | AG16: =AF16/'Données environnement'!E$96*'Données environnement'!E$97 -> 5.6637128 | AH16: =AF16+AG16 -> 14.159282 | AI16: Biométhane | AJ16: 0 | AK16: =(AH16)*(1-'Données environnement'!J$58-'Données environnement'!J$47)*'Données environnement'!$AQ$253*'Données environnement'!$J$28 -> 0.0066063993 | AL16: 0 | AM16: =AK16/'Données environnement'!J$28/'Données environnement'!E$96*'Données environnement'!E$97*'Données environnement'!J$32 -> 0.024102949 | AN16: =AH16*(1-'Données environnement'!J$58-'Données environnement'!J$47)*('Données environnement'!J$63*('Données environnement'!J$64*'Données environnement'!J$66 + 'Données environnement'!J$65*'Données environnement'!J$27) + 'Données environnement'!J$27*('Données environnement'!J$67 + 'Données environnement'!J$69) + 'Données environnement'!J$70*'Données environnement'!J$71) -> 7.2799588 | AO16: =V16-('Calcul simpl volaille'!AF16*'Données environnement'!J28 + 'Calcul simpl volaille'!AG16*'Données environnement'!J29+AK16+AM16) -> 7.2849197 | AP16: =N16 -> 0.36 | AQ16: =X16-Z16/'Données environnement'!J$36-'Calcul simpl volaille'!AB16/'Données environnement'!J$31 -> 0.037027784 | AR16: =Y16-AB16/'Données environnement'!J$31 -> 0.016817124 | AS16: =AQ16*'Données environnement'!AV$251*'Données environnement'!J$36 -> 0 | AT16: =AP16*AO16*'Données environnement'!J74*'Données environnement'!J28 -> 0.036548151 | AU16: =AR16*0.24*'Données environnement'!$J$31 -> 0.0048836927 | AV16: =AT16/'Données environnement'!J$28/'Données environnement'!E$96*'Données environnement'!E$97*'Données environnement'!J$29 -> 0.068005016 | AW16: =AQ16*'Données environnement'!BC$251*'Données environnement'!J$31 -> 0.0089607237 | AX16: =(AR16-AU16/'Données environnement'!$J$31)*0.54*0.525*'Données environnement'!J$31 -> 0.0043843352 | AY16: =AQ16*'Données environnement'!BC$253*'Données environnement'!J$31 -> 0.0022401809 | BA16: =(I16+R16+AA16+AK16+AT16)*'Données environnement'!$J$12 -> 9.7091059 | BB16: =(H16+Q16+Z16+AJ16+AS16)*'Données environnement'!$J$14 -> 0.016708848 | BC16: =(J16+S16+AB16+AL16+AU16+AX16)*14/17*'Données environnement'!$J$15*44/28*'Données environnement'!$J$14 -> 0.064958614 | BD16: =BA16+BB16+BC16+AE16 -> 10.029153

Sheet Calcul simpl bovin
C1: Conduite d'élevage | I1: Gestion des effluents en batiment | N1: Valorisation des effluents | AA1: Valorisation du biogaz | AD1: Modalités d'épandage | AG1: Résultats finaux
N2: Fosse extérieure | AA2: Pas de valorisation | AD2: Pour le mode d'épandage: buse palette, pendillard, enfouisseur
C3: Type de sol | I3: Evacuation | N3: Traitement BA | AA3: Torchère | AD3: Pas de différences de coeff d'attribution selon le scénario | AO3: Emissions à l'épandage
C4: Mode de logement | I4: Stockage | N4: M psychrophile | AA4: chaudière | AD4: hormis situation actuelle mais métha négligeable | AO4: non validé
C5: … | I5: Traitement de litière | N5: M mésophile | AA5: Cogé | AD5: Changement uniquement via les décennies | AO5: mais émission indirectes de N2O négligeables
I6: … | N6: M collective | AA6: Biométhane
D8: Emissions entérique | E8: Excrétion au batiment (kg/animal/an) | J8: Emissions au batiment/stockage (kg/animal/an) | O8: Bilan sortie de bâtiment et/ou entrée de méthanisation (kg/animal/an) | S8: Emissions dues au processus à la méthanisation kg/animal/an | X8: Production brute de Biogaz m3/animal/an | AB8: Emissions lors de la combustion du biométhane en kg/animal/an | AG8: Bilan sortie méthanisation | AL8: Emissions au stockage du digestat en kg/animal/an | AO8: Emissions à l'épandage en kg/animal/an | AS8: Equivalent CO2 (en kg/animal/an) | AY8: Transport
X9: Les fuites seront à retrancher ensuite | AG9: MO kg/animal/an | AH9: MO kg/animal/an | AO9: Buse palette | AP9: Pendillard | AQ9: Injection dans le sol | AS9: issu | AT9: issu | AU9: issu | AV9: soit Eq. | AY9: CO2
D10: CH4 en kg/animal/an | E10: MO kg/animal/an | F10: kg N/an | G10: BMP m3 de CH4/kg de MO | H10: TAN | J10: N2O | K10: CH4 kg/animal/an | L10: NH3 | M10: CO2 | O10: MO kg/animal/an | P10: BMP m3 de CH4/kg de MO | Q10: N | R10: TAN | S10: N2O | T10: CH4 | U10: NH3 | V10: CO2 | W10: eqCO2 | X10: CH4 | Y10: CO2 | Z10: Biogaz | AB10: N2O | AC10: CH4 | AD10: NH3 | AE10: CO2 | AF10: eqCO2 | AG10: Selon NQ | AH10: Selon PL | AI10: BMP m3 de CH4/kg de MO | AJ10: N kg/animal/an | AK10: TAN kg/animal/an | AL10: N2O | AM10: CH4 | AN10: NH3 | AO10: NH3 | AP10: NH3 | AQ10: NH3 | AS10: CH4 | AT10: N2O (dir.) | AU10: N2O (indirect.) | AV10: CO2 | AY10: kg/anl/an
A12: VL 1 | B12: Vache laitière | C12: Stabulation logettes - LISIER/LISIER PAILLEUX | D12: ='Données environnement'!D$196 -> 117 | E12: ='Données environnement'!D$192/1000*'Données environnement'!D$188*365 -> 1995.528 | F12: ='Données environnement'!D$226 -> 113.88 | G12: ='Données environnement'!D$208 -> 0.201 | I12: LISIER - logettes couloirs raclés / stockage fosse extérieure - Fréquence de raclage "standard" 6 à 8 fois/jour | J12: ='Calcul simpl bovin'!$F$12*'Données environnement'!$J$36*'Données environnement'!D$232 -> 0.893958 | K12: ='Calcul simpl bovin'!E12*G12*'Données environnement'!D215 -> 81.423529 | L12: ='Données environnement'!$C$237 -> 19.2 | M12: =K12/'Données environnement'!J$28/'Données environnement'!E$96*'Données environnement'!E$97*'Données environnement'!J$29 -> 151.50448 | N12: Pas de valorisation - filière classique stockage en fosse non couverte et épandage | O12: =E12-K12 - M12 -> 1762.6 | P12: =G12 -> 0.201 | Q12: =F12-J12/'Données environnement'!J$36-L12/'Données environnement'!J$31 -> 97.442831 | R12: =H12-L12/'Données environnement'!J$31 -> -15.867769 | AA12: Pas de valorisation | AO12: =AJ12*'Données environnement'!BC$251*'Données environnement'!J$31 -> 0 | AP12: =Q12*'Données environnement'!J75*0.55*0.525*'Données environnement'!J$31 -> 20.427184 | AQ12: =AJ12*'Données environnement'!BC$253*'Données environnement'!J$31 -> 0 | AS12: =(K12+T12+AC12+AM12)*'Données environnement'!$J$12 -> 2214.72 | AT12: =(J12+S12+AB12+AL12)*'Données environnement'!$J$14 -> 244.05053 | AU12: =((L12+0.5*AN12+AP12)*14/17*'Données environnement'!$J$15*44/28)*'Données environnement'!$J$14 -> 140.00051 | AV12: =AS12+AT12+AU12 -> 2598.771
A13: VL 2 | D13: ='Données environnement'!D$196 -> 117 | E13: ='Données environnement'!D$192/1000*'Données environnement'!D$188*365 -> 1995.528 | F13: ='Données environnement'!D$226 -> 113.88 | G13: ='Données environnement'!D$208 -> 0.201 | I13: LISIER - logettes couloirs raclés / stockage fosse extérieure - Fréquence de raclage "optimale" 12 à 16 fois/jour | J13: ='Calcul simpl bovin'!$F$13*'Données environnement'!$J$36*'Données environnement'!D$232 -> 0.893958 | K13: ='Calcul simpl bovin'!E$13*G$13*'Données environnement'!D$219 -> 15.642944 | L13: ='Données environnement'!$C$237 -> 19.2 | M13: =K13/'Données environnement'!J$28/'Données environnement'!E$96*'Données environnement'!E$97*'Données environnement'!J$29 -> 29.106771 | N13: Valorisation - Méthanisation psychrophile individuelle | O13: =E13-K13 - M13 -> 1950.7783 | P13: =G13 -> 0.201 | Q13: =F13-J13/'Données environnement'!J$36-L13/'Données environnement'!J$31 -> 97.442831 | R13: =H13-L13/'Données environnement'!J$31 -> -15.867769 | S13: =Q13*'Données environnement'!$J$49*44/28*('Données environnement'!$J$47+(1-'Données environnement'!$J$48)) -> 0.11484334 | T13: =('Données environnement'!$J$47*X13*'Données environnement'!$J$28+X13*(1-'Données environnement'!J48)*'Données environnement'!J28 + 'Données environnement'!$AF$254*Z13*'Données environnement'!J$58)*'Données environnement'!J$83 -> 11.43882 | U13: ='Données environnement'!J$47*Z13*'Données environnement'!J$50*'Données environnement'!J$52 -> 0.0006917411 | V13: =T13/'Données environnement'!J$28/'Données environnement'!E$96*'Données environnement'!E$97*'Données environnement'!J$29 -> 21.284173 | W13: ='Données environnement'!D$200/1000*'Données environnement'!J$45*'Données environnement'!AJ$254 -> 10.27548 | X13: =O13*P13*'Données Production '!B$29 -> 113.71087 | Y13: =X13/'Données environnement'!E$96*'Données environnement'!E$97 -> 75.807244 | Z13: =Y13+X13 -> 189.51811 | AA13: Chaudière | AB13: =Z13*(1-'Données environnement'!J$58-'Données environnement'!J$47)*'Données environnement'!AM$252 -> 0 | AC13: =Z13*(1-'Données environnement'!J$58-'Données environnement'!J$47-(1-'Données environnement'!$J$48))*'Données environnement'!AQ252 -> 0.64959228 | AD13: 0 | AE13: =AC13/'Données environnement'!J$28/'Données environnement'!E$96*'Données environnement'!E$97*'Données environnement'!J$29 -> 1.2086941 | AG13: =O13-(X13/'Données environnement'!J$33*'Données environnement'!J$28+Y13/'Données environnement'!J$32*'Données environnement'!J$29) - X13/'Données environnement'!J$34*'Données environnement'!J$28 - Y13/'Données environnement'!J$35*'Données environnement'!J$29 -> 1732.8325 | AH13: =E13-(K13+X13)*'Données environnement'!$J$28-(M13+Y13)*'Données environnement'!$J$29 -> 1712.6717 | AI13: =P13 -> 0.201 | AJ13: =Q$13-(S13/'Données environnement'!J$36 + 'Calcul simpl bovin'!U13/'Données environnement'!J$31) -> 97.369111 | AK13: =AJ13*'Données environnement'!$J$75 -> 58.421467 | AM13: =AG13*AI13*'Données environnement'!$J$74*'Données environnement'!$J$28 -> 4.8538994 | AN13: =AK13*'Données environnement'!AZ$251*'Données environnement'!$J$31 -> 7.7758972 | AO13: =AJ13*'Données environnement'!BC$251*'Données environnement'!J$31 -> 23.563325 | AP13: =AK13*0.55*0.525*'Données environnement'!J$31 -> 20.41173 | AQ13: =AJ13*'Données environnement'!BC$253*'Données environnement'!J$31 -> 5.8908312 | AS13: =(K13+T13+AC13+AM13)*'Données environnement'!$J$12 -> 886.31896 | AT13: =(J13+S13+AB13+AL13)*'Données environnement'!$J$14 -> 275.40277 | AU13: =((L13+0.5*AN13+AP13)*14/17*'Données environnement'!$J$15*44/28)*'Données environnement'!$J$14 -> 153.68181 | AV13: =AS13+AT13+AU13 -> 1315.4035
A14: VL 3 | D14: ='Données environnement'!D$196 -> 117 | E14: ='Données environnement'!D$192/1000*'Données environnement'!D$188*365 -> 1995.528 | F14: ='Données environnement'!D$226 -> 113.88 | G14: ='Données environnement'!D$208 -> 0.201 | J14: ='Calcul simpl bovin'!$F$14*'Données environnement'!$J$36*'Données environnement'!D$232 -> 0.893958 | K14: ='Calcul simpl bovin'!E$14*G$14*'Données environnement'!D$219 -> 15.642944 | L14: ='Données environnement'!$C$237 -> 19.2 | M14: =K14/'Données environnement'!J$28/'Données environnement'!E$96*'Données environnement'!E$97*'Données environnement'!J$29 -> 29.106771 | N14: Valorisation - Méthanisation mésophile individuelle | O14: =E14-K14 - M14 -> 1950.7783 | P14: =G14 -> 0.201 | Q14: =F14-J14/'Données environnement'!J$36-L14/'Données environnement'!J$31 -> 97.442831 | R14: =H14-L14/'Données environnement'!J$31 -> -15.867769 | S14: =Q14*'Données environnement'!$J$49*44/28*('Données environnement'!$J$47) -> 0.038281112 | T14: =('Données environnement'!$J$47*X14*'Données environnement'!$J$28 + 'Données environnement'!$AF$254*Z14*'Données environnement'!J$58)*'Données environnement'!J$83 -> 13.173077 | U14: ='Données environnement'!J$47*Z14*'Données environnement'!J$50*'Données environnement'!J$52 -> 0.0023853141 | V14: =T14/'Données environnement'!J$28/'Données environnement'!E$96*'Données environnement'!E$97*'Données environnement'!J$29 -> 24.511099 | W14: ='Données environnement'!D$200/1000*'Données environnement'!J$45*'Données environnement'!AJ$254 -> 10.27548 | X14: =O14*P14*'Données Production '!B$30 -> 392.10644 | Y14: =X14/'Données environnement'!E$96*'Données environnement'!E$97 -> 261.40429 | Z14: =Y14+X14 -> 653.51073 | AA14: Cogénération | AB14: 0 | AC14: =Z14*(1-'Données environnement'!J$58-'Données environnement'!J$47)*'Données environnement'!$AQ$253*'Données environnement'!$J$28 -> 0.30491326 | AD14: 0 | AE14: =AC14/'Données environnement'!J$28/'Données environnement'!E$96*'Données environnement'!E$97*'Données environnement'!J$29 -> 0.56735103 | AG14: =O14-(X14/'Données environnement'!J$33*'Données environnement'!J$28+Y14/'Données environnement'!J$32*'Données environnement'!J$29) - X14/'Données environnement'!J$34*'Données environnement'!J$28 - Y14/'Données environnement'!J$35*'Données environnement'!J$29 -> 1199.241 | AH14: =E14-(K14+X14)*'Données environnement'!$J$28-(M14+Y14)*'Données environnement'!$J$29 -> 1179.0802 | AI14: =P14 -> 0.201 | AJ14: =Q$14-(S14/'Données environnement'!J$36 + 'Calcul simpl bovin'!U14/'Données environnement'!J$31) -> 97.416477 | AK14: =AJ14*'Données environnement'!$J$75 -> 58.449886 | AM14: =AG14*AI14*'Données environnement'!$J$74*'Données environnement'!$J$28 -> 3.359237 | AN14: =AK14*'Données environnement'!AZ$251*'Données environnement'!$J$31 -> 7.7796799 | AO14: =AJ14*'Données environnement'!BC$251*'Données environnement'!J$31 -> 23.574787 | AP14: =AK14*0.55*0.525*'Données environnement'!J$31 -> 20.42166 | AQ14: =AJ14*'Données environnement'!BC$253*'Données environnement'!J$31 -> 5.8936969 | AS14: =(K14+T14+AC14+AM14)*'Données environnement'!$J$12 -> 883.46066 | AT14: =(J14+S14+AB14+AL14)*'Données environnement'!$J$14 -> 254.50128 | AU14: =((L14+0.5*AN14+AP14)*14/17*'Données environnement'!$J$15*44/28)*'Données environnement'!$J$14 -> 153.72357 | AV14: =AS14+AT14+AU14 -> 1291.6855
A15: VL 4 | C15: Stabulation logettes - FUMIER MOU | D15: ='Données environnement'!D$196 -> 117 | E15: ='Données environnement'!D$192/1000*'Données environnement'!D$188*365 -> 1995.528 | F15: ='Données environnement'!D$226 -> 113.88 | G15: ='Données environnement'!D$208 -> 0.201 | I15: FUMIER - logettes couloirs raclés / stockage fumière - Fréquence de raclage de 2 à 4 fois/jour | J15: ='Calcul simpl bovin'!$F$15*'Données environnement'!$J$36*'Données environnement'!D$231 -> 0.893958 | K15: ='Calcul simpl bovin'!E15*G15*'Données environnement'!D213 -> 8.0220226 | L15: ='Données environnement'!$C$238 -> 16.9 | M15: =K15/'Données environnement'!J$28/'Données environnement'!E$96*'Données environnement'!E$97*'Données environnement'!J$29 -> 14.926549 | N15: Pas de valorisation - filière classique stockage en fumière non couverte et épandage | O15: =E15-K15 - M15 -> 1972.5794 | P15: =G15 -> 0.201 | Q15: =F15-J15/'Données environnement'!J$36-L15/'Données environnement'!J$31 -> 99.343658 | R15: =H15-L15/'Données environnement'!J$31 -> -13.966942 | Y15: =X15/'Données environnement'!E$96*'Données environnement'!E$97 -> 0 | Z15: =Y15+X15 -> 0 | AA15: Pas de valorisation | AO15: =AJ15*'Données environnement'!BC$251*'Données environnement'!J$31 -> 0 | AP15: =Q15*'Données environnement'!J75*0.68*0.75*'Données environnement'!J$31 -> 36.782983 | AQ15: =AJ15*'Données environnement'!BC$253*'Données environnement'!J$31 -> 0 | AS15: =(K15+T15+AC15+AM15)*'Données environnement'!$J$12 -> 218.19901 | AT15: =(J15+S15+AB15+AL15)*'Données environnement'!$J$14 -> 244.05053 | AU15: =((L15+0.5*AN15+AP15)*14/17*'Données environnement'!$J$15*44/28)*'Données environnement'!$J$14 -> 189.65882 | AV15: =AS15+AT15+AU15 -> 651.90837
A16: VL 5 | D16: ='Données environnement'!D$196 -> 117 | E16: ='Données environnement'!D$192/1000*'Données environnement'!D$188*365 -> 1995.528 | F16: ='Données environnement'!D$226 -> 113.88 | G16: ='Données environnement'!D$208 -> 0.201 | J16: ='Calcul simpl bovin'!$F$15*'Données environnement'!$J$36*'Données environnement'!D$231 -> 0.893958 | K16: ='Calcul simpl bovin'!E$15*G$16*'Données environnement'!D$214 -> 6.8187192 | L16: ='Données environnement'!$C$238 -> 16.9 | M16: =K16/'Données environnement'!J$28/'Données environnement'!E$96*'Données environnement'!E$97*'Données environnement'!J$29 -> 12.687567 | N16: Valorisation - Méthanisation mésophile individuelle | O16: =E16-K16 - M16 -> 1976.0217 | P16: =G16 -> 0.201 | Q16: =F16-J16/'Données environnement'!J$36-L16/'Données environnement'!J$31 -> 99.343658 | R16: =H16-L16/'Données environnement'!J$31 -> -13.966942 | S16: =Q16*'Données environnement'!$J$49*44/28*('Données environnement'!$J$47) -> 0.039027866 | T16: =('Données environnement'!$J$47*X16*'Données environnement'!$J$28 + 'Données environnement'!$AF$254*Z16*'Données environnement'!J$58)*'Données environnement'!J$83 -> 13.343539 | U16: ='Données environnement'!J$47*Z16*'Données environnement'!J$50*'Données environnement'!J$52 -> 0.0024161806 | V16: =T16/'Données environnement'!J$28/'Données environnement'!E$96*'Données environnement'!E$97*'Données environnement'!J$29 -> 24.828277 | W16: ='Données environnement'!D$201/1000*'Données environnement'!J$45*'Données environnement'!AJ$254 -> 2.8685715 | X16: =O16*P16*'Données Production '!B$30 -> 397.18036 | Y16: =X16/'Données environnement'!E$96*'Données environnement'!E$97 -> 264.78691 | Z16: =Y16+X16 -> 661.96727 | AA16: Cogénération | AB16: 0 | AC16: =Z16*(1-'Données environnement'!J$58-'Données environnement'!J$47)*'Données environnement'!$AQ$253*'Données environnement'!$J$28 -> 0.30885889 | AD16: 0 | AE16: =AC16/'Données environnement'!J$28/'Données environnement'!E$96*'Données environnement'!E$97*'Données environnement'!J$29 -> 0.57469266 | AG16: =O16-(X16/'Données environnement'!J$33*'Données environnement'!J$28+Y16/'Données environnement'!J$32*'Données environnement'!J$29) - X16/'Données environnement'!J$34*'Données environnement'!J$28 - Y16/'Données environnement'!J$35*'Données environnement'!J$29 -> 1214.7593 | AI16: =P16 -> 0.201 | AJ16: =Q$16-(S16/'Données environnement'!J$36 + 'Calcul simpl bovin'!U16/'Données environnement'!J$31) -> 99.316802 | AK16: =AJ16*'Données environnement'!$J$75 -> 59.590081 | AM16: =AG16*AI16*'Données environnement'!$J$74*'Données environnement'!$J$28 -> 3.4027061 | AN16: =AK16*'Données environnement'!AZ$251*'Données environnement'!$J$31 -> 7.9314398 | AO16: =AJ16*'Données environnement'!BC$251*'Données environnement'!J$31 -> 24.034666 | AP16: =AK16*0.55*0.75*'Données environnement'!J$31 -> 29.742899 | AQ16: =AJ16*'Données environnement'!BC$253*'Données environnement'!J$31 -> 6.0086666 | AS16: =(K16+T16+AC16+AM16)*'Données environnement'!$J$12 -> 649.36799 | AT16: =(J16+S16+AB16+AL16)*'Données environnement'!$J$14 -> 254.70514 | AU16: =((L16+0.5*AN16+AP16)*14/17*'Données environnement'!$J$15*44/28)*'Données environnement'!$J$14 -> 178.79728 | AV16: =AS16+AT16+AU16 -> 1082.8704
A17: VL 6 | D17: ='Données environnement'!D$196 -> 117 | E17: ='Données environnement'!D$192/1000*'Données environnement'!D$188*365 -> 1995.528 | F17: ='Données environnement'!D$226 -> 113.88 | G17: ='Données environnement'!D$208 -> 0.201 | J17: ='Calcul simpl bovin'!$F$15*'Données environnement'!$J$36*'Données environnement'!D$231 -> 0.893958 | K17: ='Calcul simpl bovin'!E$15*G$17*'Données environnement'!D$214 -> 6.8187192 | L17: ='Données environnement'!$C$238 -> 16.9 | M17: =K17/'Données environnement'!J$28/'Données environnement'!E$96*'Données environnement'!E$97*'Données environnement'!J$29 -> 12.687567 | N17: Valorisation - Méthanisation collective | O17: =E17-K17 - M17 -> 1976.0217 | P17: =G17 -> 0.201 | Q17: =F17-J17/'Données environnement'!J$36-L17/'Données environnement'!J$31 -> 99.343658 | R17: =H17-L17/'Données environnement'!J$31 -> -13.966942 | S17: =Q17*'Données environnement'!$J$49*44/28*('Données environnement'!$J$47) -> 0.039027866 | T17: =('Données environnement'!$J$47*X17*'Données environnement'!$J$28 + 'Données environnement'!$AF$254*Z17*'Données environnement'!J$58)*'Données environnement'!J$83 -> 13.343539 | U17: ='Données environnement'!J$47*Z17*'Données environnement'!J$50*'Données environnement'!J$52 -> 0.0024161806 | V17: =T17/'Données environnement'!J$28/'Données environnement'!E$96*'Données environnement'!E$97*'Données environnement'!J$29 -> 24.828277 | W17: ='Données environnement'!D$201/1000*'Données environnement'!J$45*'Données environnement'!AJ$254 -> 2.8685715 | X17: =O17*P17*'Données Production '!B$30 -> 397.18036 | Y17: =X17/'Données environnement'!E$96*'Données environnement'!E$97 -> 264.78691 | Z17: =Y17+X17 -> 661.96727 | AA17: Cogénération | AB17: 0 | AC17: =Z17*(1-'Données environnement'!J$58-'Données environnement'!J$47)*'Données environnement'!$AQ$253*'Données environnement'!$J$28 -> 0.30885889 | AD17: 0 | AE17: =AC17/'Données environnement'!J$28/'Données environnement'!E$96*'Données environnement'!E$97*'Données environnement'!J$29 -> 0.57469266 | AG17: =O17-(X17/'Données environnement'!J$33*'Données environnement'!J$28+Y17/'Données environnement'!J$32*'Données environnement'!J$29) - X17/'Données environnement'!J$34*'Données environnement'!J$28 - Y17/'Données environnement'!J$35*'Données environnement'!J$29 -> 1214.7593 | AI17: =P17 -> 0.201 | AJ17: =Q$17-(S17/'Données environnement'!J$36 + 'Calcul simpl bovin'!U17/'Données environnement'!J$31) -> 99.316802 | AK17: =AJ17*'Données environnement'!$J$75 -> 59.590081 | AM17: =AG17*AI17*'Données environnement'!$J$74*'Données environnement'!$J$28 -> 3.4027061 | AN17: =AK17*'Données environnement'!AZ$251*'Données environnement'!$J$31 -> 7.9314398 | AO17: =AJ17*'Données environnement'!BC$251*'Données environnement'!J$31 -> 24.034666 | AP17: =AK17*0.55*0.75*'Données environnement'!J$31 -> 29.742899 | AQ17: =AJ17*'Données environnement'!BC$253*'Données environnement'!J$31 -> 6.0086666 | AS17: =(K17+T17+AC17+AM17)*'Données environnement'!$J$12 -> 649.36799 | AT17: =(J17+S17+AB17+AL17)*'Données environnement'!$J$14 -> 254.70514 | AU17: =((L17+0.5*AN17+AP17)*14/17*'Données environnement'!$J$15*44/28)*'Données environnement'!$J$14 -> 178.79728 | AV17: =AS17+AT17+AU17+AY17 -> 1124.7111 | AY17: ='Données environnement'!$J$22*'Données environnement'!$J$24*0.046*365 -> 41.84068
A18: VL 7 | C18: Aire paillée (+couloir raclé) - FUMIER COMPACT | D18: ='Données environnement'!D$196 -> 117 | E18: ='Données environnement'!D$192/1000*'Données environnement'!D$188*365 -> 1995.528 | F18: ='Données environnement'!D$226 -> 113.88 | G18: ='Données environnement'!D$208 -> 0.201 | I18: FUMIER - litière accumulée/malaxée - Fréquence de curage FTC "standard" avec stockage en fumière ou au champ | J18: ='Calcul simpl bovin'!$F$18*'Données environnement'!$J$36*'Données environnement'!D$230 -> 12.515412 | K18: ='Calcul simpl bovin'!E18*G18*'Données environnement'!D211 -> 12.033034 | L18: ='Données environnement'!$C$238 -> 16.9 | M18: =K18/'Données environnement'!J$28/'Données environnement'!E$96*'Données environnement'!E$97*'Données environnement'!J$29 -> 22.389824 | N18: Pas de valorisation - filière classique stockage au champ avant épandage | O18: =E18-K18 - M18 -> 1961.1051 | P18: =G18 -> 0.201 | Q18: =F18-J18/'Données environnement'!J$36-L18/'Données environnement'!J$31 -> 91.941458 | R18: =H18-L18/'Données environnement'!J$31 -> -13.966942 | AA18: Pas de valorisation | AO18: =AJ18*'Données environnement'!BC$251*'Données environnement'!J$31 -> 0 | AP18: =Q18*'Données environnement'!J75*0.68*0.75*'Données environnement'!J$31 -> 34.042244 | AQ18: =AJ18*'Données environnement'!BC$253*'Données environnement'!J$31 -> 0 | AS18: =(K18+T18+AC18+AM18)*'Données environnement'!$J$12 -> 327.29852 | AT18: =(J18+S18+AB18+AL18)*'Données environnement'!$J$14 -> 3416.7075 | AU18: =((L18+0.5*AN18+AP18)*14/17*'Données environnement'!$J$15*44/28)*'Données environnement'!$J$14 -> 179.97595 | AV18: =AS18+AT18+AU18 -> 3923.9819
A19: VL 8 | D19: ='Données environnement'!D$196 -> 117 | E19: ='Données environnement'!D$192/1000*'Données environnement'!D$188*365 -> 1995.528 | F19: ='Données environnement'!D$226 -> 113.88 | G19: ='Données environnement'!D$208 -> 0.201 | I19: FUMIER - litière accumulée/malaxée - Gestion avec prélèvements de FTC selon les besoins | J19: ='Calcul simpl bovin'!$F$18*'Données environnement'!$J$36*'Données environnement'!D$230 -> 12.515412 | K19: ='Calcul simpl bovin'!E$15*G$19*'Données environnement'!D$214 -> 6.8187192 | L19: ='Données environnement'!$C$238 -> 16.9 | M19: =K19/'Données environnement'!J$28/'Données environnement'!E$96*'Données environnement'!E$97*'Données environnement'!J$29 -> 12.687567 | N19: Valorisation - Méthanisation collective | O19: =E19-K19 - M19 -> 1976.0217 | P19: =G19 -> 0.201 | Q19: =F19-J19/'Données environnement'!J$36-L19/'Données environnement'!J$31 -> 91.941458 | R19: =H19-L19/'Données environnement'!J$31 -> -13.966942 | S19: =Q19*'Données environnement'!$J$49*44/28*('Données environnement'!$J$47) -> 0.036119858 | T19: =('Données environnement'!$J$47*X19*'Données environnement'!$J$28 + 'Données environnement'!$AF$254*Z19*'Données environnement'!J$58)*'Données environnement'!J$83 -> 13.343539 | U19: ='Données environnement'!J$47*Z19*'Données environnement'!J$50*'Données environnement'!J$52 -> 0.0024161806 | V19: =T19/'Données environnement'!J$28/'Données environnement'!E$96*'Données environnement'!E$97*'Données environnement'!J$29 -> 24.828277 | W19: ='Données environnement'!D$201/1000*'Données environnement'!J$45*'Données environnement'!AJ$254 -> 2.8685715 | X19: =O19*P19*'Données Production '!B$30 -> 397.18036 | Y19: =X19/'Données environnement'!E$96*'Données environnement'!E$97 -> 264.78691 | Z19: =Y19+X19 -> 661.96727 | AA19: Cogénération | AB19: 0 | AC19: =Z19*(1-'Données environnement'!J$58-'Données environnement'!J$47)*'Données environnement'!$AQ$253*'Données environnement'!$J$28 -> 0.30885889 | AD19: 0 | AE19: =AC19/'Données environnement'!J$28/'Données environnement'!E$96*'Données environnement'!E$97*'Données environnement'!J$29 -> 0.57469266 | AG19: =O19-(X19/'Données environnement'!J$33*'Données environnement'!J$28+Y19/'Données environnement'!J$32*'Données environnement'!J$29) - X19/'Données environnement'!J$34*'Données environnement'!J$28 - Y19/'Données environnement'!J$35*'Données environnement'!J$29 -> 1214.7593 | AI19: =P19 -> 0.201 | AJ19: =Q$19-(S19/'Données environnement'!J$36 + 'Calcul simpl bovin'!U19/'Données environnement'!J$31) -> 91.916455 | AK19: =AJ19*'Données environnement'!$J$75 -> 55.149873 | AM19: =AG19*AI19*'Données environnement'!$J$74*'Données environnement'!$J$28 -> 3.4027061 | AN19: =AK19*'Données environnement'!AZ$251*'Données environnement'!$J$31 -> 7.3404481 | AO19: =AJ19*'Données environnement'!BC$251*'Données environnement'!J$31 -> 22.243782 | AP19: =AK19*0.55*0.75*'Données environnement'!J$31 -> 27.52668 | AQ19: =AJ19*'Données environnement'!BC$253*'Données environnement'!J$31 -> 5.5609455 | AS19: =(K19+T19+AC19+AM19)*'Données environnement'!$J$12 -> 649.36799 | AT19: =(J19+S19+AB19+AL19)*'Données environnement'!$J$14 -> 3426.5682 | AU19: =((L19+0.5*AN19+AP19)*14/17*'Données environnement'!$J$15*44/28)*'Données environnement'!$J$14 -> 169.92353 | AV19: =AS19+AT19+AU19+AY19 -> 4279.5142 | AY19: ='Données environnement'!$J$22*'Données environnement'!$J$24*0.037*365 -> 33.65446
A20: VA 1 | B20: Vache allaitante | C20: Aire paillée (+couloir raclé) - FUMIER COMPACT | D20: ='Données environnement'!F$196 -> 117 | E20: ='Données environnement'!F$206*365 -> 1861.5 | F20: ='Données environnement'!F$226 -> 131.4 | G20: ='Données environnement'!F$208 -> 0.1608 | I20: FUMIER - litière accumulée/malaxée - Fréquence de curage FTC "standard" avec stockage en fumière ou au champ | J20: ='Calcul simpl bovin'!$F$20*'Données environnement'!$J$36*'Données environnement'!F$230 -> 14.44086 | K20: ='Calcul simpl bovin'!E20*G20*'Données environnement'!F212 -> 60.763828 | L20: ='Données environnement'!$C$240 -> 6.2 | M20: =K20/'Données environnement'!J$28/'Données environnement'!E$96*'Données environnement'!E$97*'Données environnement'!J$29 -> 113.06304 | N20: Pas de valorisation - filière classique stockage au champ avant épandage | O20: =E20-K20 - M20 -> 1687.6731 | P20: =G20 -> 0.1608 | Q20: =F20-J20/'Données environnement'!J$36-L20/'Données environnement'!J$31 -> 117.07803 | R20: =H20-L20/'Données environnement'!J$31 -> -5.1239669 | AO20: =AJ20*'Données environnement'!BC$251*'Données environnement'!J$31 -> 0 | AP20: =Q20*'Données environnement'!J75*0.68*0.75*'Données environnement'!J$31 -> 43.349313 | AQ20: =AJ20*'Données environnement'!BC$253*'Données environnement'!J$31 -> 0 | AS20: =(K20+T20+AC20+AM20)*'Données environnement'!$J$12 -> 1652.7761 | AT20: =(J20+S20+AB20+AL20)*'Données environnement'!$J$14 -> 3942.3548 | AU20: =((L20+0.5*AN20+AP20)*14/17*'Données environnement'!$J$15*44/28)*'Données environnement'!$J$14 -> 175.05481 | AV20: =AS20+AT20+AU20 -> 5770.1857
A21: VA 2 | D21: ='Données environnement'!F$196 -> 117 | E21: ='Données environnement'!F$206*365 -> 1861.5 | F21: ='Données environnement'!F$226 -> 131.4 | G21: ='Données environnement'!F$208 -> 0.1608 | I21: FUMIER - litière accumulée/malaxée - Gestion avec prélèvements de FTC selon les besoins | J21: ='Calcul simpl bovin'!$F$20*'Données environnement'!$J$36*'Données environnement'!F$230 -> 14.44086 | K21: ='Calcul simpl bovin'!E$20*G21*'Données environnement'!F$214 -> 5.0885964 | L21: ='Données environnement'!$C$240 -> 6.2 | M21: =K21/'Données environnement'!J$28/'Données environnement'!E$96*'Données environnement'!E$97*'Données environnement'!J$29 -> 9.4683336 | N21: Valorisation - Méthanisation collective | O21: =E21-K21 - M21 -> 1846.9431 | P21: =G21 -> 0.1608 | Q21: =F21-J21/'Données environnement'!J$36-L21/'Données environnement'!J$31 -> 117.07803 | R21: =H21-L21/'Données environnement'!J$31 -> -5.1239669 | S21: =Q21*'Données environnement'!$J$49*44/28*('Données environnement'!$J$47) -> 0.045994942 | T21: =('Données environnement'!$J$47*X21*'Données environnement'!$J$28 + 'Données environnement'!$AF$254*Z21*'Données environnement'!J$58)*'Données environnement'!J$83 -> 9.9775248 | U21: ='Données environnement'!J$47*Z21*'Données environnement'!J$50*'Données environnement'!J$52 -> 0.0018066797 | V21: =T21/'Données environnement'!J$28/'Données environnement'!E$96*'Données environnement'!E$97*'Données environnement'!J$29 -> 18.565146 | W21: ='Données environnement'!D$201/1000*'Données environnement'!J$45*'Données environnement'!AJ$254 -> 2.8685715 | X21: =O21*P21*'Données Production '!B$30 -> 296.98845 | Y21: =X21/'Données environnement'!E$96*'Données environnement'!E$97 -> 197.9923 | Z21: =Y21+X21 -> 494.98074 | AA21: Cogénération | AB21: 0 | AC21: =Z21*(1-'Données environnement'!J$58-'Données environnement'!J$47)*'Données environnement'!$AQ$253*'Données environnement'!$J$28 -> 0.23094677 | AD21: 0 | AE21: =AC21/'Données environnement'!J$28/'Données environnement'!E$96*'Données environnement'!E$97*'Données environnement'!J$29 -> 0.42972185 | AG21: =O21-(X21/'Données environnement'!J$33*'Données environnement'!J$28+Y21/'Données environnement'!J$32*'Données environnement'!J$29) - X21/'Données environnement'!J$34*'Données environnement'!J$28 - Y21/'Données environnement'!J$35*'Données environnement'!J$29 -> 1277.7152 | AI21: =P21 -> 0.1608 | AJ21: =Q$21-(S21/'Données environnement'!J$36 + 'Calcul simpl bovin'!U21/'Données environnement'!J$31) -> 117.04724 | AK21: =AJ21*'Données environnement'!$J$75 -> 70.228346 | AM21: =AG21*AI21*'Données environnement'!$J$74*'Données environnement'!$J$28 -> 2.8632433 | AN21: =AK21*'Données environnement'!AZ$251*'Données environnement'!$J$31 -> 9.3473929 | AO21: =AJ21*'Données environnement'!BC$251*'Données environnement'!J$31 -> 28.325433 | AP21: =AK21*0.55*0.75*'Données environnement'!J$31 -> 35.052723 | AQ21: =AJ21*'Données environnement'!BC$253*'Données environnement'!J$31 -> 7.0813582 | AS21: =(K21+T21+AC21+AM21)*'Données environnement'!$J$12 -> 493.96047 | AT21: =(J21+S21+AB21+AL21)*'Données environnement'!$J$14 -> 3954.9114 | AU21: =((L21+0.5*AN21+AP21)*14/17*'Données environnement'!$J$15*44/28)*'Données environnement'!$J$14 -> 162.25534 | AV21: =AS21+AT21+AU21+AY21 -> 4636.368 | AY21: ='Données environnement'!$J$22*'Données environnement'!$J$24*0.75*0.037*365 -> 25.240845
A22: VB 1 | B22: Veaux de boucherie | C22: Case collective sur caillebotis - LISIER | D22: ='Données environnement'!H$196 -> 57 | E22: ='Données environnement'!H$206*365 -> 949 | F22: ='Données environnement'!H$226 -> 15.6585 | G22: ='Données environnement'!H$208 -> 0.1206 | I22: LISIER - caillebotis / stockage sous les animaux | J22: ='Calcul simpl bovin'!$F$22*'Données environnement'!$J$36*'Données environnement'!H$234 -> 0.04916769 | K22: ='Calcul simpl bovin'!E22*G22*'Données environnement'!H218 -> 23.233228 | L22: ='Données environnement'!$C$239 -> 6.9 | M22: =K22/'Données environnement'!J$28/'Données environnement'!E$96*'Données environnement'!E$97*'Données environnement'!J$29 -> 43.229987 | N22: Pas de valorisation - filière classique stockage en fosse sous les animaux et épandage | O22: =E22-K22 - M22 -> 882.53679 | P22: =G22 -> 0.1206 | Q22: =F22-J22/'Données environnement'!J$36-L22/'Données environnement'!J$31 -> 9.9247037 | R22: =H22-L22/'Données environnement'!J$31 -> -5.7024793 | AA22: Pas de valorisation | AO22: =AJ22*'Données environnement'!BC$251*'Données environnement'!J$31 -> 0 | AP22: =Q22*'Données environnement'!J75*0.55*0.525*'Données environnement'!J$31 -> 2.0805404 | AQ22: =AJ22*'Données environnement'!BC$253*'Données environnement'!J$31 -> 0 | AS22: =(K22+T22+AC22+AM22)*'Données environnement'!$J$12 -> 631.94381 | AT22: =(J22+S22+AB22+AL22)*'Données environnement'!$J$14 -> 13.422779 | AU22: =((L22+0.5*AN22+AP22)*14/17*'Données environnement'!$J$15*44/28)*'Données environnement'!$J$14 -> 31.727721 | AV22: =AS22+AT22+AU22 -> 677.09431
A23: VB 2 | D23: ='Données environnement'!H$196 -> 57 | E23: ='Données environnement'!H$206*365 -> 949 | F23: ='Données environnement'!H$226 -> 15.6585 | G23: ='Données environnement'!H$208 -> 0.1206 | I23: Pompage quotidien | J23: ='Calcul simpl bovin'!$F$22*'Données environnement'!$J$36*'Données environnement'!H$234 -> 0.04916769 | K23: ='Calcul simpl bovin'!E$22*G$22*'Données environnement'!H$219 -> 4.4635266 | L23: ='Données environnement'!$C$239 -> 6.9 | M23: =K23/'Données environnement'!J$28/'Données environnement'!E$96*'Données environnement'!E$97*'Données environnement'!J$29 -> 8.3052684 | N23: Valorisation - Méthanisation psychrophile individuelle | O23: =E23-K23 - M23 -> 936.2312 | P23: =G23 -> 0.1206 | Q23: =F23-J23/'Données environnement'!J$36-L23/'Données environnement'!J$31 -> 9.9247037 | R23: =H23-L23/'Données environnement'!J$31 -> -5.7024793 | S23: =Q23*'Données environnement'!$J$49*44/28*('Données environnement'!$J$47+(1-'Données environnement'!$J$48)) -> 0.011696972 | T23: =('Données environnement'!$J$47*X23*'Données environnement'!$J$28 +X23*(1-'Données environnement'!J48)*'Données environnement'!J28+ 'Données environnement'!$AF$254*Z23*'Données environnement'!J$58)*'Données environnement'!J$83 -> 3.2938794 | U23: ='Données environnement'!J$47*Z23*'Données environnement'!J$50*'Données environnement'!J$52 -> 0.00019919115 | V23: =T23/'Données environnement'!J$28/'Données environnement'!E$96*'Données environnement'!E$97*'Données environnement'!J$29 -> 6.1289099 | W23: ='Données environnement'!H$200/1000*'Données environnement'!J$45*'Données environnement'!AJ$254 -> 0.9932964 | X23: =O23*P23*'Données Production '!B$29 -> 32.74375 | Y23: =X23/'Données environnement'!E$96*'Données environnement'!E$97 -> 21.829167 | Z23: =Y23+X23 -> 54.572917 | AA23: Chaudière | AB23: =Z23*(1-'Données environnement'!J$58-'Données environnement'!J$47)*'Données environnement'!AM$252 -> 0 | AC23: =Z23*(1-'Données environnement'!J$58-'Données environnement'!J$47-(1-'Données environnement'!J48))*'Données environnement'!$AQ$252 -> 0.18705413 | AD23: 0 | AE23: =AC23/'Données environnement'!J$28/'Données environnement'!E$96*'Données environnement'!E$97*'Données environnement'!J$29 -> 0.34805097 | AG23: =O23-(X23/'Données environnement'!J$33*'Données environnement'!J$28+Y23/'Données environnement'!J$32*'Données environnement'!J$29) - X23/'Données environnement'!J$34*'Données environnement'!J$28 - Y23/'Données environnement'!J$35*'Données environnement'!J$29 -> 873.47235 | AI23: =P23 -> 0.1206 | AJ23: =Q$23-(S23/'Données environnement'!J$36 + 'Calcul simpl bovin'!U23/'Données environnement'!J$31) -> 9.9170887 | AK23: =AJ23*'Données environnement'!$J$75 -> 5.9502532 | AM23: =AG23*AI23*'Données environnement'!$J$74*'Données environnement'!$J$28 -> 1.4680289 | AN23: =AK23*'Données environnement'!AZ$251*'Données environnement'!$J$31 -> 0.79197871 | AO23: =AJ23*'Données environnement'!BC$251*'Données environnement'!J$31 -> 2.3999355 | AP23: =AK23*0.55*0.525*'Données environnement'!J$31 -> 2.0789441 | AQ23: =AJ23*'Données environnement'!BC$253*'Données environnement'!J$31 -> 0.59998387 | AS23: =(K23+T23+AC23+AM23)*'Données environnement'!$J$12 -> 256.0197 | AT23: =(J23+S23+AB23+AL23)*'Données environnement'!$J$14 -> 16.616053 | AU23: =((L23+0.5*AN23+AP23)*14/17*'Données environnement'!$J$15*44/28)*'Données environnement'!$J$14 -> 33.121088 | AV23: =AS23+AT23+AU23 -> 305.75684
A24: VB 3 | D24: ='Données environnement'!H$196 -> 57 | E24: ='Données environnement'!H$206*365 -> 949 | F24: ='Données environnement'!H$226 -> 15.6585 | G24: ='Données environnement'!H$208 -> 0.1206 | I24: Pompage quotidien | J24: ='Calcul simpl bovin'!$F$22*'Données environnement'!$J$36*'Données environnement'!H$234 -> 0.04916769 | K24: ='Calcul simpl bovin'!E$22*G$22*'Données environnement'!H$219 -> 4.4635266 | L24: ='Données environnement'!$C$239 -> 6.9 | M24: =K24/'Données environnement'!J$28/'Données environnement'!E$96*'Données environnement'!E$97*'Données environnement'!J$29 -> 8.3052684 | N24: Valorisation - Méthanisation mésophile individuelle | O24: =E24-K24 - M24 -> 936.2312 | P24: =G24 -> 0.1206 | Q24: =F24-J24/'Données environnement'!J$36-L24/'Données environnement'!J$31 -> 9.9247037 | R24: =H24-L24/'Données environnement'!J$31 -> -5.7024793 | S24: =Q24*'Données environnement'!$J$49*44/28*('Données environnement'!$J$47) -> 0.0038989907 | T24: =('Données environnement'!$J$47*X24*'Données environnement'!$J$28 + 'Données environnement'!$AF$254*Z24*'Données environnement'!J$58)*'Données environnement'!J$83 -> 3.7932694 | U24: ='Données environnement'!J$47*Z24*'Données environnement'!J$50*'Données environnement'!J$52 -> 0.00068686602 | V24: =T24/'Données environnement'!J$28/'Données environnement'!E$96*'Données environnement'!E$97*'Données environnement'!J$29 -> 7.0581231 | W24: ='Données environnement'!H$200/1000*'Données environnement'!J$45*'Données environnement'!AJ$254 -> 0.9932964 | X24: =O24*P24*'Données Production '!B$30 -> 112.90948 | Y24: =X24/'Données environnement'!E$96*'Données environnement'!E$97 -> 75.272989 | Z24: =Y24+X24 -> 188.18247 | AA24: Cogénération | AB24: 0 | AC24: =Z24*(1-'Données environnement'!J$58-'Données environnement'!J$47)*'Données environnement'!$AQ$253*'Données environnement'!$J$28 -> 0.087801666 | AD24: 0 | AE24: =AC24/'Données environnement'!J$28/'Données environnement'!E$96*'Données environnement'!E$97*'Données environnement'!J$29 -> 0.16337225 | AG24: =O24-(X24/'Données environnement'!J$33*'Données environnement'!J$28+Y24/'Données environnement'!J$32*'Données environnement'!J$29) - X24/'Données environnement'!J$34*'Données environnement'!J$28 - Y24/'Données environnement'!J$35*'Données environnement'!J$29 -> 719.82136 | AI24: =P24 -> 0.1206 | AJ24: =Q$24-(S24/'Données environnement'!J$36 + 'Calcul simpl bovin'!U24/'Données environnement'!J$31) -> 9.9216526 | AK24: =AJ24*'Données environnement'!$J$75 -> 5.9529915 | AM24: =AG24*AI24*'Données environnement'!$J$74*'Données environnement'!$J$28 -> 1.2097905 | AN24: =AK24*'Données environnement'!AZ$251*'Données environnement'!$J$31 -> 0.79234317 | AO24: =AJ24*'Données environnement'!BC$251*'Données environnement'!J$31 -> 2.4010399 | AP24: =AK24*0.55*0.525*'Données environnement'!J$31 -> 2.0799008 | AQ24: =AJ24*'Données environnement'!BC$253*'Données environnement'!J$31 -> 0.60025998 | AS24: =(K24+T24+AC24+AM24)*'Données environnement'!$J$12 -> 259.87936 | AT24: =(J24+S24+AB24+AL24)*'Données environnement'!$J$14 -> 14.487204 | AU24: =((L24+0.5*AN24+AP24)*14/17*'Données environnement'!$J$15*44/28)*'Données environnement'!$J$14 -> 33.125112 | AV24: =AS24+AT24+AU24 -> 307.49167
A25: G 1 | B25: Génisse laitière | C25: Stabulation logettes - LISIER/LISIER PAILLEUX | D25: ='Données environnement'!E$196 -> 57 | E25: ='Données environnement'!E$206*365 -> 949 | F25: ='Données environnement'!E$226 -> 36.135 | G25: ='Données environnement'!E$208 -> 0.1474 | I25: LISIER - logettes couloirs raclés / stockage fosse extérieure - Fréquence de raclage "standard" 6 à 8 fois/jour | J25: ='Calcul simpl bovin'!$F25*'Données environnement'!$J$36*'Données environnement'!E$232 -> 0.28365975 | K25: ='Calcul simpl bovin'!E25*G25*'Données environnement'!E215 -> 28.396168 | L25: ='Données environnement'!$C$239 -> 6.9 | M25: =K25/'Données environnement'!J$28/'Données environnement'!E$96*'Données environnement'!E$97*'Données environnement'!J$29 -> 52.836651 | N25: Pas de valorisation - filière classique stockage en fosse non couverte et épandage | O25: =E25-K25 - M25 -> 867.76718 | P25: =G25 -> 0.1474 | Q25: =F25-J25/'Données environnement'!J$36-L25/'Données environnement'!J$31 -> 30.251846 | R25: =H25-L25/'Données environnement'!J$31 -> -5.7024793 | AA25: Pas de valorisation | AO25: =AJ25*'Données environnement'!BC$251*'Données environnement'!J$31 -> 0 | AP25: =Q25*'Données environnement'!J75*0.55*0.525*'Données environnement'!J$31 -> 6.34177 | AQ25: =AJ25*'Données environnement'!BC$253*'Données environnement'!J$31 -> 0 | AS25: =(K25+T25+AC25+AM25)*'Données environnement'!$J$12 -> 772.37576 | AT25: =(J25+S25+AB25+AL25)*'Données environnement'!$J$14 -> 77.439112 | AU25: =((L25+0.5*AN25+AP25)*14/17*'Données environnement'!$J$15*44/28)*'Données environnement'!$J$14 -> 46.782395 | AV25: =AS25+AT25+AU25 -> 896.59727
A26: G 2 | D26: ='Données environnement'!E$196 -> 57 | E26: ='Données environnement'!E$206*365 -> 949 | F26: ='Données environnement'!E$226 -> 36.135 | G26: ='Données environnement'!E$208 -> 0.1474 | I26: LISIER - logettes couloirs raclés / stockage fosse extérieure - Fréquence de raclage "optimale" 12 à 16 fois/jour | J26: ='Calcul simpl bovin'!$F26*'Données environnement'!$J$36*'Données environnement'!E$232 -> 0.28365975 | K26: ='Calcul simpl bovin'!E$25*G$25*'Données environnement'!E$219 -> 5.4554214 | L26: ='Données environnement'!$C$239 -> 6.9 | M26: =K26/'Données environnement'!J$28/'Données environnement'!E$96*'Données environnement'!E$97*'Données environnement'!J$29 -> 10.150884 | N26: Valorisation - Méthanisation psychrophile individuelle | O26: =E26-K26 - M26 -> 933.39369 | P26: =G26 -> 0.1474 | Q26: =F26-J26/'Données environnement'!J$36-L26/'Données environnement'!J$31 -> 30.251846 | R26: =H26-L26/'Données environnement'!J$31 -> -5.7024793 | S26: =Q26*'Données environnement'!$J$49*44/28*('Données environnement'!$J$47+(1-'Données environnement'!$J$48)) -> 0.035653961 | T26: =('Données environnement'!$J$47*X26*'Données environnement'!$J$28 +X26*(1-'Données environnement'!J48)*'Données environnement'!J28 + 'Données environnement'!$AF$254*Z26*'Données environnement'!J$58)*'Données environnement'!J$83 -> 4.0136511 | U26: ='Données environnement'!J$47*Z26*'Données environnement'!J$50*'Données environnement'!J$52 -> 0.00024271799 | V26: =T26/'Données environnement'!J$28/'Données environnement'!E$96*'Données environnement'!E$97*'Données environnement'!J$29 -> 7.4681866 | W26: ='Données environnement'!D$200/1000*'Données environnement'!J$45*'Données environnement'!AJ$254 -> 10.27548 | X26: =O26*P26*'Données Production '!B$29 -> 39.898847 | Y26: =X26/'Données environnement'!E$96*'Données environnement'!E$97 -> 26.599231 | Z26: =Y26+X26 -> 66.498078 | AA26: Chaudière | AB26: =Z26*(1-'Données environnement'!J$58-'Données environnement'!J$47)*'Données environnement'!AM$252 -> 0 | AC26: =Z26*(1-'Données environnement'!J$58-'Données environnement'!J$47-(1-'Données environnement'!J48))*'Données environnement'!$AQ$252 -> 0.22792881 | AD26: 0 | AE26: =AC26/'Données environnement'!J$28/'Données environnement'!E$96*'Données environnement'!E$97*'Données environnement'!J$29 -> 0.42410635 | AG26: =O26-(X26/'Données environnement'!J$33*'Données environnement'!J$28+Y26/'Données environnement'!J$32*'Données environnement'!J$29) - X26/'Données environnement'!J$34*'Données environnement'!J$28 - Y26/'Données environnement'!J$35*'Données environnement'!J$29 -> 856.92091 | AI26: =P26 -> 0.1474 | AJ26: =Q$25-(S26/'Données environnement'!J$36 + 'Calcul simpl bovin'!U26/'Données environnement'!J$31) -> 30.228936 | AK26: =AJ26*'Données environnement'!$J$75 -> 18.137361 | AM26: =AG26*AI26*'Données environnement'!$J$74*'Données environnement'!$J$28 -> 1.7602581 | AN26: =AK26*'Données environnement'!AZ$251*'Données environnement'!$J$31 -> 2.4140828 | AO26: =AJ26*'Données environnement'!BC$251*'Données environnement'!J$31 -> 7.3154024 | AP26: =AK26*0.55*0.525*'Données environnement'!J$31 -> 6.3369673 | AQ26: =AJ26*'Données environnement'!BC$253*'Données environnement'!J$31 -> 1.8288506 | AS26: =(K26+T26+AC26+AM26)*'Données environnement'!$J$12 -> 311.63746 | AT26: =(J26+S26+AB26+AL26)*'Données environnement'!$J$14 -> 87.172643 | AU26: =((L26+0.5*AN26+AP26)*14/17*'Données environnement'!$J$15*44/28)*'Données environnement'!$J$14 -> 51.029833 | AV26: =AS26+AT26+AU26 -> 449.83993
A27: G 3 | D27: ='Données environnement'!E$196 -> 57 | E27: ='Données environnement'!E$206*365 -> 949 | F27: ='Données environnement'!E$226 -> 36.135 | G27: ='Données environnement'!E$208 -> 0.1474 | J27: ='Calcul simpl bovin'!$F27*'Données environnement'!$J$36*'Données environnement'!E$232 -> 0.28365975 | K27: ='Calcul simpl bovin'!E$25*G$25*'Données environnement'!E$219 -> 5.4554214 | L27: ='Données environnement'!$C$239 -> 6.9 | M27: =K27/'Données environnement'!J$28/'Données environnement'!E$96*'Données environnement'!E$97*'Données environnement'!J$29 -> 10.150884 | N27: Valorisation - Méthanisation mésophile individuelle | O27: =E27-K27 - M27 -> 933.39369 | P27: =G27 -> 0.1474 | Q27: =F27-J27/'Données environnement'!J$36-L27/'Données environnement'!J$31 -> 30.251846 | R27: =H27-L27/'Données environnement'!J$31 -> -5.7024793 | S27: =Q27*'Données environnement'!$J$49*44/28*('Données environnement'!$J$47) -> 0.011884654 | T27: =('Données environnement'!$J$47*X27*'Données environnement'!$J$28 + 'Données environnement'!$AF$254*Z27*'Données environnement'!J$58)*'Données environnement'!J$83 -> 4.6221668 | U27: ='Données environnement'!J$47*Z27*'Données environnement'!J$50*'Données environnement'!J$52 -> 0.00083695857 | V27: =T27/'Données environnement'!J$28/'Données environnement'!E$96*'Données environnement'!E$97*'Données environnement'!J$29 -> 8.6004496 | W27: ='Données environnement'!D$200/1000*'Données environnement'!J$45*'Données environnement'!AJ$254 -> 10.27548 | X27: =O27*P27*'Données Production '!B$30 -> 137.58223 | Y27: =X27/'Données environnement'!E$96*'Données environnement'!E$97 -> 91.721487 | Z27: =Y27+X27 -> 229.30372 | AA27: Cogénération | AB27: 0 | AC27: =Z27*(1-'Données environnement'!J$58-'Données environnement'!J$47)*'Données environnement'!$AQ$253*'Données environnement'!$J$28 -> 0.1069879 | AD27: 0 | AE27: =AC27/'Données environnement'!J$28/'Données environnement'!E$96*'Données environnement'!E$97*'Données environnement'!J$29 -> 0.19907202 | AG27: =O27-(X27/'Données environnement'!J$33*'Données environnement'!J$28+Y27/'Données environnement'!J$32*'Données environnement'!J$29) - X27/'Données environnement'!J$34*'Données environnement'!J$28 - Y27/'Données environnement'!J$35*'Données environnement'!J$29 -> 669.69442 | AI27: =P27 -> 0.1474 | AJ27: =Q$25-(S27/'Données environnement'!J$36 + 'Calcul simpl bovin'!U27/'Données environnement'!J$31) -> 30.243584 | AK27: =AJ27*'Données environnement'!$J$75 -> 18.14615 | AM27: =AG27*AI27*'Données environnement'!$J$74*'Données environnement'!$J$28 -> 1.3756638 | AN27: =AK27*'Données environnement'!AZ$251*'Données environnement'!$J$31 -> 2.4152526 | AO27: =AJ27*'Données environnement'!BC$251*'Données environnement'!J$31 -> 7.3189474 | AP27: =AK27*0.55*0.525*'Données environnement'!J$31 -> 6.3400381 | AQ27: =AJ27*'Données environnement'!BC$253*'Données environnement'!J$31 -> 1.8297368 | AS27: =(K27+T27+AC27+AM27)*'Données environnement'!$J$12 -> 314.43852 | AT27: =(J27+S27+AB27+AL27)*'Données environnement'!$J$14 -> 80.683622 | AU27: =((L27+0.5*AN27+AP27)*14/17*'Données environnement'!$J$15*44/28)*'Données environnement'!$J$14 -> 51.042749 | AV27: =AS27+AT27+AU27 -> 446.16489
A28: G 4 | C28: Stabulation logettes - FUMIER MOU | D28: ='Données environnement'!E$196 -> 57 | E28: ='Données environnement'!E$206*365 -> 949 | F28: ='Données environnement'!E$226 -> 36.135 | G28: ='Données environnement'!E$208 -> 0.1474 | I28: FUMIER - logettes couloirs raclés / stockage fumière - Fréquence de raclage de 2 à 4 fois/jour | J28: ='Calcul simpl bovin'!$F28*'Données environnement'!$J$36*'Données environnement'!E$232 -> 0.28365975 | K28: ='Calcul simpl bovin'!E28*G28*'Données environnement'!E213 -> 2.797652 | L28: ='Données environnement'!$C$240 -> 6.2 | M28: =K28/'Données environnement'!J$28/'Données environnement'!E$96*'Données environnement'!E$97*'Données environnement'!J$29 -> 5.2055813 | N28: Pas de valorisation - filière classique stockage en fumière ou au champ avant épandage | O28: =E28-K28 - M28 -> 940.99677 | P28: =G28 -> 0.1474 | Q28: =F28-J28/'Données environnement'!J$36-L28/'Données environnement'!J$31 -> 30.830358 | R28: =H28-L28/'Données environnement'!J$31 -> -5.1239669 | AA28: Pas de valorisation | AO28: =AJ28*'Données environnement'!BC$251*'Données environnement'!J$31 -> 0 | AP28: =Q28*'Données environnement'!J75*0.68*0.75*'Données environnement'!J$31 -> 11.415248 | AQ28: =AJ28*'Données environnement'!BC$253*'Données environnement'!J$31 -> 0 | AS28: =(K28+T28+AC28+AM28)*'Données environnement'!$J$12 -> 76.096134 | AT28: =(J28+S28+AB28+AL28)*'Données environnement'!$J$14 -> 77.439112 | AU28: =((L28+0.5*AN28+AP28)*14/17*'Données environnement'!$J$15*44/28)*'Données environnement'!$J$14 -> 62.233636 | AV28: =AS28+AT28+AU28 -> 215.76888
A29: G 5 | D29: ='Données environnement'!E$196 -> 57 | E29: ='Données environnement'!E$206*365 -> 949 | F29: ='Données environnement'!E$226 -> 36.135 | G29: ='Données environnement'!E$208 -> 0.1474 | J29: ='Calcul simpl bovin'!$F29*'Données environnement'!$J$36*'Données environnement'!E$232 -> 0.28365975 | K29: ='Calcul simpl bovin'!E$28*G$28*'Données environnement'!E$214 -> 2.3780042 | L29: ='Données environnement'!$C$240 -> 6.2 | M29: =K29/'Données environnement'!J$28/'Données environnement'!E$96*'Données environnement'!E$97*'Données environnement'!J$29 -> 4.4247441 | N29: Valorisation - Méthanisation mésophile individuelle | O29: =E29-K29 - M29 -> 942.19725 | P29: =G29 -> 0.1474 | Q29: =F29-J29/'Données environnement'!J$36-L29/'Données environnement'!J$31 -> 30.830358 | R29: =H29-L29/'Données environnement'!J$31 -> -5.1239669 | S29: =Q29*'Données environnement'!$J$49*44/28*('Données environnement'!$J$47) -> 0.012111926 | T29: =('Données environnement'!$J$47*X29*'Données environnement'!$J$28 + 'Données environnement'!$AF$254*Z29*'Données environnement'!J$58)*'Données environnement'!J$83 -> 4.665762 | U29: ='Données environnement'!J$47*Z29*'Données environnement'!J$50*'Données environnement'!J$52 -> 0.00084485257 | V29: =T29/'Données environnement'!J$28/'Données environnement'!E$96*'Données environnement'!E$97*'Données environnement'!J$29 -> 8.6815671 | W29: ='Données environnement'!D$201/1000*'Données environnement'!J$45*'Données environnement'!AJ$254 -> 2.8685715 | X29: =O29*P29*'Données Production '!B$30 -> 138.87987 | Y29: =X29/'Données environnement'!E$96*'Données environnement'!E$97 -> 92.586583 | Z29: =Y29+X29 -> 231.46646 | AA29: Cogénération | AB29: 0 | AC29: =Z29*(1-'Données environnement'!J$58-'Données environnement'!J$47)*'Données environnement'!$AQ$253*'Données environnement'!$J$28 -> 0.10799699 | AD29: 0 | AE29: =AC29/'Données environnement'!J$28/'Données environnement'!E$96*'Données environnement'!E$97*'Données environnement'!J$29 -> 0.20094962 | AG29: =O29-(X29/'Données environnement'!J$33*'Données environnement'!J$28+Y29/'Données environnement'!J$32*'Données environnement'!J$29) - X29/'Données environnement'!J$34*'Données environnement'!J$28 - Y29/'Données environnement'!J$35*'Données environnement'!J$29 -> 676.01082 | AI29: =P29 -> 0.1474 | AJ29: =Q$28-(S29/'Données environnement'!J$36 + 'Calcul simpl bovin'!U29/'Données environnement'!J$31) -> 30.821945 | AK29: =AJ29*'Données environnement'!$J$75 -> 18.493167 | AM29: =AG29*AI29*'Données environnement'!$J$74*'Données environnement'!$J$28 -> 1.3886387 | AN29: =AK29*'Données environnement'!AZ$251*'Données environnement'!$J$31 -> 2.4614405 | AO29: =AJ29*'Données environnement'!BC$251*'Données environnement'!J$31 -> 7.4589107 | AP29: =AK29*0.55*0.75*'Données environnement'!J$31 -> 9.230402 | AQ29: =AJ29*'Données environnement'!BC$253*'Données environnement'!J$31 -> 1.8647277 | AS29: =(K29+T29+AC29+AM29)*'Données environnement'!$J$12 -> 232.29893 | AT29: =(J29+S29+AB29+AL29)*'Données environnement'!$J$14 -> 80.745668 | AU29: =((L29+0.5*AN29+AP29)*14/17*'Données environnement'!$J$15*44/28)*'Données environnement'!$J$14 -> 58.862765 | AV29: =AS29+AT29+AU29 -> 371.90736
A30: G 6 | D30: ='Données environnement'!E$196 -> 57 | E30: ='Données environnement'!E$206*365 -> 949 | F30: ='Données environnement'!E$226 -> 36.135 | G30: ='Données environnement'!E$208 -> 0.1474 | J30: ='Calcul simpl bovin'!$F30*'Données environnement'!$J$36*'Données environnement'!E$232 -> 0.28365975 | K30: ='Calcul simpl bovin'!E$28*G$28*'Données environnement'!E$214 -> 2.3780042 | L30: ='Données environnement'!$C$240 -> 6.2 | M30: =K30/'Données environnement'!J$28/'Données environnement'!E$96*'Données environnement'!E$97*'Données environnement'!J$29 -> 4.4247441 | N30: Valorisation - Méthanisation collective | O30: =E30-K30 - M30 -> 942.19725 | P30: =G30 -> 0.1474 | Q30: =F30-J30/'Données environnement'!J$36-L30/'Données environnement'!J$31 -> 30.830358 | R30: =H30-L30/'Données environnement'!J$31 -> -5.1239669 | S30: =Q30*'Données environnement'!$J$49*44/28*('Données environnement'!$J$47) -> 0.012111926 | T30: =('Données environnement'!$J$47*X30*'Données environnement'!$J$28 + 'Données environnement'!$AF$254*Z30*'Données environnement'!J$58)*'Données environnement'!J$83 -> 4.665762 | U30: ='Données environnement'!J$47*Z30*'Données environnement'!J$50*'Données environnement'!J$52 -> 0.00084485257 | V30: =T30/'Données environnement'!J$28/'Données environnement'!E$96*'Données environnement'!E$97*'Données environnement'!J$29 -> 8.6815671 | W30: ='Données environnement'!D$201/1000*'Données environnement'!J$45*'Données environnement'!AJ$254 -> 2.8685715 | X30: =O30*P30*'Données Production '!B$30 -> 138.87987 | Y30: =X30/'Données environnement'!E$96*'Données environnement'!E$97 -> 92.586583 | Z30: =Y30+X30 -> 231.46646 | AA30: Cogénération | AB30: 0 | AC30: =Z30*(1-'Données environnement'!J$58-'Données environnement'!J$47)*'Données environnement'!$AQ$253*'Données environnement'!$J$28 -> 0.10799699 | AD30: 0 | AE30: =AC30/'Données environnement'!J$28/'Données environnement'!E$96*'Données environnement'!E$97*'Données environnement'!J$29 -> 0.20094962 | AG30: =O30-(X30/'Données environnement'!J$33*'Données environnement'!J$28+Y30/'Données environnement'!J$32*'Données environnement'!J$29) - X30/'Données environnement'!J$34*'Données environnement'!J$28 - Y30/'Données environnement'!J$35*'Données environnement'!J$29 -> 676.01082 | AI30: =P30 -> 0.1474 | AJ30: =Q$28-(S30/'Données environnement'!J$36 + 'Calcul simpl bovin'!U30/'Données environnement'!J$31) -> 30.821945 | AK30: =AJ30*'Données environnement'!$J$75 -> 18.493167 | AM30: =AG30*AI30*'Données environnement'!$J$74*'Données environnement'!$J$28 -> 1.3886387 | AN30: =AK30*'Données environnement'!AZ$251*'Données environnement'!$J$31 -> 2.4614405 | AO30: =AJ30*'Données environnement'!BC$251*'Données environnement'!J$31 -> 7.4589107 | AP30: =AK30*0.55*0.75*'Données environnement'!J$31 -> 9.230402 | AQ30: =AJ30*'Données environnement'!BC$253*'Données environnement'!J$31 -> 1.8647277 | AS30: =(K30+T30+AC30+AM30)*'Données environnement'!$J$12 -> 232.29893 | AT30: =(J30+S30+AB30+AL30)*'Données environnement'!$J$14 -> 80.745668 | AU30: =((L30+0.5*AN30+AP30)*14/17*'Données environnement'!$J$15*44/28)*'Données environnement'!$J$14 -> 58.862765 | AV30: =AS30+AT30+AU30+AY30 -> 403.28787 | AY30: ='Données environnement'!$J$22*'Données environnement'!$J$24*0.75*0.046*365 -> 31.38051
A31: G 7 | C31: Aire paillée (+couloir raclé) - FUMIER COMPACT | D31: ='Données environnement'!E$196 -> 57 | E31: ='Données environnement'!E$206*365 -> 949 | F31: ='Données environnement'!E$226 -> 36.135 | G31: ='Données environnement'!E$208 -> 0.1474 | I31: FUMIER - litière accumulée/malaxée - Fréquence de curage FTC "standard" avec stockage en fumière ou au champ | J31: ='Calcul simpl bovin'!$F31*'Données environnement'!$J$36*'Données environnement'!E$230 -> 3.9712365 | K31: ='Calcul simpl bovin'!E31*G31*'Données environnement'!E212 -> 28.396168 | L31: ='Données environnement'!$C$240 -> 6.2 | M31: =K31/'Données environnement'!J$28/'Données environnement'!E$96*'Données environnement'!E$97*'Données environnement'!J$29 -> 52.836651 | N31: Pas de valorisation - filière classique stockage en fumière ou au champ avant épandage | O31: =E31-K31 - M31 -> 867.76718 | P31: =G31 -> 0.1474 | Q31: =F31-J31/'Données environnement'!J$36-L31/'Données environnement'!J$31 -> 28.481583 | R31: =H31-L31/'Données environnement'!J$31 -> -5.1239669 | AA31: Pas de valorisation | AO31: =AJ31*'Données environnement'!BC$251*'Données environnement'!J$31 -> 0 | AP31: =Q31*'Données environnement'!J75*0.68*0.75*'Données environnement'!J$31 -> 10.545591 | AQ31: =AJ31*'Données environnement'!BC$253*'Données environnement'!J$31 -> 0 | AS31: =(K31+T31+AC31+AM31)*'Données environnement'!$J$12 -> 772.37576 | AT31: =(J31+S31+AB31+AL31)*'Données environnement'!$J$14 -> 1084.1476 | AU31: =((L31+0.5*AN31+AP31)*14/17*'Données environnement'!$J$15*44/28)*'Données environnement'!$J$14 -> 59.161188 | AV31: =AS31+AT31+AU31 -> 1915.6845
A32: G 8 | D32: ='Données environnement'!E$196 -> 57 | E32: ='Données environnement'!E$206*365 -> 949 | F32: ='Données environnement'!E$226 -> 36.135 | G32: ='Données environnement'!E$208 -> 0.1474 | I32: FUMIER - litière accumulée/malaxée - Gestion avec prélèvements de FTC selon les besoins | J32: ='Calcul simpl bovin'!$F32*'Données environnement'!$J$36*'Données environnement'!E$230 -> 3.9712365 | K32: ='Calcul simpl bovin'!E31*G$28*'Données environnement'!E$214 -> 2.3780042 | L32: ='Données environnement'!$C$240 -> 6.2 | M32: =K32/'Données environnement'!J$28/'Données environnement'!E$96*'Données environnement'!E$97*'Données environnement'!J$29 -> 4.4247441 | N32: Valorisation - Méthanisation collective | O32: =E32-K32 - M32 -> 942.19725 | P32: =G32 -> 0.1474 | Q32: =F32-J32/'Données environnement'!J$36-L32/'Données environnement'!J$31 -> 28.481583 | R32: =H32-L32/'Données environnement'!J$31 -> -5.1239669 | S32: =Q32*'Données environnement'!$J$49*44/28*('Données environnement'!$J$47) -> 0.011189193 | T32: =('Données environnement'!$J$47*X32*'Données environnement'!$J$28 + 'Données environnement'!$AF$254*Z32*'Données environnement'!J$58)*'Données environnement'!J$83 -> 4.665762 | U32: ='Données environnement'!J$47*Z32*'Données environnement'!J$50*'Données environnement'!J$52 -> 0.00084485257 | V32: =T32/'Données environnement'!J$28/'Données environnement'!E$96*'Données environnement'!E$97*'Données environnement'!J$29 -> 8.6815671 | W32: ='Données environnement'!D$201/1000*'Données environnement'!J$45*'Données environnement'!AJ$254 -> 2.8685715 | X32: =O32*P32*'Données Production '!B$30 -> 138.87987 | Y32: =X32/'Données environnement'!E$96*'Données environnement'!E$97 -> 92.586583 | Z32: =Y32+X32 -> 231.46646 | AA32: Cogénération | AB32: 0 | AC32: =Z32*(1-'Données environnement'!J$58-'Données environnement'!J$47)*'Données environnement'!$AQ$253*'Données environnement'!$J$28 -> 0.10799699 | AD32: 0 | AE32: =AC32/'Données environnement'!J$28/'Données environnement'!E$96*'Données environnement'!E$97*'Données environnement'!J$29 -> 0.20094962 | AG32: =O32-(X32/'Données environnement'!J$33*'Données environnement'!J$28+Y32/'Données environnement'!J$32*'Données environnement'!J$29) - X32/'Données environnement'!J$34*'Données environnement'!J$28 - Y32/'Données environnement'!J$35*'Données environnement'!J$29 -> 676.01082 | AI32: =P32 -> 0.1474 | AJ32: =Q$31-(S32/'Données environnement'!J$36 + 'Calcul simpl bovin'!U32/'Données environnement'!J$31) -> 28.473758 | AK32: =AJ32*'Données environnement'!$J$75 -> 17.084255 | AM32: =AG32*AI32*'Données environnement'!$J$74*'Données environnement'!$J$28 -> 1.3886387 | AN32: =AK32*'Données environnement'!AZ$251*'Données environnement'!$J$31 -> 2.2739143 | AO32: =AJ32*'Données environnement'!BC$251*'Données environnement'!J$31 -> 6.8906494 | AP32: =AK32*0.55*0.75*'Données environnement'!J$31 -> 8.5271787 | AQ32: =AJ32*'Données environnement'!BC$253*'Données environnement'!J$31 -> 1.7226624 | AS32: =(K32+T32+AC32+AM32)*'Données environnement'!$J$12 -> 232.29893 | AT32: =(J32+S32+AB32+AL32)*'Données environnement'!$J$14 -> 1087.2022 | AU32: =((L32+0.5*AN32+AP32)*14/17*'Données environnement'!$J$15*44/28)*'Données environnement'!$J$14 -> 56.047059 | AV32: =AS32+AT32+AU32+AY32 -> 1400.789 | AY32: ='Données environnement'!$J$22*'Données environnement'!$J$24*0.75*0.037*365 -> 25.240845
A33: Ta 1 | B33: Taurillons | C33: Aire paillée (+couloir raclé) - FUMIER COMPACT | D33: ='Données environnement'!G$196 -> 57 | E33: ='Données environnement'!G$206*365 -> 949 | F33: ='Données environnement'!G$226 -> 42.1575 | G33: ='Données environnement'!G$208 -> 0.1206 | I33: FUMIER - litière accumulée/malaxée - Fréquence de curage FTC "standard" avec stockage en fumière ou au champ | J33: ='Calcul simpl bovin'!$F33*'Données environnement'!$J$36*'Données environnement'!G$230 -> 4.6331093 | K33: ='Calcul simpl bovin'!E33*G33*'Données environnement'!G212 -> 23.233228 | L33: ='Données environnement'!$C$240 -> 6.2 | M33: =K33/'Données environnement'!J$28/'Données environnement'!E$96*'Données environnement'!E$97*'Données environnement'!J$29 -> 43.229987 | N33: Pas de valorisation - filière classique stockage en fumière ou au champ avant épandage | O33: =E33-K33 - M33 -> 882.53679 | P33: =G33 -> 0.1206 | Q33: =F33-J33/'Données environnement'!J$36-L33/'Données environnement'!J$31 -> 34.082508 | R33: =H33-L33/'Données environnement'!J$31 -> -5.1239669 | AA33: Pas de valorisation | AO33: =AJ33*'Données environnement'!BC$251*'Données environnement'!J$31 -> 0 | AP33: =Q33*'Données environnement'!J75*0.68*0.75*'Données environnement'!J$31 -> 12.619389 | AQ33: =AJ33*'Données environnement'!BC$253*'Données environnement'!J$31 -> 0 | AS33: =(K33+T33+AC33+AM33)*'Données environnement'!$J$12 -> 631.94381 | AT33: =(J33+S33+AB33+AL33)*'Données environnement'!$J$14 -> 1264.8388 | AU33: =((L33+0.5*AN33+AP33)*14/17*'Données environnement'!$J$15*44/28)*'Données environnement'!$J$14 -> 66.487796 | AV33: =AS33+AT33+AU33 -> 1963.2704
A34: Ta 2 | D34: ='Données environnement'!G$196 -> 57 | E34: ='Données environnement'!G$206*365 -> 949 | F34: ='Données environnement'!G$226 -> 42.1575 | G34: ='Données environnement'!G$208 -> 0.1206 | I34: FUMIER - litière accumulée/malaxée - Gestion avec prélèvements de FTC selon les besoins | J34: ='Calcul simpl bovin'!$F34*'Données environnement'!$J$36*'Données environnement'!G$230 -> 4.6331093 | K34: ='Calcul simpl bovin'!E$33*G$33*'Données environnement'!G$214 -> 1.9456398 | L34: ='Données environnement'!$C$240 -> 6.2 | M34: =K34/'Données environnement'!J$28/'Données environnement'!E$96*'Données environnement'!E$97*'Données environnement'!J$29 -> 3.6202452 | N34: Valorisation - Méthanisation collective | O34: =E34-K34 - M34 -> 943.43412 | P34: =G34 -> 0.1206 | Q34: =F34-J34/'Données environnement'!J$36-L34/'Données environnement'!J$31 -> 34.082508 | R34: =H34-L34/'Données environnement'!J$31 -> -5.1239669 | S34: =Q34*'Données environnement'!$J$49*44/28*('Données environnement'!$J$47) -> 0.013389557 | T34: =('Données environnement'!$J$47*X34*'Données environnement'!$J$28 + 'Données environnement'!$AF$254*Z34*'Données environnement'!J$58)*'Données environnement'!J$83 -> 3.8224529 | U34: ='Données environnement'!J$47*Z34*'Données environnement'!J$50*'Données environnement'!J$52 -> 0.00069215044 | V34: =T34/'Données environnement'!J$28/'Données environnement'!E$96*'Données environnement'!E$97*'Données environnement'!J$29 -> 7.1124249 | W34: ='Données environnement'!D$201/1000*'Données environnement'!J$45*'Données environnement'!AJ$254 -> 2.8685715 | X34: =O34*P34*'Données Production '!B$30 -> 113.77815 | Y34: =X34/'Données environnement'!E$96*'Données environnement'!E$97 -> 75.852103 | Z34: =Y34+X34 -> 189.63026 | AA34: Cogénération | AB34: 0 | AC34: =Z34*(1-'Données environnement'!J$58-'Données environnement'!J$47)*'Données environnement'!$AQ$253*'Données environnement'!$J$28 -> 0.08847717 | AD34: 0 | AE34: =AC34/'Données environnement'!J$28/'Données environnement'!E$96*'Données environnement'!E$97*'Données environnement'!J$29 -> 0.16462916 | AG34: =O34-(X34/'Données environnement'!J$33*'Données environnement'!J$28+Y34/'Données environnement'!J$32*'Données environnement'!J$29) - X34/'Données environnement'!J$34*'Données environnement'!J$28 - Y34/'Données environnement'!J$35*'Données environnement'!J$29 -> 725.35932 | AI34: =P34 -> 0.1206 | AJ34: =Q$33-(S34/'Données environnement'!J$36 + 'Calcul simpl bovin'!U34/'Données environnement'!J$31) -> 34.073408 | AK34: =AJ34*'Données environnement'!$J$75 -> 20.444045 | AM34: =AG34*AI34*'Données environnement'!$J$74*'Données environnement'!$J$28 -> 1.2190981 | AN34: =AK34*'Données environnement'!AZ$251*'Données environnement'!$J$31 -> 2.7211023 | AO34: =AJ34*'Données environnement'!BC$251*'Données environnement'!J$31 -> 8.2457647 | AP34: =AK34*0.55*0.75*'Données environnement'!J$31 -> 10.204134 | AQ34: =AJ34*'Données environnement'!BC$253*'Données environnement'!J$31 -> 2.0614412 | AS34: =(K34+T34+AC34+AM34)*'Données environnement'!$J$12 -> 192.45817 | AT34: =(J34+S34+AB34+AL34)*'Données environnement'!$J$14 -> 1268.4942 | AU34: =((L34+0.5*AN34+AP34)*14/17*'Données environnement'!$J$15*44/28)*'Données environnement'!$J$14 -> 62.761587 | AV34: =AS34+AT34+AU34+AY34 -> 1547.2721 | AY34: ='Données environnement'!$J$22*'Données environnement'!$J$24*0.7*0.037*365 -> 23.558122

Sheet  Calcul simpl porc
A1: Calcul environnemental
W2: Biométhane
D4: Conduite d'élevage | L4: En fin de batiment | P4: Méthanisation | W4: Combustion du biométhane | AA4: Stockage du digestat et du lisier brut | AH4: Epandage digestat effluents kg/place/an
D5: Quantités excrétées kg/place/an | H5: Emissions de GES dans le batiment en kg/place/an | L5: Entrée kg/place/an | T5: Emissions de GES /place/an | X5: Emissions de GES effluents m3/place/an | AA5: Bilan matière entrée stockage effluents kg/place/an | AE5: Emissions kg/place/an | AH5: Buse palette | AI5: Pendillard | AJ5: Injection | AL5: Equivalent CO2 (en kg/place/an)
R6: Production brute en m3/place/an | T6: Dues au traitement/processus de méthanisation effluents | AE6: effluents | AK6: Issu | AL6: Issu | AM6: Issu | AN6: soit Eq.
D7: MO kg/place/an | E7: N kg/place/an | F7: BMP L/kg de MV | G7: dont TAN | H7: N2O | I7: CH4 | J7: CO2 | K7: NH3 | L7: TAN stockée | M7: BMP L/kg de MV | N7: MO | O7: N résiduel | Q7: CH4 | R7: CO2 | S7: Biogaz | T7: N2O kg/place | U7: CH4 kg/place | V7: NH3 kg/place | X7: N2O | Y7: CH4 | Z7: NH3 | AA7: TAN stockée | AB7: BMP m3 de CH4/t de MO | AC7: MO kg/Pl/an | AD7: N stocké total | AE7: N2O | AF7: CH4 | AG7: NH3 | AH7: NH3 | AI7: NH3 | AJ7: NH3 | AK7: CH4 | AL7: N2O (dir.) | AM7: N2O (indirect.) | AN7: CO2
A8: PC 1 | B8: Porc Charcutier | C8: Fosse sous CI | D8: 122 | E8: ='Données environnement'!$H$293 -> 10.672 | F8: 450 | G8: ='Données environnement'!$I$293 -> 7.4704 | H8: ='Données environnement'!R$251*' Calcul simpl porc'!E8*'Données environnement'!J$36 -> 0.03351008 | I8: ='Données environnement'!$I$254*D8*F8/1000*'Données environnement'!$J$28 + 1.5 -> 4.9024275 | J8: ='Données environnement'!E$97/'Données environnement'!E$96*I8/'Données environnement'!J$28*'Données environnement'!J$29 -> 9.1219298 | K8: ='Données environnement'!K$254*G8*'Données environnement'!J$31 -> 2.4405797 | L8: =G8-K8/'Données environnement'!$J$31 -> 5.453392 | M8: 333 | N8: =D8-H8-I8-J8-K8 -> 105.50155 | O8: =E8-(' Calcul simpl porc'!H8/'Données environnement'!$J$36 + ' Calcul simpl porc'!K8/'Données environnement'!$J$31) -> 8.633648 | P8: Fosse extérieure | W8: Pas de valorisation | AA8: =L8 -> 5.453392 | AB8: 333 | AC8: =N8 -> 105.50155 | AD8: =O8 -> 8.633648 | AE8: =AD8*'Données environnement'!AV$251*'Données environnement'!J$36 -> 0 | AF8: =AB8*AC8/1000*'Données environnement'!$J$28*'Données environnement'!$J$39 -> 6.8261509 | AG8: =AA8*'Données environnement'!AZ$251*'Données environnement'!$J$31 -> 0.72584648 | AH8: =AD8*'Données environnement'!BC$251*'Données environnement'!J$31 -> 2.0893428 | AI8: =(AA8-(AG8/'Données environnement'!$J$31))*0.4*0.525*'Données environnement'!J$31 -> 1.2332791 | AJ8: =AD8*'Données environnement'!BC$253*'Données environnement'!J$31 -> 0.5223357 | AK8: =(I8+AF8+U8+Y8)*'Données environnement'!$J$12 -> 319.01733 | AL8: =(H8+T8+X8+AE8)*'Données environnement'!$J$14 -> 9.1482518 | AM8: =((K8+V8+Z8+AG8+AI8)*14/17*'Données environnement'!$J$15*44/28)*'Données environnement'!$J$14 -> 15.5439 | AN8: =AK8+AL8+AM8 -> 343.70949
A9: PC 2 | C9: Fosse sous CI | D9: 122 | E9: ='Données environnement'!$H$293 -> 10.672 | F9: 450 | G9: ='Données environnement'!$I$293 -> 7.4704 | H9: ='Données environnement'!R$251*' Calcul simpl porc'!E9*'Données environnement'!J$36 -> 0.03351008 | I9: ='Données environnement'!$I$254*D9*F9/1000*'Données environnement'!$J$28 + 1.5 -> 4.9024275 | J9: ='Données environnement'!E$97/'Données environnement'!E$96*I9/'Données environnement'!J$28*'Données environnement'!J$29 -> 9.1219298 | K9: ='Données environnement'!K$254*G9*'Données environnement'!J$31 -> 2.4405797 | L9: =G9-K9/'Données environnement'!$J$31 -> 5.453392 | M9: 333 | N9: =D9-H9-I9-J9-K9 -> 105.50155 | O9: =E9-(' Calcul simpl porc'!H9/'Données environnement'!$J$36 + ' Calcul simpl porc'!K9/'Données environnement'!$J$31) -> 8.633648 | P9: M psychrophile | Q9: =$M$9/1000*$N$9*'Données Production '!$B$29 -> 10.188285 | R9: =Q9/'Données environnement'!$E$96*'Données environnement'!$E$97 -> 6.79219 | S9: =Q9+R9 -> 16.980475 | T9: =O9*'Données environnement'!$J$49*44/28*('Données environnement'!$J$47+(1-'Données environnement'!$J$48)) -> 0.010175371 | U9: =Q9*'Données environnement'!$J$28*('Données environnement'!$J$47+(1-'Données environnement'!$J$48))+S9*'Données environnement'!$AF$254*'Données environnement'!$J$58 -> 1.0248973 | W9: Chaudière | Y9: =S9*(1-'Données environnement'!$J$58-'Données environnement'!$J$47-(1-'Données environnement'!$J$48))*'Données environnement'!$AQ$252 -> 0.058202276 | AA9: =AD9*'Données environnement'!$J$77 -> 6.0435536 | AB9: =M9 -> 333 | AC9: =N9-(Q9/'Données environnement'!$J$33*'Données environnement'!$J$28+' Calcul simpl porc'!R9/'Données environnement'!$J$32*'Données environnement'!$J$29)-' Calcul simpl porc'!Q9/'Données environnement'!$J$34*'Données environnement'!$J$28-' Calcul simpl porc'!R9/'Données environnement'!$J$35*'Données environnement'!$J$29 -> 85.974007 | AD9: =O9 -> 8.633648 | AE9: =AD9*'Données environnement'!AV$251*'Données environnement'!J$36 -> 0 | AF9: =AB9*AC9/1000*'Données environnement'!$J$28*'Données environnement'!$J$74 -> 0.39897854 | AG9: =AA9*'Données environnement'!AZ$251*'Données environnement'!$J$31 -> 0.80439698 | AH9: =AD9*'Données environnement'!BC$251*'Données environnement'!J$31 -> 2.0893428 | AI9: =(AA9-(AG9/'Données environnement'!$J$31))*0.4*0.525*'Données environnement'!J$31 -> 1.3667436 | AJ9: =AD9*'Données environnement'!BC$253*'Données environnement'!J$31 -> 0.5223357 | AK9: =(I9+AF9+U9+Y9)*'Données environnement'!$J$12 -> 173.65855 | AL9: =(H9+T9+X9+AE9)*'Données environnement'!$J$14 -> 11.926128 | AM9: =((K9+V9+Z9+AG9+AI9)*14/17*'Données environnement'!$J$15*44/28)*'Données environnement'!$J$14 -> 16.292936 | AN9: =AK9+AL9+AM9 -> 201.87762
A10: PC 21 | C10: Fosse sous CI | D10: 122 | E10: ='Données environnement'!$H$293 -> 10.672 | F10: 450 | G10: ='Données environnement'!$I$293 -> 7.4704 | H10: ='Données environnement'!R$251*' Calcul simpl porc'!E10*'Données environnement'!J$36 -> 0.03351008 | I10: ='Données environnement'!$I$254*D10*F10/1000*'Données environnement'!$J$28 + 1.5 -> 4.9024275 | K10: ='Données environnement'!K$254*G10*'Données environnement'!J$31 -> 2.4405797 | N10: =N9 -> 105.50155 | O10: =O9 -> 8.633648 | P10: M mésophile | Q10: =$M$9/1000*$N$9*'Données Production '!$B$30 -> 35.132017 | R10: =Q10/'Données environnement'!$E$96*'Données environnement'!$E$97 -> 23.421345 | S10: =Q10+R10 -> 58.553362 | T10: =O9*'Données environnement'!$J$49*44/28*('Données environnement'!$J$47) -> 0.0033917903 | U10: =Q10*'Données environnement'!$J$28*('Données environnement'!$J$47)+S10*'Données environnement'!$AF$254*'Données environnement'!$J$58 -> 1.1802835 | W10: Cogé | Y10: =S10*(1-'Données environnement'!$J$58-'Données environnement'!$J$47)*'Données environnement'!$AQ$253*'Données environnement'!$J$28 -> 0.027319668 | AA10: =AD10*'Données environnement'!$J$77 -> 6.0435536 | AB10: =M9 -> 333 | AC10: =N10-(Q10/'Données environnement'!$J$33*'Données environnement'!$J$28+' Calcul simpl porc'!R10/'Données environnement'!$J$32*'Données environnement'!$J$29)-' Calcul simpl porc'!Q10/'Données environnement'!$J$34*'Données environnement'!$J$28-' Calcul simpl porc'!R10/'Données environnement'!$J$35*'Données environnement'!$J$29 -> 38.165187 | AD10: =O10 -> 8.633648 | AF10: =AB10*AC10/1000*'Données environnement'!$J$28*'Données environnement'!$J$74 -> 0.17711272 | AG10: =AA10*'Données environnement'!AZ$251*'Données environnement'!$J$31 -> 0.80439698 | AI10: =(AA10-(AG10/'Données environnement'!$J$31))*0.4*0.525*'Données environnement'!J$31 -> 1.3667436 | AK10: =(I10+AF10+U10+Y10)*'Données environnement'!$J$12 -> 171.0103 | AL10: =(H10+T10+X10+AE10)*'Données environnement'!$J$14 -> 10.074211 | AM10: =((K10+V10+Z10+AG10+AI10)*14/17*'Données environnement'!$J$15*44/28)*'Données environnement'!$J$14 -> 16.292936 | AN10: =AK10+AL10+AM10 -> 197.37745
A11: PC 4 | C11: Raclage à plat | D11: 122 | E11: ='Données environnement'!$H$293 -> 10.672 | F11: 450 | G11: ='Données environnement'!$I$293 -> 7.4704 | H11: 0 | I11: =0.0037*D11*F11/1000*'Données environnement'!$J$28 + 1.5 -> 1.6360971 | J11: ='Données environnement'!E$97/'Données environnement'!E$96*I11/'Données environnement'!J$28*'Données environnement'!J$29 -> 3.0442802 | K11: ='Données environnement'!K$254*G11*'Données environnement'!J$31*0.55 -> 1.3423188 | L11: =G11-K11/'Données environnement'!$J$31 -> 6.3610456 | M11: 354 | N11: =D11-H11-I11-J11-K11 -> 115.9773 | O11: =E11-(' Calcul simpl porc'!H11/'Données environnement'!$J$36 + ' Calcul simpl porc'!K11/'Données environnement'!$J$31) -> 9.5626456 | P11: M mésophile | Q11: =M11/1000*N11*'Données Production '!$B$30 -> 41.055966 | R11: =Q11/'Données environnement'!$E$96*'Données environnement'!$E$97 -> 27.370644 | S11: =Q11+R11 -> 68.426609 | T11: =O11*'Données environnement'!$J$49*44/28*('Données environnement'!$J$47) -> 0.0037567536 | U11: =Q11*'Données environnement'!$J$28*('Données environnement'!$J$47)+S11*'Données environnement'!$AF$254*'Données environnement'!$J$58 -> 1.3793025 | W11: Cogé | Y11: =S11*(1-'Données environnement'!$J$58-'Données environnement'!$J$47)*'Données environnement'!$AQ$253*'Données environnement'!$J$28 -> 0.031926301 | AA11: =AD11*'Données environnement'!$J$77 -> 6.6938519 | AB11: =M11 -> 354 | AC11: =N11-(Q11/'Données environnement'!$J$33*'Données environnement'!$J$28+' Calcul simpl porc'!R11/'Données environnement'!$J$32*'Données environnement'!$J$29)-' Calcul simpl porc'!Q11/'Données environnement'!$J$34*'Données environnement'!$J$28-' Calcul simpl porc'!R11/'Données environnement'!$J$35*'Données environnement'!$J$29 -> 37.286703 | AD11: =O11 -> 9.5626456 | AE11: =AD11*'Données environnement'!AV$251*'Données environnement'!J$36 -> 0 | AF11: =AB11*AC11/1000*'Données environnement'!$J$28*'Données environnement'!$J$74 -> 0.18394813 | AG11: =AA11*'Données environnement'!AZ$251*'Données environnement'!$J$31 -> 0.89095169 | AH11: =AD11*'Données environnement'!BC$251*'Données environnement'!J$31 -> 2.3141602 | AI11: =(AA11-(AG11/'Données environnement'!$J$31))*0.4*0.525*'Données environnement'!J$31 -> 1.5138079 | AJ11: =AD11*'Données environnement'!BC$253*'Données environnement'!J$31 -> 0.57854006 | AK11: =(I11+AF11+U11+Y11)*'Données environnement'!$J$12 -> 87.890655 | AL11: =(H11+T11+X11+AE11)*'Données environnement'!$J$14 -> 1.0255937 | AM11: =((K11+V11+Z11+AG11+AI11)*14/17*'Données environnement'!$J$15*44/28)*'Données environnement'!$J$14 -> 13.238208 | AN11: =AK11+AL11+AM11 -> 102.15446
A12: PC 3 | C12: Raclage à plat | D12: 122 | E12: ='Données environnement'!$H$293 -> 10.672 | F12: 450 | G12: ='Données environnement'!$I$293 -> 7.4704 | H12: 0 | I12: =0.0037*D12*F12/1000*'Données environnement'!$J$28 + 1.5 -> 1.6360971 | J12: ='Données environnement'!E$97/'Données environnement'!E$96*I12/'Données environnement'!J$28*'Données environnement'!J$29 -> 3.0442802 | K12: ='Données environnement'!K$254*G12*'Données environnement'!J$31*0.55 -> 1.3423188 | L12: =G12-K12/'Données environnement'!$J$31 -> 6.3610456 | M12: 354 | N12: =D12-H12-I12-J12-K12 -> 115.9773 | O12: =E12-(' Calcul simpl porc'!H12/'Données environnement'!$J$36 + ' Calcul simpl porc'!K12/'Données environnement'!$J$31) -> 9.5626456 | P12: M psychrophile | Q12: =M12/1000*N12*'Données Production '!$B$29 -> 11.90623 | R12: =Q12/'Données environnement'!$E$96*'Données environnement'!$E$97 -> 7.9374867 | S12: =Q12+R12 -> 19.843717 | T12: =O12*'Données environnement'!$J$49*44/28*('Données environnement'!$J$47+(1-'Données environnement'!$J$48)) -> 0.011270261 | U12: =Q12*'Données environnement'!$J$28*('Données environnement'!$J$47+(1-'Données environnement'!$J$48))+S12*'Données environnement'!$AF$254*'Données environnement'!$J$58 -> 1.1977151 | W12: Chaudière | Y12: =S12*(1-'Données environnement'!$J$58-'Données environnement'!$J$47-(1-'Données environnement'!$J$48))*'Données environnement'!$AQ$252 -> 0.068016323 | AA12: =AD12*'Données environnement'!$J$77 -> 6.6938519 | AB12: =M12 -> 354 | AC12: =N12-(Q12/'Données environnement'!$J$33*'Données environnement'!$J$28+' Calcul simpl porc'!R12/'Données environnement'!$J$32*'Données environnement'!$J$29)-' Calcul simpl porc'!Q12/'Données environnement'!$J$34*'Données environnement'!$J$28-' Calcul simpl porc'!R12/'Données environnement'!$J$35*'Données environnement'!$J$29 -> 93.15703 | AD12: =O12 -> 9.5626456 | AE12: =AD12*'Données environnement'!AV$251*'Données environnement'!J$36 -> 0 | AF12: =AB12*AC12/1000*'Données environnement'!$J$28*'Données environnement'!$J$74 -> 0.45957567 | AG12: =AA12*'Données environnement'!AZ$251*'Données environnement'!$J$31 -> 0.89095169 | AI12: =(AA12-(AG12/'Données environnement'!$J$31))*0.4*0.525*'Données environnement'!J$31 -> 1.5138079 | AK12: =(I12+AF12+U12+Y12)*'Données environnement'!$J$12 -> 91.430195 | AL12: =(H12+T12+X12+AE12)*'Données environnement'!$J$14 -> 3.0767812 | AM12: =((K12+V12+Z12+AG12+AI12)*14/17*'Données environnement'!$J$15*44/28)*'Données environnement'!$J$14 -> 13.238208 | AN12: =AK12+AL12+AM12 -> 107.74518
A13: Tr 1 | B13: Truie | C13: Fosse sous CI | D13: 194 | E13: ='Données environnement'!$H$289 -> 20.3 | F13: 450 | G13: ='Données environnement'!$I$289 -> 14.21 | H13: ='Données environnement'!R$251*E13*'Données environnement'!J$36 -> 0.063742 | I13: ='Données environnement'!$I$251*D13*F13/1000*'Données environnement'!$J$28 + 1.5 -> 10.513463 | J13: ='Données environnement'!E$97/'Données environnement'!E$96*I13/'Données environnement'!J$28*'Données environnement'!J$29 -> 19.562364 | K13: ='Données environnement'!K$251*G13*'Données environnement'!J$31 -> 6.017935 | L13: =G13-K13/'Données environnement'!$J$31 -> 9.2365 | M13: 151 | N13: =D13-H13-I13-J13-K13 -> 157.8425 | O13: =E13-(' Calcul simpl porc'!H13/'Données environnement'!$J$36 + ' Calcul simpl porc'!K13/'Données environnement'!$J$31) -> 15.2859 | P13: Fosse extérieure | W13: Pas de valorisation | AA13: =L13 -> 9.2365 | AB13: =M13 -> 151 | AC13: =N13-(Q13/'Données environnement'!$J$33*'Données environnement'!$J$28+' Calcul simpl porc'!R13/'Données environnement'!$J$32*'Données environnement'!$J$29)-' Calcul simpl porc'!Q13/'Données environnement'!$J$34*'Données environnement'!$J$28-' Calcul simpl porc'!R13/'Données environnement'!$J$35*'Données environnement'!$J$29 -> 157.8425 | AD13: =O13 -> 15.2859 | AE13: =AD13*'Données environnement'!AV$251*'Données environnement'!J$36 -> 0 | AF13: =AB13*AC13/1000*'Données environnement'!$J$28*'Données environnement'!J39 -> 4.6309883 | AG13: =AA13*'Données environnement'!AZ$251*'Données environnement'!$J$31 -> 1.2293781 | AH13: =AD13*'Données environnement'!BC$251*'Données environnement'!J$31 -> 3.6991878 | AI13: =(AA13-(AG13/'Données environnement'!$J$31))*0.29*0.525*'Données environnement'!J$31 -> 1.5143983 | AJ13: =AD13*'Données environnement'!BC$253*'Données environnement'!J$31 -> 0.92479695 | AK13: =(I13+AF13+U13+Y13)*'Données environnement'!$J$12 -> 411.92908 | AL13: =(H13+T13+X13+AE13)*'Données environnement'!$J$14 -> 17.401566 | AM13: =((K13+V13+Z13+AG13+AI13)*14/17*'Données environnement'!$J$15*44/28)*'Données environnement'!$J$14 -> 30.954611 | AN13: =AK13+AL13+AM13 -> 460.28526
A14: Tr 2 | C14: Fosse sous CI | D14: 194 | E14: ='Données environnement'!$H$289 -> 20.3 | F14: 450 | G14: ='Données environnement'!$I$289 -> 14.21 | H14: ='Données environnement'!R$251*E14*'Données environnement'!J$36 -> 0.063742 | I14: ='Données environnement'!$I$251*D14*F14/1000*'Données environnement'!$J$28 + 1.5 -> 10.513463 | J14: ='Données environnement'!E$97/'Données environnement'!E$96*I14/'Données environnement'!J$28*'Données environnement'!J$29 -> 19.562364 | K14: ='Données environnement'!K$251*G14*'Données environnement'!J$31 -> 6.017935 | L14: =G14-K14/'Données environnement'!$J$31 -> 9.2365 | M14: 151 | N14: =D14-H14-I14-J14-K14 -> 157.8425 | O14: =E14-(' Calcul simpl porc'!H14/'Données environnement'!$J$36 + ' Calcul simpl porc'!K14/'Données environnement'!$J$31) -> 15.2859 | P14: M psychrophile | Q14: =$M$14/1000*$N$14*'Données Production '!$B$29 -> 6.9119229 | R14: =Q14/'Données environnement'!$E$96*'Données environnement'!$E$97 -> 4.6079486 | S14: =Q14+R14 -> 11.519871 | T14: =$O$14*'Données environnement'!$J$49*44/28*('Données environnement'!$J$47+(1-'Données environnement'!$J$48)) -> 0.018015525 | U14: =Q14*'Données environnement'!$J$28*('Données environnement'!$J$47+(1-'Données environnement'!$J$48))+S14*'Données environnement'!$AF$254*'Données environnement'!$J$58 -> 0.69530949 | W14: Chaudière | Y14: =S14*(1-'Données environnement'!$J$58-'Données environnement'!$J$47-(1-'Données environnement'!$J$48))*'Données environnement'!$AQ$252 -> 0.039485511 | AA14: =AD14*'Données environnement'!$J$77 -> 10.70013 | AB14: =M14 -> 151 | AC14: =N14-(Q14/'Données environnement'!$J$33*'Données environnement'!$J$28+' Calcul simpl porc'!R14/'Données environnement'!$J$32*'Données environnement'!$J$29)-' Calcul simpl porc'!Q14/'Données environnement'!$J$34*'Données environnement'!$J$28-' Calcul simpl porc'!R14/'Données environnement'!$J$35*'Données environnement'!$J$29 -> 144.59464 | AD14: =O14 -> 15.2859 | AE14: =AD14*'Données environnement'!AV$251*'Données environnement'!J$36 -> 0 | AF14: =AB14*AC14/1000*'Données environnement'!$J$28*'Données environnement'!$J$74 -> 0.30427571 | AG14: =AA14*'Données environnement'!AZ$251*'Données environnement'!$J$31 -> 1.4241873 | AH14: =AD14*'Données environnement'!BC$251*'Données environnement'!J$31 -> 3.6991878 | AI14: =(AA14-(AG14/'Données environnement'!$J$31))*0.29*0.525*'Données environnement'!J$31 -> 1.7543722 | AJ14: =AD14*'Données environnement'!BC$253*'Données environnement'!J$31 -> 0.92479695 | AK14: =(I14+AF14+U14+Y14)*'Données environnement'!$J$12 -> 314.22892 | AL14: =(H14+T14+X14+AE14)*'Données environnement'!$J$14 -> 22.319804 | AM14: =((K14+V14+Z14+AG14+AI14)*14/17*'Données environnement'!$J$15*44/28)*'Données environnement'!$J$14 -> 32.490674 | AN14: =AK14+AL14+AM14 -> 369.0394
A15: Tr 21 | C15: Fosse sous CI | D15: 194 | E15: ='Données environnement'!$H$289 -> 20.3 | F15: 450 | G15: ='Données environnement'!$I$289 -> 14.21 | H15: ='Données environnement'!R$251*E15*'Données environnement'!J$36 -> 0.063742 | I15: ='Données environnement'!$I$251*D15*F15/1000*'Données environnement'!$J$28 + 1.5 -> 10.513463 | K15: ='Données environnement'!K$251*G15*'Données environnement'!J$31 -> 6.017935 | N15: =N14 -> 157.8425 | O15: =O14 -> 15.2859 | P15: M mésophile | Q15: =$M$14/1000*$N$14*'Données Production '!$B$30 -> 23.834217 | R15: =Q15/'Données environnement'!$E$96*'Données environnement'!$E$97 -> 15.889478 | S15: =Q15+R15 -> 39.723695 | T15: =$O$14*'Données environnement'!$J$49*44/28*('Données environnement'!$J$47) -> 0.006005175 | U15: =Q15*'Données environnement'!$J$28*('Données environnement'!$J$47)+S15*'Données environnement'!$AF$254*'Données environnement'!$J$58 -> 0.8007264 | W15: Cogé | Y15: =S15*(1-'Données environnement'!$J$58-'Données environnement'!$J$47)*'Données environnement'!$AQ$253*'Données environnement'!$J$28 -> 0.018534173 | AA15: =AD15*'Données environnement'!$J$77 -> 10.70013 | AB15: =M14 -> 151 | AC15: =N15-(Q15/'Données environnement'!$J$33*'Données environnement'!$J$28+' Calcul simpl porc'!R15/'Données environnement'!$J$32*'Données environnement'!$J$29)-' Calcul simpl porc'!Q15/'Données environnement'!$J$34*'Données environnement'!$J$28-' Calcul simpl porc'!R15/'Données environnement'!$J$35*'Données environnement'!$J$29 -> 112.16025 | AD15: =O15 -> 15.2859 | AF15: =AB15*AC15/1000*'Données environnement'!$J$28*'Données environnement'!$J$74 -> 0.23602285 | AG15: =AA15*'Données environnement'!AZ$251*'Données environnement'!$J$31 -> 1.4241873 | AI15: =(AA15-(AG15/'Données environnement'!$J$31))*0.29*0.525*'Données environnement'!J$31 -> 1.7543722 | AK15: =(I15+AF15+U15+Y15)*'Données environnement'!$J$12 -> 314.66991 | AL15: =(H15+T15+X15+AE15)*'Données environnement'!$J$14 -> 19.040979 | AM15: =((K15+V15+Z15+AG15+AI15)*14/17*'Données environnement'!$J$15*44/28)*'Données environnement'!$J$14 -> 32.490674 | AN15: =AK15+AL15+AM15 -> 366.20156
A16: Tr 3 | C16: Raclage à plat | D16: 194 | E16: ='Données environnement'!$H$289 -> 20.3 | F16: 450 | G16: ='Données environnement'!$I$289 -> 14.21 | H16: 0 | I16: =0.001*D16*F16/1000*'Données environnement'!$J$28 + 1.5 -> 1.558491 | J16: ='Données environnement'!E$97/'Données environnement'!E$96*I16/'Données environnement'!J$28*'Données environnement'!J$29 -> 2.8998788 | K16: ='Données environnement'!K$251*G16*'Données environnement'!J$31*0.55 -> 3.3098642 | L16: =G16-K16/'Données environnement'!$J$31 -> 11.474575 | M16: 354 | N16: =D16-H16-I16-J16-K16 -> 186.23177 | O16: =E16-(' Calcul simpl porc'!H16/'Données environnement'!$J$36 + ' Calcul simpl porc'!K16/'Données environnement'!$J$31) -> 17.564575 | P16: M psychrophile | Q16: =M16/1000*N16*'Données Production '!$B$29 -> 19.118553 | R16: =Q16/'Données environnement'!$E$96*'Données environnement'!$E$97 -> 12.745702 | S16: =Q16+R16 -> 31.864255 | T16: =O16*'Données environnement'!$J$49*44/28*('Données environnement'!$J$47+(1-'Données environnement'!$J$48)) -> 0.020701106 | U16: =Q16*'Données environnement'!$J$28*('Données environnement'!$J$47+(1-'Données environnement'!$J$48))+S16*'Données environnement'!$AF$254*'Données environnement'!$J$58 -> 1.9232436 | W16: Chaudière | Y16: =S16*(1-'Données environnement'!$J$58-'Données environnement'!$J$47-(1-'Données environnement'!$J$48))*'Données environnement'!$AQ$252 -> 0.10921792 | AA16: =AD16*'Données environnement'!$J$77 -> 12.295203 | AB16: =M16 -> 354 | AC16: =N16-(Q16/'Données environnement'!$J$33*'Données environnement'!$J$28+' Calcul simpl porc'!R16/'Données environnement'!$J$32*'Données environnement'!$J$29)-' Calcul simpl porc'!Q16/'Données environnement'!$J$34*'Données environnement'!$J$28-' Calcul simpl porc'!R16/'Données environnement'!$J$35*'Données environnement'!$J$29 -> 149.58787 | AD16: =O16 -> 17.564575 | AE16: =AD16*'Données environnement'!AV$251*'Données environnement'!J$36 -> 0 | AF16: =AB16*AC16/1000*'Données environnement'!$J$28*'Données environnement'!$J$74 -> 0.73796843 | AG16: =AA16*'Données environnement'!AZ$251*'Données environnement'!$J$31 -> 1.6364915 | AI16: =(AA16-(AG16/'Données environnement'!$J$31))*0.29*0.525*'Données environnement'!J$31 -> 2.0158971 | AK16: =(I16+AF16+U16+Y16)*'Données environnement'!$J$12 -> 117.74665 | AL16: =(H16+T16+X16+AE16)*'Données environnement'!$J$14 -> 5.651402 | AM16: =((K16+V16+Z16+AG16+AI16)*14/17*'Données environnement'!$J$15*44/28)*'Données environnement'!$J$14 -> 24.59723 | AN16: =AK16+AL16+AM16 -> 147.99528
A17: Tr 4 | C17: Raclage à plat | D17: 194 | E17: ='Données environnement'!$H$289 -> 20.3 | F17: 450 | G17: ='Données environnement'!$I$289 -> 14.21 | H17: 0 | I17: =0.001*D17*F17/1000*'Données environnement'!$J$28 + 1.5 -> 1.558491 | J17: ='Données environnement'!E$97/'Données environnement'!E$96*I17/'Données environnement'!J$28*'Données environnement'!J$29 -> 2.8998788 | K17: ='Données environnement'!K$251*G17*'Données environnement'!J$31*0.55 -> 3.3098642 | L17: =G17-K17/'Données environnement'!$J$31 -> 11.474575 | M17: 354 | N17: =D17-H17-I17-J17-K17 -> 186.23177 | O17: =E17-(' Calcul simpl porc'!H17/'Données environnement'!$J$36 + ' Calcul simpl porc'!K17/'Données environnement'!$J$31) -> 17.564575 | P17: M mésophile | Q17: =M17/1000*N17*'Données Production '!$B$30 -> 65.926045 | R17: =Q17/'Données environnement'!$E$96*'Données environnement'!$E$97 -> 43.950697 | S17: =Q17+R17 -> 109.87674 | T17: =O17*'Données environnement'!$J$49*44/28*('Données environnement'!$J$47) -> 0.0069003688 | U17: =Q17*'Données environnement'!$J$28*('Données environnement'!$J$47)+S17*'Données environnement'!$AF$254*'Données environnement'!$J$58 -> 2.2148294 | W17: Cogé | Y17: =S17*(1-'Données environnement'!$J$58-'Données environnement'!$J$47)*'Données environnement'!$AQ$253*'Données environnement'!J28 -> 0.051265991 | AA17: =AD17*'Données environnement'!$J$77 -> 12.295203 | AB17: =M17 -> 354 | AC17: =N17-(Q17/'Données environnement'!$J$33*'Données environnement'!$J$28+' Calcul simpl porc'!R17/'Données environnement'!$J$32*'Données environnement'!$J$29)-' Calcul simpl porc'!Q17/'Données environnement'!$J$34*'Données environnement'!$J$28-' Calcul simpl porc'!R17/'Données environnement'!$J$35*'Données environnement'!$J$29 -> 59.873513 | AD17: =O17 -> 17.564575 | AE17: =AD17*'Données environnement'!AV$251*'Données environnement'!J$36 -> 0 | AF17: =AB17*AC17/1000*'Données environnement'!$J$28*'Données environnement'!$J$74 -> 0.29537663 | AG17: =AA17*'Données environnement'!AZ$251*'Données environnement'!$J$31 -> 1.6364915 | AI17: =(AA17-(AG17/'Données environnement'!$J$31))*0.29*0.525*'Données environnement'!J$31 -> 2.0158971 | AK17: =(I17+AF17+U17+Y17)*'Données environnement'!$J$12 -> 112.063 | AL17: =(H17+T17+X17+AE17)*'Données environnement'!$J$14 -> 1.8838007 | AM17: =((K17+V17+Z17+AG17+AI17)*14/17*'Données environnement'!$J$15*44/28)*'Données environnement'!$J$14 -> 24.59723 | AN17: =AK17+AL17+AM17 -> 138.54403
A18: PS 1 | B18: Post sevrage | C18: Fosse sous CI | D18: 36.5 | E18: ='Données environnement'!$H$297 -> 3.575 | F18: 450 | G18: ='Données environnement'!$I$297 -> 2.5025 | H18: ='Données environnement'!R$251*E18*'Données environnement'!J$36 -> 0.0112255 | I18: ='Données environnement'!$I$257*D18*F18/1000*'Données environnement'!$J$28 + 1.5 -> 2.0788499 | J18: ='Données environnement'!E$97/'Données environnement'!E$96*I18/'Données environnement'!J$28*'Données environnement'!J$29 -> 3.8681087 | K18: ='Données environnement'!K$254*G18*'Données environnement'!J$31 -> 0.81756675 | L18: =G18-K18/'Données environnement'!$J$31 -> 1.826825 | M18: 389 | N18: =D18-H18-I18-J18-K18 -> 29.724249 | O18: =E18-(' Calcul simpl porc'!H18/'Données environnement'!$J$36 + ' Calcul simpl porc'!K18/'Données environnement'!$J$31) -> 2.892175 | P18: Fosse extérieure | W18: Pas de valorisation | AA18: =L19 -> 1.826825 | AB18: =M18 -> 389 | AC18: =N18-(Q18/'Données environnement'!$J$33*'Données environnement'!$J$28+' Calcul simpl porc'!R18/'Données environnement'!$J$32*'Données environnement'!$J$29)-' Calcul simpl porc'!Q18/'Données environnement'!$J$34*'Données environnement'!$J$28-' Calcul simpl porc'!R18/'Données environnement'!$J$35*'Données environnement'!$J$29 -> 29.724249 | AD18: =O18 -> 2.892175 | AE18: =AD18*'Données environnement'!AV$251*'Données environnement'!J$36 -> 0 | AF18: =AB18*AC18/1000*'Données environnement'!$J$28*'Données environnement'!$J$39 -> 2.246639 | AG18: =AA18*'Données environnement'!AZ$251*'Données environnement'!$J$31 -> 0.24315041 | AH18: =AD18*'Données environnement'!BC$251*'Données environnement'!J$31 -> 0.69990635 | AI18: =(AA18-(AG18/'Données environnement'!$J$31))*0.4*0.525*'Données environnement'!J$31 -> 0.41313465 | AJ18: =AD18*'Données environnement'!BC$253*'Données environnement'!J$31 -> 0.17497659 | AK18: =(I18+AF18+U18+Y18)*'Données environnement'!$J$12 -> 117.6533 | AL18: =(H18+T18+X18+AE18)*'Données environnement'!$J$14 -> 3.0645615 | AM18: =((K18+V18+Z18+AG18+AI18)*14/17*'Données environnement'!$J$15*44/28)*'Données environnement'!$J$14 -> 5.2070317 | AN18: =AK18+AL18+AM18 -> 125.92489
A19: PS 2 | C19: Fosse sous CI | D19: 36.5 | E19: ='Données environnement'!$H$297 -> 3.575 | F19: 450 | G19: ='Données environnement'!$I$297 -> 2.5025 | H19: ='Données environnement'!R$251*E19*'Données environnement'!J$36 -> 0.0112255 | I19: ='Données environnement'!$I$257*D19*F19/1000*'Données environnement'!$J$28 + 1.5 -> 2.0788499 | J19: ='Données environnement'!E$97/'Données environnement'!E$96*I19/'Données environnement'!J$28*'Données environnement'!J$29 -> 3.8681087 | K19: ='Données environnement'!K$254*G19*'Données environnement'!J$31 -> 0.81756675 | L19: =G19-K19/'Données environnement'!$J$31 -> 1.826825 | M19: 389 | N19: =D19-H19-I19-J19-K19 -> 29.724249 | O19: =E19-(' Calcul simpl porc'!H19/'Données environnement'!$J$36 + ' Calcul simpl porc'!K19/'Données environnement'!$J$31) -> 2.892175 | P19: M psychrophile | Q19: =$M$19/1000*$N$19*'Données Production '!$B$29 -> 3.3531926 | R19: =Q19/'Données environnement'!$E$96*'Données environnement'!$E$97 -> 2.2354617 | S19: =Q19+R19 -> 5.5886543 | T19: =$O$19*'Données environnement'!$J$49*44/28*('Données environnement'!$J$47+(1-'Données environnement'!$J$48)) -> 0.0034086348 | U19: =Q19*'Données environnement'!$J$28*('Données environnement'!$J$47+(1-'Données environnement'!$J$48))+S19*'Données environnement'!$AF$254*'Données environnement'!$J$58 -> 0.33731664 | W19: Chaudière | Y19: =S19*(1-'Données environnement'!$J$58-'Données environnement'!$J$47-(1-'Données environnement'!$J$48))*'Données environnement'!$AQ$252 -> 0.019155671 | AA19: =AD19*'Données environnement'!$J$77 -> 2.0245225 | AB19: =M19 -> 389 | AC19: =N19-(Q19/'Données environnement'!$J$33*'Données environnement'!$J$28+' Calcul simpl porc'!R19/'Données environnement'!$J$32*'Données environnement'!$J$29)-' Calcul simpl porc'!Q19/'Données environnement'!$J$34*'Données environnement'!$J$28-' Calcul simpl porc'!R19/'Données environnement'!$J$35*'Données environnement'!$J$29 -> 23.297297 | AD19: =O19 -> 2.892175 | AE19: =AD19*'Données environnement'!AV$251*'Données environnement'!J$36 -> 0 | AF19: =AB19*AC19/1000*'Données environnement'!$J$28*'Données environnement'!$J$74 -> 0.12629707 | AG19: =AA19*'Données environnement'!AZ$251*'Données environnement'!$J$31 -> 0.26946394 | AH19: =AD19*'Données environnement'!BC$251*'Données environnement'!J$31 -> 0.69990635 | AI19: =(AA19-(AG19/'Données environnement'!$J$31))*0.4*0.525*'Données environnement'!J$31 -> 0.45784374 | AJ19: =AD19*'Données environnement'!BC$253*'Données environnement'!J$31 -> 0.17497659 | AK19: =(I19+AF19+U19+Y19)*'Données environnement'!$J$12 -> 69.676043 | AL19: =(H19+T19+X19+AE19)*'Données environnement'!$J$14 -> 3.9951188 | AM19: =((K19+V19+Z19+AG19+AI19)*14/17*'Données environnement'!$J$15*44/28)*'Données environnement'!$J$14 -> 5.4579505 | AN19: =AK19+AL19+AM19 -> 79.129112
A20: PS 21 | C20: Fosse sous CI | D20: 36.5 | E20: ='Données environnement'!$H$297 -> 3.575 | F20: 450 | G20: ='Données environnement'!$I$297 -> 2.5025 | H20: ='Données environnement'!R$251*E20*'Données environnement'!J$36 -> 0.0112255 | I20: ='Données environnement'!$I$257*D20*F20/1000*'Données environnement'!$J$28 + 1.5 -> 2.0788499 | K20: ='Données environnement'!K$254*G20*'Données environnement'!J$31 -> 0.81756675 | N20: =N19 -> 29.724249 | O20: =O19 -> 2.892175 | P20: M mésophile | Q20: =$M$19/1000*$N$19*'Données Production '!$B$30 -> 11.562733 | R20: =Q20/'Données environnement'!$E$96*'Données environnement'!$E$97 -> 7.7084886 | S20: =Q20+R20 -> 19.271222 | T20: =$O$19*'Données environnement'!$J$49*44/28*('Données environnement'!$J$47) -> 0.0011362116 | U20: =Q20*'Données environnement'!$J$28*('Données environnement'!$J$47)+S20*'Données environnement'!$AF$254*'Données environnement'!$J$58 -> 0.38845772 | W20: Cogé | Y20: =S20*(1-'Données environnement'!$J$58-'Données environnement'!$J$47)*'Données environnement'!$AQ$253*'Données environnement'!$J$28 -> 0.0089915141 | AA20: =AD20*'Données environnement'!$J$77 -> 2.0245225 | AB20: =M19 -> 389 | AC20: =N20-(Q20/'Données environnement'!$J$33*'Données environnement'!$J$28+' Calcul simpl porc'!R20/'Données environnement'!$J$32*'Données environnement'!$J$29)-' Calcul simpl porc'!Q20/'Données environnement'!$J$34*'Données environnement'!$J$28-' Calcul simpl porc'!R20/'Données environnement'!$J$35*'Données environnement'!$J$29 -> 7.5623444 | AD20: =O20 -> 2.892175 | AF20: =AB20*AC20/1000*'Données environnement'!$J$28*'Données environnement'!$J$74 -> 0.040996256 | AG20: =AA20*'Données environnement'!AZ$251*'Données environnement'!$J$31 -> 0.26946394 | AI20: =(AA20-(AG20/'Données environnement'!$J$31))*0.4*0.525*'Données environnement'!J$31 -> 0.45784374 | AK20: =(I20+AF20+U20+Y20)*'Données environnement'!$J$12 -> 68.470433 | AL20: =(H20+T20+X20+AE20)*'Données environnement'!$J$14 -> 3.3747473 | AM20: =((K20+V20+Z20+AG20+AI20)*14/17*'Données environnement'!$J$15*44/28)*'Données environnement'!$J$14 -> 5.4579505 | AN20: =AK20+AL20+AM20 -> 77.303131
A21: PS 3 | C21: Raclage à plat | D21: 36.5 | E21: ='Données environnement'!$H$297 -> 3.575 | F21: 450 | G21: ='Données environnement'!$I$297 -> 2.5025 | H21: 0 | I21: =0.001*D21*F21/1000*'Données environnement'!$J$28 + 1.5 -> 1.5110047 | J21: ='Données environnement'!E$97/'Données environnement'!E$96*I21/'Données environnement'!J$28*'Données environnement'!J$29 -> 2.8115213 | K21: ='Données environnement'!K$254*G21*'Données environnement'!J$31*0.55 -> 0.44966171 | L21: =G21-K21/'Données environnement'!$J$31 -> 2.1308787 | M21: 389 | N21: =D21-H21-I21-J21-K21 -> 31.727812 | O21: =E21-(' Calcul simpl porc'!H21/'Données environnement'!$J$36 + ' Calcul simpl porc'!K21/'Données environnement'!$J$31) -> 3.2033788 | P21: M psychrophile | Q21: =M21/1000*N21*'Données Production '!$B$29 -> 3.5792145 | R21: =Q21/'Données environnement'!$E$96*'Données environnement'!$E$97 -> 2.386143 | S21: =Q21+R21 -> 5.9653575 | T21: =O21*'Données environnement'!$J$49*44/28*('Données environnement'!$J$47+(1-'Données environnement'!$J$48)) -> 0.0037754107 | U21: =Q21*'Données environnement'!$J$28*('Données environnement'!$J$47+(1-'Données environnement'!$J$48))+S21*'Données environnement'!$AF$254*'Données environnement'!$J$58 -> 0.36005347 | W21: Chaudière | Y21: =S21*(1-'Données environnement'!$J$58-'Données environnement'!$J$47-(1-'Données environnement'!$J$48))*'Données environnement'!$AQ$252 -> 0.020446859 | AA21: =AD21*'Données environnement'!$J$77 -> 2.2423651 | AB21: =M21 -> 389 | AC21: =N21-(Q21/'Données environnement'!$J$33*'Données environnement'!$J$28+' Calcul simpl porc'!R21/'Données environnement'!$J$32*'Données environnement'!$J$29)-' Calcul simpl porc'!Q21/'Données environnement'!$J$34*'Données environnement'!$J$28-' Calcul simpl porc'!R21/'Données environnement'!$J$35*'Données environnement'!$J$29 -> 24.867651 | AD21: =O21 -> 3.2033788 | AE21: =AD21*'Données environnement'!AV$251*'Données environnement'!J$36 -> 0 | AF21: =AB21*AC21/1000*'Données environnement'!$J$28*'Données environnement'!$J$74 -> 0.13481012 | AG21: =AA21*'Données environnement'!AZ$251*'Données environnement'!$J$31 -> 0.2984588 | AI21: =(AA21-(AG21/'Données environnement'!$J$31))*0.4*0.525*'Données environnement'!J$31 -> 0.50710863 | AK21: =(I21+AF21+U21+Y21)*'Données environnement'!$J$12 -> 55.115773 | AL21: =(H21+T21+X21+AE21)*'Données environnement'!$J$14 -> 1.0306871 | AM21: =((K21+V21+Z21+AG21+AI21)*14/17*'Données environnement'!$J$15*44/28)*'Données environnement'!$J$14 -> 4.4346507 | AN21: =AK21+AL21+AM21 -> 60.581111
A22: PS 4 | C22: Raclage à plat | D22: 36.5 | E22: ='Données environnement'!$H$297 -> 3.575 | F22: 450 | G22: ='Données environnement'!$I$297 -> 2.5025 | H22: 0 | I22: =0.001*D22*F22/1000*'Données environnement'!$J$28 + 1.5 -> 1.5110047 | J22: ='Données environnement'!E$97/'Données environnement'!E$96*I22/'Données environnement'!J$28*'Données environnement'!J$29 -> 2.8115213 | K22: ='Données environnement'!K$254*G22*'Données environnement'!J$31*0.55 -> 0.44966171 | L22: =G22-K22/'Données environnement'!$J$31 -> 2.1308787 | M22: 389 | N22: =D22-H22-I22-J22-K22 -> 31.727812 | O22: =E22-(' Calcul simpl porc'!H22/'Données environnement'!$J$36 + ' Calcul simpl porc'!K22/'Données environnement'!$J$31) -> 3.2033788 | P22: M mésophile | Q22: =M22/1000*N22*'Données Production '!$B$30 -> 12.342119 | R22: =Q22/'Données environnement'!$E$96*'Données environnement'!$E$97 -> 8.2280793 | S22: =Q22+R22 -> 20.570198 | T22: =O22*'Données environnement'!$J$49*44/28*('Données environnement'!$J$47) -> 0.0012584702 | U22: =Q22*'Données environnement'!$J$28*('Données environnement'!$J$47)+S22*'Données environnement'!$AF$254*'Données environnement'!$J$58 -> 0.41464171 | W22: Cogé | Y22: =S22*(1-'Données environnement'!$J$58-'Données environnement'!$J$47)*'Données environnement'!$AQ$253*'Données environnement'!J28 -> 0.0095975872 | AA22: =AD22*'Données environnement'!$J$77 -> 2.2423651 | AB22: =M22 -> 389 | AC22: =N22-(Q22/'Données environnement'!$J$33*'Données environnement'!$J$28+' Calcul simpl porc'!R22/'Données environnement'!$J$32*'Données environnement'!$J$29)-' Calcul simpl porc'!Q22/'Données environnement'!$J$34*'Données environnement'!$J$28-' Calcul simpl porc'!R22/'Données environnement'!$J$35*'Données environnement'!$J$29 -> 8.0720842 | AD22: =O22 -> 3.2033788 | AE22: =AD22*'Données environnement'!AV$251*'Données environnement'!J$36 -> 0 | AF22: =AB22*AC22/1000*'Données environnement'!$J$28*'Données environnement'!$J$74 -> 0.043759608 | AG22: =AA22*'Données environnement'!AZ$251*'Données environnement'!$J$31 -> 0.2984588 | AI22: =(AA22-(AG22/'Données environnement'!$J$31))*0.4*0.525*'Données environnement'!J$31 -> 0.50710863 | AK22: =(I22+AF22+U22+Y22)*'Données environnement'!$J$12 -> 53.8289 | AL22: =(H22+T22+X22+AE22)*'Données environnement'!$J$14 -> 0.34356237 | AM22: =((K22+V22+Z22+AG22+AI22)*14/17*'Données environnement'!$J$15*44/28)*'Données environnement'!$J$14 -> 4.4346507 | AN22: =AK22+AL22+AM22 -> 58.607113

Sheet Données environnement
B2: Données utiles
B3: Donnée | D3: Unité | E3: Valeur | H3: Donnée | I3: unité | J3: valeur
C4: Emission de GES de l'essence | D4: gCO2/kWh | E4: 264
B5: Porc | G5: Données méthanisation
B6: Lisier produit | G6: Ecult | H6: FE gazole non routier | I6: kg eqCO2/L | J6: 2.52
C7: Truie | D7: kg/an | E7: =#REF! -> #REF! | H7: Sha surface dédiée à la culture | I7: ha
C8: Post sevrage | D8: kg/an | H8: Ccarb | I8: l/ha | J8: 85
C9: Porcs charcutier | D9: kg/an | E9: ='Données Production '!K14*365 -> 0 | G9: Eferti | H9: QN/ha | I9: kg/ha | J9: 80
B10: MO excrétée : | H10: FE_N facteur d'émission de l'engrais azoté moyen | I10: kg eqCO2/kg de N | J10: 4.51
C11: Truie | D11: kg/an | E11: =E7*'Données Production '!#REF! -> #REF! | H11: FE Nep lié à l'épandage d'engrais minéraux | I11: kg N2O/kg de N | J11: 0.025
B12: Quantité d'aliment ingérée le premier mois | C12: PC | D12: kg/PC | E12: 264 | H12: PRGCH4 | I12: kg eqCO2/kg de CH4 | J12: 27.2
B13: Emissions de CH4 en évacuation mensuelle | C13: PC | D13: kg de C-CH4/PC | E13: 6.4 | H13: FE_NH3 lié à l'épandage d'engrais azotés | I13: kgNH3/kg de N épandu | J13: 0.024
C14: Post sevrage | H14: PRGN2O | I14: kg eqCO2/kg de N2O | J14: 273
H15: FEN2Oindi | I15: kg N-N2O/kg de N-NH3 | J15: 0.01
C16: Porcs charcutier | D16: kg/an | E16: =E9*'Données Production '!#REF! -> #REF! | H16: QP2O5/ha | I16: kg/ha | J16: 30
B17: N excrété : | H17: FE_P2O5 | I17: kg eqCO2/kg de P2O5 | J17: 1.45
C18: Truie | H18: QK2O/ha | I18: kg/ha | J18: 50
C19: Post sevrage | H19: FE_K2O | I19: kg eqCO2/kg de K2O | J19: 0.71
C20: Porcs charcutier | H20: FS flux de séquestration annuel de C dans les sols | I20: eqCO2/ha/an | J20: 1266 avec retour du digestat et 480 sans retour du digestat
B21: B0 | D21: m3 CH4/kg de MO excrétée | E21: 0.45 | F21: A récupérer dans les données récupérée avec les expériences de Pascal | H21: FCc_CO2 facteur de conversion d'un kg de carbone en kg eqCO2 | I21: kg eqCO2/kg de C | J21: 3.67
B22: FE méthane | G22: Etransport | H22: D distance | I22: km | J22: 7
B23: Batiment | C23: FE CH4 système lisier | D23: % | E23: 0.2 | H23: Qi quantité d'intrants | I23: t/an
C24: FE CH4 système litière | D24: % | E24: 0.2 | H24: FEtrp transport | I24: kg eqCO2/tkm | J24: 0.356
C25: FE CH4 système litière évacuée régulièrement | D25: % | E25: 0.02 | H25: Enc énergie électrique consommée pour le pré-traitement | I25: kWhe/t | J25: 3.3
H26: Fegaz_naturel | I26: kg eqCO2/kWh | J26: 0.443
C27: FE CH4 système plein air | D27: % | E27: A revoir avec Annie SOULIER | H27: FEelec | I27: kg eqCO2/kWh | J27: 0.092
B28: stockage extérieur | C28: FE CH4 stockage fosse ext truie et porcelets | D28: kg de CH4/tête/jour | E28: 0.0185 | H28: ρCH4 | I28: kg/m3 | J28: 0.67
H29: ρCO2 | I29: kg/m3 | J29: 1.87
C30: FE CH4 stockage fosse ext PC et PS | D30: kg de CH4/tête/jour | E30: 0.0121 | G30: Epré-stockage et batiment | H30: FEN2O_pre-stock | I30: %N | J30: 0
B31: Compostage | C31: FE CH4 compostage | D31: kg C-CH4/Kg de C traité | E31: 0.06 | H31: FC N-NH3 en NH3 | J31: 1.21
H32: FC C-CO2 en CO2 | J32: =44/12 -> 3.6666667
H33: FC C-CH4 en CH4 | J33: =16/12 -> 1.3333333
H34: Facteur de perte en H | I34: kg de MO/kg de CH4 émis | J34: =16/4 -> 4
H35: Facteur de perte en O | I35: kg de MO/kg de CO2 émis | J35: =44/32 -> 1.375
H36: FCN-N2O facteur de conversion du N-N2O en N2O | J36: 1.57
H37: Teneur en C de la MO | J37: 0.5
H38: FECH4pre-stock | I38: % du BMP | J38: 0.37
H39: FECH4_stock_ext | I39: % du BMP | J39: 0.29
H40: FENH3pre-stock | I40: % de la TAN | J40: 0.11
H41: Teneur en N CIVE | I41: kg/t de MB | J41: 6.7
B42: Traitement biologique | C42: FE CH4 traitement BA | D42: kg CH4/kg de C traité | E42: 0.057 | H42: Teneur en MO CIVE | I42: kg MO/kg MS | J42: 0.878
B43: FE N2O | H43: POTCH4 quantité de CH4 produite | I43: Nm3
C44: FE N stockage sous les animaux | D44: kg/kg de N excrété | E44: 0.002 | H44: Qsubs quantité de substrat | I44: t
C45: FE N avec évacuation fréquente (selon gestim) | D45: kg/kg de N excrété | E45: 0 | H45: ENelec consommation d'électricité du méthaniseur | I45: kWhe/t de substrat | J45: 5.1
H46: QbioT quantité de biogaz produit | I46: t
C47: FE N système litière | D47: kg/kg de N excrété | E47: 0.07 | H47: Pbio pertes en biogaz | I47: m3 CH4/m3 CH4 produit ou m3biogaz/m3 biogaz produit | J47: ='OAD coût CO2 épargné'!N40/100 -> 0.05
C48: FE N systéme litière évacuée régulièrement | D48: kg/kg de N excrété | E48: 0.005 | H48: Taux de recouvrement couverture métha psychrophile | I48: % | J48: ='OAD coût CO2 épargné'!N41/100 -> 0.9
C49: FE N2O système plein air | D49: kg/kg de N excrété | E49: 0.04 | H49: FE N2O métha psychrophile | I49: 0,5 % N (kg/an) | J49: 0.005
C50: FE N2O stockage extérieur | D50: kg/kg N | E50: 0.001 | H50: TxNH3 du biogaz | I50: sans unité | J50: 0.0001
B51: Traitement biologique | C51: FE N2O traitement BA | D51: % N traité | E51: 0.007 | H51: FEN2O | I51: kg NO2/m3 de biogaz | J51: 0.00121
B52: Compostage | C52: FE N2O | D52: kg de N-N2O/kg de N traité | E52: 0.06 | H52: ρNH3 | I52: kg/m3 | J52: 0.73
B53: TAN excrété | H53: Txautoc taux de biogaz autoconsommé | I53: % | J53: Voir avec Annie ou Sandrine | L53: Evalorisation | M53: Emissions dues à la valorisation du biogaz | N53: Echaudière | O53: Emission en valorisation chaudière | R53: QbioV*FEch4*PRGch4
C54: TAN excrété truies | D54: kg | E54: 0,7*N excrétée | H54: FEch4 emissions durant la combustion du ch4 | I54: kgCH4/m3 de biogaz | J54: 0.000949 | N54: Ecogénération | O54: Emissions en valorisation cogénération | R54: (QbioV - (Pbio *QbioV))*Txgaz_echap*(FEch4*ρCH4*PRGCH4)
C55: TAN excrété post sevrage | D55: kg | E55: 0,7*N excrétée | H55: FEn2o emissions durant la combustion du N2O | I55: kgN2O/m3 de biogaz | J55: 0.00121 | N55: Einjection | O55: Emissions en valorisation par injection | P55: Etrait | R55: QbioV*Qair_traité*(Ceau*Feeau + ENelec*FEelec)
C56: TAN excrété PC | D56: kg | E56: 0,7*N excrétée | H56: QbioV volume de biogaz produit | I56: Nm3 | P56: +
C57: TAN restante au stockage | D57: part de l'azote total stocké | E57: 0.7
B58: FE NNH3 | H58: Txtorchère pourcentage du biogaz brulé par sécurité | I58: m3 biogaz torché/m3 biogaz | J58: 0.014 | P58: Eepur | R58: QbioV * (FE_elec * (EN_elec + EN_elec_séchage ) + C_charbon * FE_charbon + P_bio * tx_ch4/biogaz * PRG_ch4 * FCn_mv
B59: Batiment | C59: FE NH3 truie et porcelet système lisier | D59: kg/kg de TAN excrété | E59: 0.22 | H59: FEch4 emissions durant le torchage du biogaz | I59: kg CH4/m3 de biogaz | J59: 0.0041 | L59: Egest-dig | M59: Emissions liées à la gestion des digestats | N59: Edig_trait
H60: FEn2o emissions durant le torchage du biogaz | I60: kg N2O/m3 de biogaz | J60: 0
C61: FE NH3 PC système lisier | D61: kg/kg de TAN excrété | E61: 0.28 | H61: Txgaz_échap | I61: m3 de gaz d'échappement/m3 de biogaz | J61: 0.671 | N61: +
C62: FE NH3 truies et porcelets système litière | D62: kg/kg de TAN excrété | E62: 0.25 | H62: FEch4 émissions durant la cogénération | I62: m3 de CH4/m3 de gaz d'échappement | J62: 0.000744 | N62: Edig_stock
C63: FE NH3 système plein air | D63: kg/kg de TAN excrété | E63: 0.31 | H63: Qair_traité | I63: Nm3 d'air traité/Nm3 de biogaz | J63: 374
C64: FE NH3 PC système litière | D64: kg/kg de TAN excrété | E64: 0.27 | H64: Ceau consommation d'eau | I64: m3/Nm3 d'air traité | J64: 5e-06
B65: Stockage | C65: FE NH3 stockage lisier truie et porcelets | D65: kg/kg de TAN stockée | E65: 0.14 | H65: ENelec consommation d'électricité | I65: kWhé/Nm3 d'air traité | J65: 0.001
C66: FE NH3 stockage lisier PC | D66: kg/kg de TAN stockée | E66: 0.14 | H66: FEeau | I66: kg eqCO2/m3 | J66: 0.132
B67: Traitement biologique | C67: FE NH3 traitement BA | D67: % N traité | E67: 0.023 | G67: Epuration | H67: EN_elec conso électrique/Nm3 de biogaz produit | I67: kWh/Nm3 de biogaz | J67: 0.3
B68: Compostage | D68: kg N-NH3/kg de N traité | E68: 0.1
B69: Alimentation | C69: Teneur en MO de l'aliment | D69: sans unité | E69: 0.82 | H69: EN_elec_séchage conso électrique pour le séchage du biogaz | I69: kWh/Nm3 de biogaz | J69: 0.044
C70: digestabilité de la MO | D70: sans unité | E70: 0.84 | H70: C_charbon | I70: g/Nm3 de biogaz | J70: 0.15
C71: N excrété/PC pour toute la duréel'engraissement | D71: kg/PC | E71: 3.68 | H71: FE_charbon | I71: kg eqCO2/kg | J71: 3.22
C72: N excrété/PS pour toute la durée du sevrage | D72: kg/PS | E72: 0.55 | H72: P_bio | I72: sans unités | J72: 0.007
B73: FE CO2 | G73: Digestat
C74: FE CO2 stockage fosse ext | D74: kg/t de lisier | E74: 3.02 | I74: expression du BMP au stockage du digestat | J74: 0.0208
B75: BMP | C75: BMP PC fin de bande | E75: 327 | H75: Protortion de TAN dans le digestat | I75: % du N total (bovin) | J75: 0.6
C76: BMP PC lisier frais | E76: 402.32 | I76: % du N total (volaille) | J76: 0.7
C77: BMP PC evacuation mensuelle et raclage à plat | E77: 375 | I77: % du N total (porc) | J77: 0.7
C78: BMP PC raclage en V | E78: 336
C79: BMP PC litière fraiche | E79: 280.74
C80: BMP PC litière début de stockage | E80: 264.6
C81: BMP Truie après 3 mois | E81: 151 | G81: Pouvoir de réchauffement global | H81: PRG N2O
C82: BMP Truie lisier frais | E82: 204.23 | H82: PseudoPRGNH3 | J82: =J14*J15*J36/J31 -> 3.5422314
C83: BMP Truie évacuation mensuelle | G83: Activation ou non des fuites pour les ruminants | I83: 0 ou 1 | J83: 1
C85: BMP Truie litière fraiche | E85: 298.28
C86: BMP fumier truie 2 mois | E86: 205.1
C87: BMP PS frais | E87: 351
C88: BMP PS fin de bande
B89: Emission à 30 jours | C89: Ammoniac PC | D89: par rapport à l'azote total initial | E89: 0.08
B90: Emission évacuation fréquente | C90: % abattement des émissions d'ammoniac en batiment | E90: 0.4
C91: % d'abattement des émissions de N2O raclage en V | E91: 0.55
C92: % d'abattement des émissions de N2O raclage à plat | E92: 0.76
C93: % d'augmentation des émissions d'ammoniac due au raclage à plat | E93: 0.18
C94: FE N2O avec évacuation fréquente (selon RMT) | D94: % du N excrété | E94: 0.145
C95: Ammoniac Truie | D95: par rapport à l'azote total initial | E95: 0.107
B96: Composition du biogaz | C96: Part de CH4 | E96: 0.6
C97: Part de CO2 | E97: 0.4
B98: Volaille
B99: Effluent produit
C100: Fumier poulet de chair | D100: t/an | E100: 1474760
C101: Fumier de PAG | D101: t/an | E101: 808512
C102: Lisier canard gras | D102: m3/an | E102: 892732
...

Sheet Données Production 
B1: Effectifs à l'échelle nationale
B2: Porcs | G2: Volailles
B3: Nombre de porcs charcutiers | C3: truies | D3: PS | E3: Nombre de porcs charcutiers produits | H3: Poulet de chair | I3: Canards PAG | J3: Canards gras | K3: Nombre de canard à rôtir | L3: Source
G4: Nombre animaux | H4: =H9/H8 -> 1.1869296e+08 | J4: =J9/J8 -> 136670.86 | K4: =K9/K8 -> 3920019.5 | L4: Agreste 2020
B5: 12500000 | C5: 986000 | D5: =C11*C5 -> 29284200 | E5: 23800000 | G5: Durée lot (j) | H5: 36 | I5: 80 | J5: 10.7 | K5: 74.6 | L5: Par défaut PTCP données 2019
B6: Nombre de places échelle nationale | D6: Production de lisier | G6: Surface (m2)/emplacement | H6: 1500 | I6: 400 | J6: 1000 | K6: 1000 | L6: Par défaut OBAVIC/COURBATEL / Typo opé
B7: Nombre de place de PC | C7: =E5/'Données environnement'!E292 -> 8206896.6 | D7: Production de lisier m3/truie | E7: 19.3 | G7: Densité d'animal/m2/ lot | H7: 22 | I7: 5 | K7: 15 | L7: Par défaut PTCP données 2019
B8: Nombre de place de PS | C8: =D5/'Données environnement'!E297 -> 4505261.5 | D8: ρlisier t/m3 | E8: 0.985 | G8: Nombre de bande/an | H8: 7.1 | I8: 3.7 | J8: 15.7 | K8: 3.2 | L8: Par défaut PTCP données 2019
H9: 842720000 | I9: =I11/I8 -> 9104864.9 | J9: =J11/J8 -> 2145732.5 | K9: =K11/K8 -> 12544062
B11: Nombre de porcelets sevrés/truie/an | C11: 29.7 | G11: Nombre d'animaux produits | H11: 842720000 | I11: 33688000 | J11: 33688000 | K11: 40141000
B12: Nombre de PC/truie/an | C12: 20.4 | G12: Equivalent emplacement | H12: 1 | I12: 2 | J12: 7 | K12: 2
B13: Nombre de PS/truie/an | C13: 22
B14: Nombre de place de PC /truie | C14: =C12/'Données environnement'!E292 -> 7.0344828
B15: Nombre de place de PS/truie | C15: =C13/'Données environnement'!E297 -> 3.3846154
A17: Données interfilière sur l'énergie
A18: Masse volumique de l'effluent liquide kg/m3 | B18: 1023
A19: Energie d'1 Nm3 de méthane | B19: 10.54
A20: Heures de fonctionnement du cogénérateur | B20: 7780
A21: Besoin en énergie kWh/truie/an | B21: 983
A22: Part de la chaleur dans l'énergie | B22: 0.46
A23: Besoin en chaleur kWh/truie/an | B23: =B22*B21 -> 452.18
A24: Pertes en chaleur de la chaudière | B24: 0.15
A25: Rendement électrique de la cogénération | B25: 0.38
A26: Rendement thermique d'une chaudière | B26: 0.9
A27: Rendement de l'injection | B27: 0.868
A28: Heures de fonctionnement d'une chaudière /an ou injection | B28: 8400
A29: % d'expression du potentiel méthanogène en psychrophile | B29: ='OAD coût CO2 épargné'!N43/100 -> 0.29
A30: % d'expression du potentiel méthanogène en mésophile | B30: ='OAD coût CO2 épargné'!N44/100 -> 1
A31: Part des besoins en chaleur couvert | B31: 0.6
A32: % d'expression en psychrophile volaille
A33: % d'expression en mésophile volaille
